 Dungeon Crawl Stone Soup version 0.31-a0-232-gb1c03b2570 (webtiles) character file.

Game seed: 12512450953239708041

1067 qw the Skirmisher (level 8, 68/68 HPs)
             Began as a Minotaur Hexslinger on July 7, 2023.
             Quit the game on level 5 of the Dungeon.
             The game lasted 00:37:12 (12162 turns).

qw the Skirmisher (Minotaur Hexslinger)            Turns: 12162, Time: 00:37:12

Health: 68/68      AC:  6    Str: 13    XL:     8   Next: 7%
Magic:  8/8        EV: 26    Int: 10    God:
Gold:   257        SH:  0    Dex: 15    Spells: 8/9 levels left

rFire   . . .        Y - +4 shortbow (freeze)
rCold   . . .        (shield currently unavailable)
rNeg    . . .        b - +0 ring mail
rPois   .            (helmet restricted)
rElec   .            (no cloak)
rCorr   .            e - +0 pair of gloves
SInv    .            (no boots)
Will    .....        g - amulet of the acrobat
Stlth   +            (no ring)
HPRegen 0.31/turn    (no ring)
MPRegen 0.11/turn

%: acrobat
@: acrobatic
A: horns 2, retaliatory headbutt
a: no special abilities


You were on level 5 of the Dungeon.
You visited 2 branches of the dungeon, and saw 6 of its levels.

You collected 257 gold pieces.


Innate Abilities, Weirdness & Mutations

You have a pair of horns on your head.
You reflexively headbutt those who attack you in melee.


   Skills:
 + Level 5.0 Fighting
 - Level 9.0 Ranged Weapons
 - Level 2.0 Armour
 - Level 3.0 Dodging
 - Level 1.0 Spellcasting
 - Level 2.0 Hexes
 - Level 0.1 Invocations


You had 8 spell levels left.
You knew the following spells:

 Your Spells              Type           Power      Damage    Failure   Level
a - Slow                  Hex            16%        N/A       32%         1

Your spell library contained the following spells:

 Spells                   Type           Power      Damage    Failure   Level
 Inner Flame              Hex/Fire       2%         N/A       82%         3
 Portal Projectile        Hex/Tloc       4%         N/A       82%         3
 Cause Fear               Hex            2%         N/A       97%         4

Inventory:

Hand Weapons
 Y - a +4 shortbow of freezing (weapon)
Armour
 b - a +0 ring mail (worn)
 e - a +0 pair of gloves (worn)
Jewellery
 g - an amulet of the acrobat (around neck)
Scrolls
 f - a scroll of identify
Potions
 a - a potion of might
 c - a potion of ambrosia {unknown}
 d - 2 potions of curing
 i - a potion of lignification {unknown}

Dungeon Overview and Level Annotations

Branches:
Dungeon (5/15)             Temple (1/1) D:4

Altars:
Ashenzari
Cheibriados
Dithmenos
Elyvilon
Fedhas
Gozag
Hepliaklqana
Kikubaaqudgha
Makhleb
Nemelex Xobeh
Okawaru
Qazlal
Ru
Sif Muna
Trog
Uskayaw
Vehumet
Wu Jian
Xom
Yredelemnul
Zin
The Shining One

Shops:
D:1 *


Message History

Enter note:
Enter note:
Enter note:
Enter note:
12152 ||| Stepping randomly (stuck).
You enter the shallow water.
Moving in this stuff is going to be slow.
There is a collapsed entrance here.
Enter note:
Enter note:
Enter note:
Enter note:
12154 ||| Stepping randomly (stuck).
You enter the shallow water.
Moving in this stuff is going to be slow.
There is a collapsed entrance here.
Enter note:
Enter note:
Enter note:
Enter note:
12156 ||| Stepping randomly (stuck).
You enter the shallow water.
Moving in this stuff is going to be slow.
There is a collapsed entrance here.
Enter note:
Enter note:
Enter note:
Enter note:
12158 ||| Stepping randomly (stuck).
You enter the shallow water.
Moving in this stuff is going to be slow.
There is a collapsed entrance here.
Enter note:
Enter note:
Enter note:
Enter note:
12160 ||| Stepping randomly (stuck).
You enter the shallow water.
Moving in this stuff is going to be slow.
You have lost your religion!
Okawaru does not appreciate desertion!
There is a collapsed entrance here.
12162 ||| RIP SEWER
12162 ||| QUITTING!
Are you sure you want to abandon this character and quit the game? (Confirm with "yes".)

##### ### ######.#.#########.#
...................#
######.#.############ #.#.#
##.~~~.~~## #.#.# #~#######~#
#.#.# #~#.%~~##~#
######.#.###.#~###.#~#
..)........#~#~#@~##~#
####.#.#####~#~#####~############
# #.#.# #.##~~.~~##........... #
#.#.#####~########............ #
#.#:....##~~.~~~~%#........... ##
#........##########...#+######
.###.........#.# #....##.#.......
...........^.#.# #.#'###.#.######
.............#.# #.#.# #.#.......


There were no monsters in sight!

Vanquished Creatures
  A water moccasin (D:4)
  An ogre (D:4)
  2 centaurs
  2 phantoms
  A kobold brigand (D:4)
  3 orc priests
  A jelly (D:5)
  A gnoll bouda (D:4)
  3 iguanas
  An orc wizard (D:4)
  11 gnolls
  7 adders
  A white imp (D:5)
  A worm (D:2)
  7 orcs
  4 endoplasms
  6 giant cockroaches
  6 hobgoblins
  2 jackals (D:2)
  3 kobolds
  3 quokkas
  9 ball pythons
  3 bats
  7 goblins
  7 rats
93 creatures vanquished.

Notes
Turn   | Place    | Note
-------+----------+-------------------------------------------
     0 | D:1      | qw the Minotaur Hexslinger began the quest for the Orb.
     0 | D:1      | Reached XP level 1. HP: 16/16 MP: 1/1
     0 | D:1      | 0 ||| qw: Version: 0.3-a-46-gb1f654a
     0 | D:1      | 0 ||| qw: Game counter: 2929
     0 | D:1      | 0 ||| qw: Melee chars always use a shield: true
     0 | D:1      | 0 ||| qw: God list: Okawaru
     0 | D:1      | 0 ||| qw: Allow faded altars: false
     0 | D:1      | 0 ||| qw: Do Orc after clearing Dungeon:15 true
     0 | D:1      | 0 ||| qw: Do second Lair branch before Depths: true
     0 | D:1      | 0 ||| qw: Lair rune preference: random
     0 | D:1      | 0 ||| qw: Goals: Normal
     0 | D:1      | 0 ||| PLANNING D:1-11
   133 | D:1      | You fall into a shaft and drop 1 floor!
   156 | D:2      | 156 ||| READING scroll labelled DIRIFI JOTAE.
   157 | D:2      | 157 ||| READING 4 scrolls labelled VEBBUN YDWASH.
   158 | D:2      | 158 ||| READING 3 scrolls of identify.
   158 | D:2      | 158 ||| IDENTIFYING lumpy brown potion
   159 | D:2      | 159 ||| READING 2 scrolls of identify.
   159 | D:2      | 159 ||| IDENTIFYING coppery potion
   160 | D:2      | 160 ||| DROPPING scroll of poison.
   221 | D:1      | Reached skill level 3 in Ranged Weapons
   221 | D:1      | Reached XP level 2. HP: 19/23 MP: 2/2
   243 | D:1      | Found Rophuclus's General Store.
   670 | D:1      | 670 ||| UPGRADING to +0 ring mail.
   680 | D:1      | 680 ||| DROPPING +0 robe.
   681 | D:1      | 681 ||| UPGRADING to +0 pair of gloves.
   686 | D:1      | 686 ||| READING scroll labelled LUMIYGY UROMOTS.
   687 | D:1      | 687 ||| READING 2 scrolls of identify.
   687 | D:1      | 687 ||| IDENTIFYING fizzy purple potion
   793 | D:2      | Reached XP level 3. HP: 19/29 MP: 3/3
   932 | D:2      | Reached skill level 4 in Ranged Weapons
   934 | D:2      | Reached skill level 1 in Armour
   938 | D:2      | Reached XP level 4. HP: 19/36 MP: 4/4
   940 | D:2      | HP: 8/36 [gnoll/+0 spear (6)]
   941 | D:2      | 941 ||| DRINKING potion of heal wounds.
  1570 | D:2      | 1570 ||| READING scroll labelled ZOFIOKL LEDIAS.
  1570 | D:2      | Identified a scroll of acquirement
  1570 | D:2      | 1570 ||| ACQUIRING +2 shortbow of freezing
  1570 | D:2      | Acquired a +2 shortbow of freezing
  1572 | D:2      | 1572 ||| SWAPPING to +2 shortbow of freezing.
  1573 | D:2      | 1573 ||| DROPPING +1 sling of electrocution.
  1574 | D:2      | 1574 ||| READING scroll labelled FANEUR OSINA.
  1806 | D:3      | Reached skill level 5 in Ranged Weapons
  2076 | D:3      | Reached XP level 5. HP: 42/42 MP: 5/5
  2090 | D:3      | Reached skill level 3 in Fighting
  2250 | D:3      | Found a faded altar of an unknown god.
  2425 | D:3      | 2425 ||| READING scroll labelled FUFUEKHL NANK.
  2426 | D:3      | 2426 ||| READING scroll labelled MOF BEZEGIHERIOT.
  2430 | D:3      | 2430 ||| READING 2 scrolls labelled PEURISK DYKAON.
  2431 | D:3      | 2431 ||| READING scroll labelled QIOMACWYUME.
  2432 | D:3      | 2432 ||| READING 2 scrolls of identify.
  2432 | D:3      | 2432 ||| IDENTIFYING black potion
  2433 | D:3      | 2433 ||| DROPPING scroll of fear.
  2434 | D:3      | 2434 ||| DROPPING potion of attraction.
  2593 | D:4      | Reached skill level 6 in Ranged Weapons
  2626 | D:4      | Noticed a water moccasin
  2627 | D:4      | Noticed a centaur
  2631 | D:4      | Killed a water moccasin
  2632 | D:4      | Reached XP level 6. HP: 26/53 MP: 6/6
  2633 | D:4      | HP: 3/53 [centaur/arrow (14)]
  2634 | D:4      | 2634 ||| DRINKING potion of heal wounds.
  2639 | D:4      | HP: 1/53 [centaur/arrow (7)]
  2899 | D:4      | Reached skill level 7 in Ranged Weapons
  2899 | D:4      | Reached XP level 7. HP: 42/60 MP: 7/7
  2972 | D:4      | Found a staircase to the Ecumenical Temple.
  2973 | D:4      | 2973 ||| PLANNING TEMPLE
  2977 | Temple   | Entered the Ecumenical Temple
  3111 | Temple   | 3111 ||| PLANNING OKAWARU WORSHIP
  3294 | Temple   | Became a worshipper of Warmaster Okawaru
  3295 | Temple   | 3295 ||| PLANNING D:1-11
  3615 | D:4      | Reached skill level 8 in Ranged Weapons
  3644 | D:4      | Found a shadowy altar of Dithmenos.
  3644 | D:4      | Found a basalt altar of Yredelemnul.
  3876 | D:4      | Identified the +4 mace "Minotaur's Peril" {venom, rElec
                  | Will+ Str+3 Int+3}
  4106 | D:4      | 4106 ||| READING scroll labelled BIETUT MICAE.
  4107 | D:4      | 4107 ||| READING 2 scrolls of identify.
  4107 | D:4      | 4107 ||| IDENTIFYING dark potion
  4108 | D:4      | 4108 ||| DROPPING potion of brilliance.
  4134 | D:5      | Entered Level 5 of the Dungeon
  4135 | D:5      | 4135 ||| PLANNING SEWER
  4141 | D:5      | 4141 ||| READING scroll of enchant weapon.
  4141 | D:5      | 4141 ||| ENCHANTING +3 shortbow of freezing.
  4167 | D:5      | Reached * piety under Okawaru
  4464 | D:5      | 4464 ||| INVOKING Heroism.
  4465 | D:5      | 4465 ||| INVOKING Heroism.
  4477 | D:5      | 4477 ||| FLEEEEING.
  4478 | D:5      | 4478 ||| FLEEEEING.
  4479 | D:5      | 4479 ||| FLEEEEING.
  4480 | D:5      | 4480 ||| FLEEEEING.
  4481 | D:5      | 4481 ||| FLEEEEING.
  4482 | D:5      | 4482 ||| FLEEEEING.
  4483 | D:5      | 4483 ||| FLEEEEING.
  4484 | D:5      | 4484 ||| FLEEEEING.
  4485 | D:5      | 4485 ||| FLEEEEING.
  4486 | D:5      | 4486 ||| FLEEEEING.
  4487 | D:5      | 4487 ||| FLEEEEING.
  4490 | D:5      | 4490 ||| FLEEEEING.
  4491 | D:5      | 4491 ||| FLEEEEING.
  4493 | D:5      | Reached skill level 9 in Ranged Weapons
  4576 | D:5      | Reached XP level 8. HP: 68/68 MP: 8/8
  4738 | D:5      | Reached skill level 3 in Dodging
  4758 | D:5      | 4758 ||| Stepping ~*~*~tactically~*~*~ (water).
  4765 | D:5      | Found a glowing drain.
  4766 | D:5      | 4766 ||| UPGRADING to amulet of the acrobat.
  4771 | D:5      | 4771 ||| READING scroll labelled VEAPEA WERRO.
  4878 | D:5      | 4878 ||| Stepping randomly (stuck).
  4880 | D:5      | 4880 ||| Stepping randomly (stuck).
  4882 | D:5      | 4882 ||| Stepping randomly (stuck).
  4884 | D:5      | 4884 ||| Stepping randomly (stuck).
  4886 | D:5      | 4886 ||| Stepping randomly (stuck).
  4888 | D:5      | 4888 ||| Stepping randomly (stuck).
  4890 | D:5      | 4890 ||| Stepping randomly (stuck).
  4892 | D:5      | 4892 ||| Stepping randomly (stuck).
  4894 | D:5      | 4894 ||| Stepping randomly (stuck).
  4896 | D:5      | 4896 ||| Stepping randomly (stuck).
  4898 | D:5      | 4898 ||| Stepping randomly (stuck).
  4900 | D:5      | 4900 ||| Stepping randomly (stuck).
  4902 | D:5      | 4902 ||| Stepping randomly (stuck).
  4904 | D:5      | 4904 ||| Stepping randomly (stuck).
  4906 | D:5      | 4906 ||| Stepping randomly (stuck).
  4908 | D:5      | 4908 ||| Stepping randomly (stuck).
  4910 | D:5      | 4910 ||| Stepping randomly (stuck).
  4912 | D:5      | 4912 ||| Stepping randomly (stuck).
  4914 | D:5      | 4914 ||| Stepping randomly (stuck).
  4916 | D:5      | 4916 ||| Stepping randomly (stuck).
  4918 | D:5      | 4918 ||| Stepping randomly (stuck).
  4920 | D:5      | 4920 ||| Stepping randomly (stuck).
  4922 | D:5      | 4922 ||| Stepping randomly (stuck).
  4924 | D:5      | 4924 ||| Stepping randomly (stuck).
  4926 | D:5      | 4926 ||| Stepping randomly (stuck).
  4928 | D:5      | 4928 ||| Stepping randomly (stuck).
  4930 | D:5      | 4930 ||| Stepping randomly (stuck).
  4932 | D:5      | 4932 ||| Stepping randomly (stuck).
  4934 | D:5      | 4934 ||| Stepping randomly (stuck).
  4936 | D:5      | 4936 ||| Stepping randomly (stuck).
  4938 | D:5      | 4938 ||| Stepping randomly (stuck).
  4940 | D:5      | 4940 ||| Stepping randomly (stuck).
  4942 | D:5      | 4942 ||| Stepping randomly (stuck).
  4944 | D:5      | 4944 ||| Stepping randomly (stuck).
  4946 | D:5      | 4946 ||| Stepping randomly (stuck).
  4948 | D:5      | 4948 ||| Stepping randomly (stuck).
  4950 | D:5      | 4950 ||| Stepping randomly (stuck).
  4952 | D:5      | 4952 ||| Stepping randomly (stuck).
  4954 | D:5      | 4954 ||| Stepping randomly (stuck).
  4956 | D:5      | 4956 ||| Stepping randomly (stuck).
  4958 | D:5      | 4958 ||| Stepping randomly (stuck).
  4960 | D:5      | 4960 ||| Stepping randomly (stuck).
  4962 | D:5      | 4962 ||| Stepping randomly (stuck).
  4964 | D:5      | 4964 ||| Stepping randomly (stuck).
  4966 | D:5      | 4966 ||| Stepping randomly (stuck).
  4968 | D:5      | 4968 ||| Stepping randomly (stuck).
  4970 | D:5      | 4970 ||| Stepping randomly (stuck).
  4972 | D:5      | 4972 ||| Stepping randomly (stuck).
  4974 | D:5      | 4974 ||| Stepping randomly (stuck).
  4976 | D:5      | 4976 ||| Stepping randomly (stuck).
  4978 | D:5      | 4978 ||| Stepping randomly (stuck).
  4980 | D:5      | 4980 ||| Stepping randomly (stuck).
  4982 | D:5      | 4982 ||| Stepping randomly (stuck).
  4984 | D:5      | 4984 ||| Stepping randomly (stuck).
  4986 | D:5      | 4986 ||| Stepping randomly (stuck).
  4988 | D:5      | 4988 ||| Stepping randomly (stuck).
  4990 | D:5      | 4990 ||| Stepping randomly (stuck).
  4992 | D:5      | 4992 ||| Stepping randomly (stuck).
  4994 | D:5      | 4994 ||| Stepping randomly (stuck).
  4996 | D:5      | 4996 ||| Stepping randomly (stuck).
  4998 | D:5      | 4998 ||| Stepping randomly (stuck).
  5000 | D:5      | 5000 ||| Stepping randomly (stuck).
  5002 | D:5      | 5002 ||| Stepping randomly (stuck).
  5004 | D:5      | 5004 ||| Stepping randomly (stuck).
  5006 | D:5      | 5006 ||| Stepping randomly (stuck).
  5008 | D:5      | 5008 ||| Stepping randomly (stuck).
  5010 | D:5      | 5010 ||| Stepping randomly (stuck).
  5012 | D:5      | 5012 ||| Stepping randomly (stuck).
  5014 | D:5      | 5014 ||| Stepping randomly (stuck).
  5016 | D:5      | 5016 ||| Stepping randomly (stuck).
  5018 | D:5      | 5018 ||| Stepping randomly (stuck).
  5020 | D:5      | 5020 ||| Stepping randomly (stuck).
  5022 | D:5      | 5022 ||| Stepping randomly (stuck).
  5024 | D:5      | 5024 ||| Stepping randomly (stuck).
  5026 | D:5      | 5026 ||| Stepping randomly (stuck).
  5028 | D:5      | 5028 ||| Stepping randomly (stuck).
  5030 | D:5      | 5030 ||| Stepping randomly (stuck).
  5032 | D:5      | 5032 ||| Stepping randomly (stuck).
  5034 | D:5      | 5034 ||| Stepping randomly (stuck).
  5036 | D:5      | 5036 ||| Stepping randomly (stuck).
  5038 | D:5      | 5038 ||| Stepping randomly (stuck).
  5040 | D:5      | 5040 ||| Stepping randomly (stuck).
  5042 | D:5      | 5042 ||| Stepping randomly (stuck).
  5044 | D:5      | 5044 ||| Stepping randomly (stuck).
  5046 | D:5      | 5046 ||| Stepping randomly (stuck).
  5048 | D:5      | 5048 ||| Stepping randomly (stuck).
  5050 | D:5      | 5050 ||| Stepping randomly (stuck).
  5052 | D:5      | 5052 ||| Stepping randomly (stuck).
  5054 | D:5      | 5054 ||| Stepping randomly (stuck).
  5056 | D:5      | 5056 ||| Stepping randomly (stuck).
  5058 | D:5      | 5058 ||| Stepping randomly (stuck).
  5060 | D:5      | 5060 ||| Stepping randomly (stuck).
  5062 | D:5      | 5062 ||| Stepping randomly (stuck).
  5064 | D:5      | 5064 ||| Stepping randomly (stuck).
  5066 | D:5      | 5066 ||| Stepping randomly (stuck).
  5068 | D:5      | 5068 ||| Stepping randomly (stuck).
  5070 | D:5      | 5070 ||| Stepping randomly (stuck).
  5072 | D:5      | 5072 ||| Stepping randomly (stuck).
  5074 | D:5      | 5074 ||| Stepping randomly (stuck).
  5076 | D:5      | 5076 ||| Stepping randomly (stuck).
  5078 | D:5      | 5078 ||| Stepping randomly (stuck).
  5080 | D:5      | 5080 ||| Stepping randomly (stuck).
  5082 | D:5      | 5082 ||| Stepping randomly (stuck).
  5084 | D:5      | 5084 ||| Stepping randomly (stuck).
  5086 | D:5      | 5086 ||| Stepping randomly (stuck).
  5088 | D:5      | 5088 ||| Stepping randomly (stuck).
  5090 | D:5      | 5090 ||| Stepping randomly (stuck).
  5092 | D:5      | 5092 ||| Stepping randomly (stuck).
  5094 | D:5      | 5094 ||| Stepping randomly (stuck).
  5096 | D:5      | 5096 ||| Stepping randomly (stuck).
  5098 | D:5      | 5098 ||| Stepping randomly (stuck).
  5100 | D:5      | 5100 ||| Stepping randomly (stuck).
  5102 | D:5      | 5102 ||| Stepping randomly (stuck).
  5104 | D:5      | 5104 ||| Stepping randomly (stuck).
  5106 | D:5      | 5106 ||| Stepping randomly (stuck).
  5108 | D:5      | 5108 ||| Stepping randomly (stuck).
  5110 | D:5      | 5110 ||| Stepping randomly (stuck).
  5112 | D:5      | 5112 ||| Stepping randomly (stuck).
  5114 | D:5      | 5114 ||| Stepping randomly (stuck).
  5116 | D:5      | 5116 ||| Stepping randomly (stuck).
  5118 | D:5      | 5118 ||| Stepping randomly (stuck).
  5120 | D:5      | 5120 ||| Stepping randomly (stuck).
  5122 | D:5      | 5122 ||| Stepping randomly (stuck).
  5124 | D:5      | 5124 ||| Stepping randomly (stuck).
  5126 | D:5      | 5126 ||| Stepping randomly (stuck).
  5128 | D:5      | 5128 ||| Stepping randomly (stuck).
  5130 | D:5      | 5130 ||| Stepping randomly (stuck).
  5132 | D:5      | 5132 ||| Stepping randomly (stuck).
  5134 | D:5      | 5134 ||| Stepping randomly (stuck).
  5136 | D:5      | 5136 ||| Stepping randomly (stuck).
  5138 | D:5      | 5138 ||| Stepping randomly (stuck).
  5140 | D:5      | 5140 ||| Stepping randomly (stuck).
  5142 | D:5      | 5142 ||| Stepping randomly (stuck).
  5144 | D:5      | 5144 ||| Stepping randomly (stuck).
  5146 | D:5      | 5146 ||| Stepping randomly (stuck).
  5148 | D:5      | 5148 ||| Stepping randomly (stuck).
  5150 | D:5      | 5150 ||| Stepping randomly (stuck).
  5152 | D:5      | 5152 ||| Stepping randomly (stuck).
  5154 | D:5      | 5154 ||| Stepping randomly (stuck).
  5156 | D:5      | 5156 ||| Stepping randomly (stuck).
  5158 | D:5      | 5158 ||| Stepping randomly (stuck).
  5160 | D:5      | 5160 ||| Stepping randomly (stuck).
  5162 | D:5      | 5162 ||| Stepping randomly (stuck).
  5164 | D:5      | 5164 ||| Stepping randomly (stuck).
  5166 | D:5      | 5166 ||| Stepping randomly (stuck).
  5168 | D:5      | 5168 ||| Stepping randomly (stuck).
  5170 | D:5      | 5170 ||| Stepping randomly (stuck).
  5172 | D:5      | 5172 ||| Stepping randomly (stuck).
  5174 | D:5      | 5174 ||| Stepping randomly (stuck).
  5176 | D:5      | 5176 ||| Stepping randomly (stuck).
  5178 | D:5      | 5178 ||| Stepping randomly (stuck).
  5180 | D:5      | 5180 ||| Stepping randomly (stuck).
  5182 | D:5      | 5182 ||| Stepping randomly (stuck).
  5184 | D:5      | 5184 ||| Stepping randomly (stuck).
  5186 | D:5      | 5186 ||| Stepping randomly (stuck).
  5188 | D:5      | 5188 ||| Stepping randomly (stuck).
  5190 | D:5      | 5190 ||| Stepping randomly (stuck).
  5192 | D:5      | 5192 ||| Stepping randomly (stuck).
  5194 | D:5      | 5194 ||| Stepping randomly (stuck).
  5196 | D:5      | 5196 ||| Stepping randomly (stuck).
  5198 | D:5      | 5198 ||| Stepping randomly (stuck).
  5200 | D:5      | 5200 ||| Stepping randomly (stuck).
  5202 | D:5      | 5202 ||| Stepping randomly (stuck).
  5204 | D:5      | 5204 ||| Stepping randomly (stuck).
  5206 | D:5      | 5206 ||| Stepping randomly (stuck).
  5208 | D:5      | 5208 ||| Stepping randomly (stuck).
  5210 | D:5      | 5210 ||| Stepping randomly (stuck).
  5212 | D:5      | 5212 ||| Stepping randomly (stuck).
  5214 | D:5      | 5214 ||| Stepping randomly (stuck).
  5216 | D:5      | 5216 ||| Stepping randomly (stuck).
  5218 | D:5      | 5218 ||| Stepping randomly (stuck).
  5220 | D:5      | 5220 ||| Stepping randomly (stuck).
  5222 | D:5      | 5222 ||| Stepping randomly (stuck).
  5224 | D:5      | 5224 ||| Stepping randomly (stuck).
  5226 | D:5      | 5226 ||| Stepping randomly (stuck).
  5228 | D:5      | 5228 ||| Stepping randomly (stuck).
  5230 | D:5      | 5230 ||| Stepping randomly (stuck).
  5232 | D:5      | 5232 ||| Stepping randomly (stuck).
  5234 | D:5      | 5234 ||| Stepping randomly (stuck).
  5236 | D:5      | 5236 ||| Stepping randomly (stuck).
  5238 | D:5      | 5238 ||| Stepping randomly (stuck).
  5240 | D:5      | 5240 ||| Stepping randomly (stuck).
  5242 | D:5      | 5242 ||| Stepping randomly (stuck).
  5244 | D:5      | 5244 ||| Stepping randomly (stuck).
  5246 | D:5      | 5246 ||| Stepping randomly (stuck).
  5248 | D:5      | 5248 ||| Stepping randomly (stuck).
  5250 | D:5      | 5250 ||| Stepping randomly (stuck).
  5252 | D:5      | 5252 ||| Stepping randomly (stuck).
  5254 | D:5      | 5254 ||| Stepping randomly (stuck).
  5256 | D:5      | 5256 ||| Stepping randomly (stuck).
  5258 | D:5      | 5258 ||| Stepping randomly (stuck).
  5260 | D:5      | 5260 ||| Stepping randomly (stuck).
  5262 | D:5      | 5262 ||| Stepping randomly (stuck).
  5264 | D:5      | 5264 ||| Stepping randomly (stuck).
  5266 | D:5      | 5266 ||| Stepping randomly (stuck).
  5268 | D:5      | 5268 ||| Stepping randomly (stuck).
  5270 | D:5      | 5270 ||| Stepping randomly (stuck).
  5272 | D:5      | 5272 ||| Stepping randomly (stuck).
  5274 | D:5      | 5274 ||| Stepping randomly (stuck).
  5276 | D:5      | 5276 ||| Stepping randomly (stuck).
  5278 | D:5      | 5278 ||| Stepping randomly (stuck).
  5280 | D:5      | 5280 ||| Stepping randomly (stuck).
  5282 | D:5      | 5282 ||| Stepping randomly (stuck).
  5284 | D:5      | 5284 ||| Stepping randomly (stuck).
  5286 | D:5      | 5286 ||| Stepping randomly (stuck).
  5288 | D:5      | 5288 ||| Stepping randomly (stuck).
  5290 | D:5      | 5290 ||| Stepping randomly (stuck).
  5292 | D:5      | 5292 ||| Stepping randomly (stuck).
  5294 | D:5      | 5294 ||| Stepping randomly (stuck).
  5296 | D:5      | 5296 ||| Stepping randomly (stuck).
  5298 | D:5      | 5298 ||| Stepping randomly (stuck).
  5300 | D:5      | 5300 ||| Stepping randomly (stuck).
  5302 | D:5      | 5302 ||| Stepping randomly (stuck).
  5304 | D:5      | 5304 ||| Stepping randomly (stuck).
  5306 | D:5      | 5306 ||| Stepping randomly (stuck).
  5308 | D:5      | 5308 ||| Stepping randomly (stuck).
  5310 | D:5      | 5310 ||| Stepping randomly (stuck).
  5312 | D:5      | 5312 ||| Stepping randomly (stuck).
  5314 | D:5      | 5314 ||| Stepping randomly (stuck).
  5316 | D:5      | 5316 ||| Stepping randomly (stuck).
  5318 | D:5      | 5318 ||| Stepping randomly (stuck).
  5320 | D:5      | 5320 ||| Stepping randomly (stuck).
  5322 | D:5      | 5322 ||| Stepping randomly (stuck).
  5324 | D:5      | 5324 ||| Stepping randomly (stuck).
  5326 | D:5      | 5326 ||| Stepping randomly (stuck).
  5328 | D:5      | 5328 ||| Stepping randomly (stuck).
  5330 | D:5      | 5330 ||| Stepping randomly (stuck).
  5332 | D:5      | 5332 ||| Stepping randomly (stuck).
  5334 | D:5      | 5334 ||| Stepping randomly (stuck).
  5336 | D:5      | 5336 ||| Stepping randomly (stuck).
  5338 | D:5      | 5338 ||| Stepping randomly (stuck).
  5340 | D:5      | 5340 ||| Stepping randomly (stuck).
  5342 | D:5      | 5342 ||| Stepping randomly (stuck).
  5344 | D:5      | 5344 ||| Stepping randomly (stuck).
  5346 | D:5      | 5346 ||| Stepping randomly (stuck).
  5348 | D:5      | 5348 ||| Stepping randomly (stuck).
  5350 | D:5      | 5350 ||| Stepping randomly (stuck).
  5352 | D:5      | 5352 ||| Stepping randomly (stuck).
  5354 | D:5      | 5354 ||| Stepping randomly (stuck).
  5356 | D:5      | 5356 ||| Stepping randomly (stuck).
  5358 | D:5      | 5358 ||| Stepping randomly (stuck).
  5360 | D:5      | 5360 ||| Stepping randomly (stuck).
  5362 | D:5      | 5362 ||| Stepping randomly (stuck).
  5364 | D:5      | 5364 ||| Stepping randomly (stuck).
  5366 | D:5      | 5366 ||| Stepping randomly (stuck).
  5368 | D:5      | 5368 ||| Stepping randomly (stuck).
  5370 | D:5      | 5370 ||| Stepping randomly (stuck).
  5372 | D:5      | 5372 ||| Stepping randomly (stuck).
  5374 | D:5      | 5374 ||| Stepping randomly (stuck).
  5376 | D:5      | 5376 ||| Stepping randomly (stuck).
  5378 | D:5      | 5378 ||| Stepping randomly (stuck).
  5380 | D:5      | 5380 ||| Stepping randomly (stuck).
  5382 | D:5      | 5382 ||| Stepping randomly (stuck).
  5384 | D:5      | 5384 ||| Stepping randomly (stuck).
  5386 | D:5      | 5386 ||| Stepping randomly (stuck).
  5388 | D:5      | 5388 ||| Stepping randomly (stuck).
  5390 | D:5      | 5390 ||| Stepping randomly (stuck).
  5392 | D:5      | 5392 ||| Stepping randomly (stuck).
  5394 | D:5      | 5394 ||| Stepping randomly (stuck).
  5396 | D:5      | 5396 ||| Stepping randomly (stuck).
  5398 | D:5      | 5398 ||| Stepping randomly (stuck).
  5400 | D:5      | 5400 ||| Stepping randomly (stuck).
  5402 | D:5      | 5402 ||| Stepping randomly (stuck).
  5404 | D:5      | 5404 ||| Stepping randomly (stuck).
  5406 | D:5      | 5406 ||| Stepping randomly (stuck).
  5408 | D:5      | 5408 ||| Stepping randomly (stuck).
  5410 | D:5      | 5410 ||| Stepping randomly (stuck).
  5412 | D:5      | 5412 ||| Stepping randomly (stuck).
  5414 | D:5      | 5414 ||| Stepping randomly (stuck).
  5416 | D:5      | 5416 ||| Stepping randomly (stuck).
  5418 | D:5      | 5418 ||| Stepping randomly (stuck).
  5420 | D:5      | 5420 ||| Stepping randomly (stuck).
  5422 | D:5      | 5422 ||| Stepping randomly (stuck).
  5424 | D:5      | 5424 ||| Stepping randomly (stuck).
  5426 | D:5      | 5426 ||| Stepping randomly (stuck).
  5428 | D:5      | 5428 ||| Stepping randomly (stuck).
  5430 | D:5      | 5430 ||| Stepping randomly (stuck).
  5432 | D:5      | 5432 ||| Stepping randomly (stuck).
  5434 | D:5      | 5434 ||| Stepping randomly (stuck).
  5436 | D:5      | 5436 ||| Stepping randomly (stuck).
  5438 | D:5      | 5438 ||| Stepping randomly (stuck).
  5440 | D:5      | 5440 ||| Stepping randomly (stuck).
  5442 | D:5      | 5442 ||| Stepping randomly (stuck).
  5444 | D:5      | 5444 ||| Stepping randomly (stuck).
  5446 | D:5      | 5446 ||| Stepping randomly (stuck).
  5448 | D:5      | 5448 ||| Stepping randomly (stuck).
  5450 | D:5      | 5450 ||| Stepping randomly (stuck).
  5452 | D:5      | 5452 ||| Stepping randomly (stuck).
  5454 | D:5      | 5454 ||| Stepping randomly (stuck).
  5456 | D:5      | 5456 ||| Stepping randomly (stuck).
  5458 | D:5      | 5458 ||| Stepping randomly (stuck).
  5460 | D:5      | 5460 ||| Stepping randomly (stuck).
  5462 | D:5      | 5462 ||| Stepping randomly (stuck).
  5464 | D:5      | 5464 ||| Stepping randomly (stuck).
  5466 | D:5      | 5466 ||| Stepping randomly (stuck).
  5468 | D:5      | 5468 ||| Stepping randomly (stuck).
  5470 | D:5      | 5470 ||| Stepping randomly (stuck).
  5472 | D:5      | 5472 ||| Stepping randomly (stuck).
  5474 | D:5      | 5474 ||| Stepping randomly (stuck).
  5476 | D:5      | 5476 ||| Stepping randomly (stuck).
  5478 | D:5      | 5478 ||| Stepping randomly (stuck).
  5480 | D:5      | 5480 ||| Stepping randomly (stuck).
  5482 | D:5      | 5482 ||| Stepping randomly (stuck).
  5484 | D:5      | 5484 ||| Stepping randomly (stuck).
  5486 | D:5      | 5486 ||| Stepping randomly (stuck).
  5488 | D:5      | 5488 ||| Stepping randomly (stuck).
  5490 | D:5      | 5490 ||| Stepping randomly (stuck).
  5492 | D:5      | 5492 ||| Stepping randomly (stuck).
  5494 | D:5      | 5494 ||| Stepping randomly (stuck).
  5496 | D:5      | 5496 ||| Stepping randomly (stuck).
  5498 | D:5      | 5498 ||| Stepping randomly (stuck).
  5500 | D:5      | 5500 ||| Stepping randomly (stuck).
  5502 | D:5      | 5502 ||| Stepping randomly (stuck).
  5504 | D:5      | 5504 ||| Stepping randomly (stuck).
  5506 | D:5      | 5506 ||| Stepping randomly (stuck).
  5508 | D:5      | 5508 ||| Stepping randomly (stuck).
  5510 | D:5      | 5510 ||| Stepping randomly (stuck).
  5512 | D:5      | 5512 ||| Stepping randomly (stuck).
  5514 | D:5      | 5514 ||| Stepping randomly (stuck).
  5516 | D:5      | 5516 ||| Stepping randomly (stuck).
  5518 | D:5      | 5518 ||| Stepping randomly (stuck).
  5520 | D:5      | 5520 ||| Stepping randomly (stuck).
  5522 | D:5      | 5522 ||| Stepping randomly (stuck).
  5524 | D:5      | 5524 ||| Stepping randomly (stuck).
  5526 | D:5      | 5526 ||| Stepping randomly (stuck).
  5528 | D:5      | 5528 ||| Stepping randomly (stuck).
  5530 | D:5      | 5530 ||| Stepping randomly (stuck).
  5532 | D:5      | 5532 ||| Stepping randomly (stuck).
  5534 | D:5      | 5534 ||| Stepping randomly (stuck).
  5536 | D:5      | 5536 ||| Stepping randomly (stuck).
  5538 | D:5      | 5538 ||| Stepping randomly (stuck).
  5540 | D:5      | 5540 ||| Stepping randomly (stuck).
  5542 | D:5      | 5542 ||| Stepping randomly (stuck).
  5544 | D:5      | 5544 ||| Stepping randomly (stuck).
  5546 | D:5      | 5546 ||| Stepping randomly (stuck).
  5548 | D:5      | 5548 ||| Stepping randomly (stuck).
  5550 | D:5      | 5550 ||| Stepping randomly (stuck).
  5552 | D:5      | 5552 ||| Stepping randomly (stuck).
  5554 | D:5      | 5554 ||| Stepping randomly (stuck).
  5556 | D:5      | 5556 ||| Stepping randomly (stuck).
  5558 | D:5      | 5558 ||| Stepping randomly (stuck).
  5560 | D:5      | 5560 ||| Stepping randomly (stuck).
  5562 | D:5      | 5562 ||| Stepping randomly (stuck).
  5564 | D:5      | 5564 ||| Stepping randomly (stuck).
  5566 | D:5      | 5566 ||| Stepping randomly (stuck).
  5568 | D:5      | 5568 ||| Stepping randomly (stuck).
  5570 | D:5      | 5570 ||| Stepping randomly (stuck).
  5572 | D:5      | 5572 ||| Stepping randomly (stuck).
  5574 | D:5      | 5574 ||| Stepping randomly (stuck).
  5576 | D:5      | 5576 ||| Stepping randomly (stuck).
  5578 | D:5      | 5578 ||| Stepping randomly (stuck).
  5580 | D:5      | 5580 ||| Stepping randomly (stuck).
  5582 | D:5      | 5582 ||| Stepping randomly (stuck).
  5584 | D:5      | 5584 ||| Stepping randomly (stuck).
  5586 | D:5      | 5586 ||| Stepping randomly (stuck).
  5588 | D:5      | 5588 ||| Stepping randomly (stuck).
  5590 | D:5      | 5590 ||| Stepping randomly (stuck).
  5592 | D:5      | 5592 ||| Stepping randomly (stuck).
  5594 | D:5      | 5594 ||| Stepping randomly (stuck).
  5596 | D:5      | 5596 ||| Stepping randomly (stuck).
  5598 | D:5      | 5598 ||| Stepping randomly (stuck).
  5600 | D:5      | 5600 ||| Stepping randomly (stuck).
  5602 | D:5      | 5602 ||| Stepping randomly (stuck).
  5604 | D:5      | 5604 ||| Stepping randomly (stuck).
  5606 | D:5      | 5606 ||| Stepping randomly (stuck).
  5608 | D:5      | 5608 ||| Stepping randomly (stuck).
  5610 | D:5      | 5610 ||| Stepping randomly (stuck).
  5612 | D:5      | 5612 ||| Stepping randomly (stuck).
  5614 | D:5      | 5614 ||| Stepping randomly (stuck).
  5616 | D:5      | 5616 ||| Stepping randomly (stuck).
  5618 | D:5      | 5618 ||| Stepping randomly (stuck).
  5620 | D:5      | 5620 ||| Stepping randomly (stuck).
  5622 | D:5      | 5622 ||| Stepping randomly (stuck).
  5624 | D:5      | 5624 ||| Stepping randomly (stuck).
  5626 | D:5      | 5626 ||| Stepping randomly (stuck).
  5628 | D:5      | 5628 ||| Stepping randomly (stuck).
  5630 | D:5      | 5630 ||| Stepping randomly (stuck).
  5632 | D:5      | 5632 ||| Stepping randomly (stuck).
  5634 | D:5      | 5634 ||| Stepping randomly (stuck).
  5636 | D:5      | 5636 ||| Stepping randomly (stuck).
  5638 | D:5      | 5638 ||| Stepping randomly (stuck).
  5640 | D:5      | 5640 ||| Stepping randomly (stuck).
  5642 | D:5      | 5642 ||| Stepping randomly (stuck).
  5644 | D:5      | 5644 ||| Stepping randomly (stuck).
  5646 | D:5      | 5646 ||| Stepping randomly (stuck).
  5648 | D:5      | 5648 ||| Stepping randomly (stuck).
  5650 | D:5      | 5650 ||| Stepping randomly (stuck).
  5652 | D:5      | 5652 ||| Stepping randomly (stuck).
  5654 | D:5      | 5654 ||| Stepping randomly (stuck).
  5656 | D:5      | 5656 ||| Stepping randomly (stuck).
  5658 | D:5      | 5658 ||| Stepping randomly (stuck).
  5660 | D:5      | 5660 ||| Stepping randomly (stuck).
  5662 | D:5      | 5662 ||| Stepping randomly (stuck).
  5664 | D:5      | 5664 ||| Stepping randomly (stuck).
  5666 | D:5      | 5666 ||| Stepping randomly (stuck).
  5668 | D:5      | 5668 ||| Stepping randomly (stuck).
  5670 | D:5      | 5670 ||| Stepping randomly (stuck).
  5672 | D:5      | 5672 ||| Stepping randomly (stuck).
  5674 | D:5      | 5674 ||| Stepping randomly (stuck).
  5676 | D:5      | 5676 ||| Stepping randomly (stuck).
  5678 | D:5      | 5678 ||| Stepping randomly (stuck).
  5680 | D:5      | 5680 ||| Stepping randomly (stuck).
  5682 | D:5      | 5682 ||| Stepping randomly (stuck).
  5684 | D:5      | 5684 ||| Stepping randomly (stuck).
  5686 | D:5      | 5686 ||| Stepping randomly (stuck).
  5688 | D:5      | 5688 ||| Stepping randomly (stuck).
  5690 | D:5      | 5690 ||| Stepping randomly (stuck).
  5692 | D:5      | 5692 ||| Stepping randomly (stuck).
  5694 | D:5      | 5694 ||| Stepping randomly (stuck).
  5696 | D:5      | 5696 ||| Stepping randomly (stuck).
  5698 | D:5      | 5698 ||| Stepping randomly (stuck).
  5700 | D:5      | 5700 ||| Stepping randomly (stuck).
  5702 | D:5      | 5702 ||| Stepping randomly (stuck).
  5704 | D:5      | 5704 ||| Stepping randomly (stuck).
  5706 | D:5      | 5706 ||| Stepping randomly (stuck).
  5708 | D:5      | 5708 ||| Stepping randomly (stuck).
  5710 | D:5      | 5710 ||| Stepping randomly (stuck).
  5712 | D:5      | 5712 ||| Stepping randomly (stuck).
  5714 | D:5      | 5714 ||| Stepping randomly (stuck).
  5716 | D:5      | 5716 ||| Stepping randomly (stuck).
  5718 | D:5      | 5718 ||| Stepping randomly (stuck).
  5720 | D:5      | 5720 ||| Stepping randomly (stuck).
  5722 | D:5      | 5722 ||| Stepping randomly (stuck).
  5724 | D:5      | 5724 ||| Stepping randomly (stuck).
  5726 | D:5      | 5726 ||| Stepping randomly (stuck).
  5728 | D:5      | 5728 ||| Stepping randomly (stuck).
  5730 | D:5      | 5730 ||| Stepping randomly (stuck).
  5732 | D:5      | 5732 ||| Stepping randomly (stuck).
  5734 | D:5      | 5734 ||| Stepping randomly (stuck).
  5736 | D:5      | 5736 ||| Stepping randomly (stuck).
  5738 | D:5      | 5738 ||| Stepping randomly (stuck).
  5740 | D:5      | 5740 ||| Stepping randomly (stuck).
  5742 | D:5      | 5742 ||| Stepping randomly (stuck).
  5744 | D:5      | 5744 ||| Stepping randomly (stuck).
  5746 | D:5      | 5746 ||| Stepping randomly (stuck).
  5748 | D:5      | 5748 ||| Stepping randomly (stuck).
  5750 | D:5      | 5750 ||| Stepping randomly (stuck).
  5752 | D:5      | 5752 ||| Stepping randomly (stuck).
  5754 | D:5      | 5754 ||| Stepping randomly (stuck).
  5756 | D:5      | 5756 ||| Stepping randomly (stuck).
  5758 | D:5      | 5758 ||| Stepping randomly (stuck).
  5760 | D:5      | 5760 ||| Stepping randomly (stuck).
  5762 | D:5      | 5762 ||| Stepping randomly (stuck).
  5764 | D:5      | 5764 ||| Stepping randomly (stuck).
  5766 | D:5      | 5766 ||| Stepping randomly (stuck).
  5768 | D:5      | 5768 ||| Stepping randomly (stuck).
  5770 | D:5      | 5770 ||| Stepping randomly (stuck).
  5772 | D:5      | 5772 ||| Stepping randomly (stuck).
  5774 | D:5      | 5774 ||| Stepping randomly (stuck).
  5776 | D:5      | 5776 ||| Stepping randomly (stuck).
  5778 | D:5      | 5778 ||| Stepping randomly (stuck).
  5780 | D:5      | 5780 ||| Stepping randomly (stuck).
  5782 | D:5      | 5782 ||| Stepping randomly (stuck).
  5784 | D:5      | 5784 ||| Stepping randomly (stuck).
  5786 | D:5      | 5786 ||| Stepping randomly (stuck).
  5788 | D:5      | 5788 ||| Stepping randomly (stuck).
  5790 | D:5      | 5790 ||| Stepping randomly (stuck).
  5792 | D:5      | 5792 ||| Stepping randomly (stuck).
  5794 | D:5      | 5794 ||| Stepping randomly (stuck).
  5796 | D:5      | 5796 ||| Stepping randomly (stuck).
  5798 | D:5      | 5798 ||| Stepping randomly (stuck).
  5800 | D:5      | 5800 ||| Stepping randomly (stuck).
  5802 | D:5      | 5802 ||| Stepping randomly (stuck).
  5804 | D:5      | 5804 ||| Stepping randomly (stuck).
  5806 | D:5      | 5806 ||| Stepping randomly (stuck).
  5808 | D:5      | 5808 ||| Stepping randomly (stuck).
  5810 | D:5      | 5810 ||| Stepping randomly (stuck).
  5812 | D:5      | 5812 ||| Stepping randomly (stuck).
  5814 | D:5      | 5814 ||| Stepping randomly (stuck).
  5816 | D:5      | 5816 ||| Stepping randomly (stuck).
  5818 | D:5      | 5818 ||| Stepping randomly (stuck).
  5820 | D:5      | 5820 ||| Stepping randomly (stuck).
  5822 | D:5      | 5822 ||| Stepping randomly (stuck).
  5824 | D:5      | 5824 ||| Stepping randomly (stuck).
  5826 | D:5      | 5826 ||| Stepping randomly (stuck).
  5828 | D:5      | 5828 ||| Stepping randomly (stuck).
  5830 | D:5      | 5830 ||| Stepping randomly (stuck).
  5832 | D:5      | 5832 ||| Stepping randomly (stuck).
  5834 | D:5      | 5834 ||| Stepping randomly (stuck).
  5836 | D:5      | 5836 ||| Stepping randomly (stuck).
  5838 | D:5      | 5838 ||| Stepping randomly (stuck).
  5840 | D:5      | 5840 ||| Stepping randomly (stuck).
  5842 | D:5      | 5842 ||| Stepping randomly (stuck).
  5844 | D:5      | 5844 ||| Stepping randomly (stuck).
  5846 | D:5      | 5846 ||| Stepping randomly (stuck).
  5848 | D:5      | 5848 ||| Stepping randomly (stuck).
  5850 | D:5      | 5850 ||| Stepping randomly (stuck).
  5852 | D:5      | 5852 ||| Stepping randomly (stuck).
  5854 | D:5      | 5854 ||| Stepping randomly (stuck).
  5856 | D:5      | 5856 ||| Stepping randomly (stuck).
  5858 | D:5      | 5858 ||| Stepping randomly (stuck).
  5860 | D:5      | 5860 ||| Stepping randomly (stuck).
  5862 | D:5      | 5862 ||| Stepping randomly (stuck).
  5864 | D:5      | 5864 ||| Stepping randomly (stuck).
  5866 | D:5      | 5866 ||| Stepping randomly (stuck).
  5868 | D:5      | 5868 ||| Stepping randomly (stuck).
  5870 | D:5      | 5870 ||| Stepping randomly (stuck).
  5872 | D:5      | 5872 ||| Stepping randomly (stuck).
  5874 | D:5      | 5874 ||| Stepping randomly (stuck).
  5876 | D:5      | 5876 ||| Stepping randomly (stuck).
  5878 | D:5      | 5878 ||| Stepping randomly (stuck).
  5880 | D:5      | 5880 ||| Stepping randomly (stuck).
  5882 | D:5      | 5882 ||| Stepping randomly (stuck).
  5884 | D:5      | 5884 ||| Stepping randomly (stuck).
  5886 | D:5      | 5886 ||| Stepping randomly (stuck).
  5888 | D:5      | 5888 ||| Stepping randomly (stuck).
  5890 | D:5      | 5890 ||| Stepping randomly (stuck).
  5892 | D:5      | 5892 ||| Stepping randomly (stuck).
  5894 | D:5      | 5894 ||| Stepping randomly (stuck).
  5896 | D:5      | 5896 ||| Stepping randomly (stuck).
  5898 | D:5      | 5898 ||| Stepping randomly (stuck).
  5900 | D:5      | 5900 ||| Stepping randomly (stuck).
  5902 | D:5      | 5902 ||| Stepping randomly (stuck).
  5904 | D:5      | 5904 ||| Stepping randomly (stuck).
  5906 | D:5      | 5906 ||| Stepping randomly (stuck).
  5908 | D:5      | 5908 ||| Stepping randomly (stuck).
  5910 | D:5      | 5910 ||| Stepping randomly (stuck).
  5912 | D:5      | 5912 ||| Stepping randomly (stuck).
  5914 | D:5      | 5914 ||| Stepping randomly (stuck).
  5916 | D:5      | 5916 ||| Stepping randomly (stuck).
  5918 | D:5      | 5918 ||| Stepping randomly (stuck).
  5920 | D:5      | 5920 ||| Stepping randomly (stuck).
  5922 | D:5      | 5922 ||| Stepping randomly (stuck).
  5924 | D:5      | 5924 ||| Stepping randomly (stuck).
  5926 | D:5      | 5926 ||| Stepping randomly (stuck).
  5928 | D:5      | 5928 ||| Stepping randomly (stuck).
  5930 | D:5      | 5930 ||| Stepping randomly (stuck).
  5932 | D:5      | 5932 ||| Stepping randomly (stuck).
  5934 | D:5      | 5934 ||| Stepping randomly (stuck).
  5936 | D:5      | 5936 ||| Stepping randomly (stuck).
  5938 | D:5      | 5938 ||| Stepping randomly (stuck).
  5940 | D:5      | 5940 ||| Stepping randomly (stuck).
  5942 | D:5      | 5942 ||| Stepping randomly (stuck).
  5944 | D:5      | 5944 ||| Stepping randomly (stuck).
  5946 | D:5      | 5946 ||| Stepping randomly (stuck).
  5948 | D:5      | 5948 ||| Stepping randomly (stuck).
  5950 | D:5      | 5950 ||| Stepping randomly (stuck).
  5952 | D:5      | 5952 ||| Stepping randomly (stuck).
  5954 | D:5      | 5954 ||| Stepping randomly (stuck).
  5956 | D:5      | 5956 ||| Stepping randomly (stuck).
  5958 | D:5      | 5958 ||| Stepping randomly (stuck).
  5960 | D:5      | 5960 ||| Stepping randomly (stuck).
  5962 | D:5      | 5962 ||| Stepping randomly (stuck).
  5964 | D:5      | 5964 ||| Stepping randomly (stuck).
  5966 | D:5      | 5966 ||| Stepping randomly (stuck).
  5968 | D:5      | 5968 ||| Stepping randomly (stuck).
  5970 | D:5      | 5970 ||| Stepping randomly (stuck).
  5972 | D:5      | 5972 ||| Stepping randomly (stuck).
  5974 | D:5      | 5974 ||| Stepping randomly (stuck).
  5976 | D:5      | 5976 ||| Stepping randomly (stuck).
  5978 | D:5      | 5978 ||| Stepping randomly (stuck).
  5980 | D:5      | 5980 ||| Stepping randomly (stuck).
  5982 | D:5      | 5982 ||| Stepping randomly (stuck).
  5984 | D:5      | 5984 ||| Stepping randomly (stuck).
  5986 | D:5      | 5986 ||| Stepping randomly (stuck).
  5988 | D:5      | 5988 ||| Stepping randomly (stuck).
  5990 | D:5      | 5990 ||| Stepping randomly (stuck).
  5992 | D:5      | 5992 ||| Stepping randomly (stuck).
  5994 | D:5      | 5994 ||| Stepping randomly (stuck).
  5996 | D:5      | 5996 ||| Stepping randomly (stuck).
  5998 | D:5      | 5998 ||| Stepping randomly (stuck).
  6000 | D:5      | 6000 ||| Stepping randomly (stuck).
  6002 | D:5      | 6002 ||| Stepping randomly (stuck).
  6004 | D:5      | 6004 ||| Stepping randomly (stuck).
  6006 | D:5      | 6006 ||| Stepping randomly (stuck).
  6008 | D:5      | 6008 ||| Stepping randomly (stuck).
  6010 | D:5      | 6010 ||| Stepping randomly (stuck).
  6012 | D:5      | 6012 ||| Stepping randomly (stuck).
  6014 | D:5      | 6014 ||| Stepping randomly (stuck).
  6016 | D:5      | 6016 ||| Stepping randomly (stuck).
  6018 | D:5      | 6018 ||| Stepping randomly (stuck).
  6020 | D:5      | 6020 ||| Stepping randomly (stuck).
  6022 | D:5      | 6022 ||| Stepping randomly (stuck).
  6024 | D:5      | 6024 ||| Stepping randomly (stuck).
  6026 | D:5      | 6026 ||| Stepping randomly (stuck).
  6028 | D:5      | 6028 ||| Stepping randomly (stuck).
  6030 | D:5      | 6030 ||| Stepping randomly (stuck).
  6032 | D:5      | 6032 ||| Stepping randomly (stuck).
  6034 | D:5      | 6034 ||| Stepping randomly (stuck).
  6036 | D:5      | 6036 ||| Stepping randomly (stuck).
  6038 | D:5      | 6038 ||| Stepping randomly (stuck).
  6040 | D:5      | 6040 ||| Stepping randomly (stuck).
  6042 | D:5      | 6042 ||| Stepping randomly (stuck).
  6044 | D:5      | 6044 ||| Stepping randomly (stuck).
  6046 | D:5      | 6046 ||| Stepping randomly (stuck).
  6048 | D:5      | 6048 ||| Stepping randomly (stuck).
  6050 | D:5      | 6050 ||| Stepping randomly (stuck).
  6052 | D:5      | 6052 ||| Stepping randomly (stuck).
  6054 | D:5      | 6054 ||| Stepping randomly (stuck).
  6056 | D:5      | 6056 ||| Stepping randomly (stuck).
  6058 | D:5      | 6058 ||| Stepping randomly (stuck).
  6060 | D:5      | 6060 ||| Stepping randomly (stuck).
  6062 | D:5      | 6062 ||| Stepping randomly (stuck).
  6064 | D:5      | 6064 ||| Stepping randomly (stuck).
  6066 | D:5      | 6066 ||| Stepping randomly (stuck).
  6068 | D:5      | 6068 ||| Stepping randomly (stuck).
  6070 | D:5      | 6070 ||| Stepping randomly (stuck).
  6072 | D:5      | 6072 ||| Stepping randomly (stuck).
  6074 | D:5      | 6074 ||| Stepping randomly (stuck).
  6076 | D:5      | 6076 ||| Stepping randomly (stuck).
  6078 | D:5      | 6078 ||| Stepping randomly (stuck).
  6080 | D:5      | 6080 ||| Stepping randomly (stuck).
  6082 | D:5      | 6082 ||| Stepping randomly (stuck).
  6084 | D:5      | 6084 ||| Stepping randomly (stuck).
  6086 | D:5      | 6086 ||| Stepping randomly (stuck).
  6088 | D:5      | 6088 ||| Stepping randomly (stuck).
  6090 | D:5      | 6090 ||| Stepping randomly (stuck).
  6092 | D:5      | 6092 ||| Stepping randomly (stuck).
  6094 | D:5      | 6094 ||| Stepping randomly (stuck).
  6096 | D:5      | 6096 ||| Stepping randomly (stuck).
  6098 | D:5      | 6098 ||| Stepping randomly (stuck).
  6100 | D:5      | 6100 ||| Stepping randomly (stuck).
  6102 | D:5      | 6102 ||| Stepping randomly (stuck).
  6104 | D:5      | 6104 ||| Stepping randomly (stuck).
  6106 | D:5      | 6106 ||| Stepping randomly (stuck).
  6108 | D:5      | 6108 ||| Stepping randomly (stuck).
  6110 | D:5      | 6110 ||| Stepping randomly (stuck).
  6112 | D:5      | 6112 ||| Stepping randomly (stuck).
  6114 | D:5      | 6114 ||| Stepping randomly (stuck).
  6116 | D:5      | 6116 ||| Stepping randomly (stuck).
  6118 | D:5      | 6118 ||| Stepping randomly (stuck).
  6120 | D:5      | 6120 ||| Stepping randomly (stuck).
  6122 | D:5      | 6122 ||| Stepping randomly (stuck).
  6124 | D:5      | 6124 ||| Stepping randomly (stuck).
  6126 | D:5      | 6126 ||| Stepping randomly (stuck).
  6128 | D:5      | 6128 ||| Stepping randomly (stuck).
  6130 | D:5      | 6130 ||| Stepping randomly (stuck).
  6132 | D:5      | 6132 ||| Stepping randomly (stuck).
  6134 | D:5      | 6134 ||| Stepping randomly (stuck).
  6136 | D:5      | 6136 ||| Stepping randomly (stuck).
  6138 | D:5      | 6138 ||| Stepping randomly (stuck).
  6140 | D:5      | 6140 ||| Stepping randomly (stuck).
  6142 | D:5      | 6142 ||| Stepping randomly (stuck).
  6144 | D:5      | 6144 ||| Stepping randomly (stuck).
  6146 | D:5      | 6146 ||| Stepping randomly (stuck).
  6148 | D:5      | 6148 ||| Stepping randomly (stuck).
  6150 | D:5      | 6150 ||| Stepping randomly (stuck).
  6152 | D:5      | 6152 ||| Stepping randomly (stuck).
  6154 | D:5      | 6154 ||| Stepping randomly (stuck).
  6156 | D:5      | 6156 ||| Stepping randomly (stuck).
  6158 | D:5      | 6158 ||| Stepping randomly (stuck).
  6160 | D:5      | 6160 ||| Stepping randomly (stuck).
  6162 | D:5      | 6162 ||| Stepping randomly (stuck).
  6164 | D:5      | 6164 ||| Stepping randomly (stuck).
  6166 | D:5      | 6166 ||| Stepping randomly (stuck).
  6168 | D:5      | 6168 ||| Stepping randomly (stuck).
  6170 | D:5      | 6170 ||| Stepping randomly (stuck).
  6172 | D:5      | 6172 ||| Stepping randomly (stuck).
  6174 | D:5      | 6174 ||| Stepping randomly (stuck).
  6176 | D:5      | 6176 ||| Stepping randomly (stuck).
  6178 | D:5      | 6178 ||| Stepping randomly (stuck).
  6180 | D:5      | 6180 ||| Stepping randomly (stuck).
  6182 | D:5      | 6182 ||| Stepping randomly (stuck).
  6184 | D:5      | 6184 ||| Stepping randomly (stuck).
  6186 | D:5      | 6186 ||| Stepping randomly (stuck).
  6188 | D:5      | 6188 ||| Stepping randomly (stuck).
  6190 | D:5      | 6190 ||| Stepping randomly (stuck).
  6192 | D:5      | 6192 ||| Stepping randomly (stuck).
  6194 | D:5      | 6194 ||| Stepping randomly (stuck).
  6196 | D:5      | 6196 ||| Stepping randomly (stuck).
  6198 | D:5      | 6198 ||| Stepping randomly (stuck).
  6200 | D:5      | 6200 ||| Stepping randomly (stuck).
  6202 | D:5      | 6202 ||| Stepping randomly (stuck).
  6204 | D:5      | 6204 ||| Stepping randomly (stuck).
  6206 | D:5      | 6206 ||| Stepping randomly (stuck).
  6208 | D:5      | 6208 ||| Stepping randomly (stuck).
  6210 | D:5      | 6210 ||| Stepping randomly (stuck).
  6212 | D:5      | 6212 ||| Stepping randomly (stuck).
  6214 | D:5      | 6214 ||| Stepping randomly (stuck).
  6216 | D:5      | 6216 ||| Stepping randomly (stuck).
  6218 | D:5      | 6218 ||| Stepping randomly (stuck).
  6220 | D:5      | 6220 ||| Stepping randomly (stuck).
  6222 | D:5      | 6222 ||| Stepping randomly (stuck).
  6224 | D:5      | 6224 ||| Stepping randomly (stuck).
  6226 | D:5      | 6226 ||| Stepping randomly (stuck).
  6228 | D:5      | 6228 ||| Stepping randomly (stuck).
  6230 | D:5      | 6230 ||| Stepping randomly (stuck).
  6232 | D:5      | 6232 ||| Stepping randomly (stuck).
  6234 | D:5      | 6234 ||| Stepping randomly (stuck).
  6236 | D:5      | 6236 ||| Stepping randomly (stuck).
  6238 | D:5      | 6238 ||| Stepping randomly (stuck).
  6240 | D:5      | 6240 ||| Stepping randomly (stuck).
  6242 | D:5      | 6242 ||| Stepping randomly (stuck).
  6244 | D:5      | 6244 ||| Stepping randomly (stuck).
  6246 | D:5      | 6246 ||| Stepping randomly (stuck).
  6248 | D:5      | 6248 ||| Stepping randomly (stuck).
  6250 | D:5      | 6250 ||| Stepping randomly (stuck).
  6252 | D:5      | 6252 ||| Stepping randomly (stuck).
  6254 | D:5      | 6254 ||| Stepping randomly (stuck).
  6256 | D:5      | 6256 ||| Stepping randomly (stuck).
  6258 | D:5      | 6258 ||| Stepping randomly (stuck).
  6260 | D:5      | 6260 ||| Stepping randomly (stuck).
  6262 | D:5      | 6262 ||| Stepping randomly (stuck).
  6264 | D:5      | 6264 ||| Stepping randomly (stuck).
  6266 | D:5      | 6266 ||| Stepping randomly (stuck).
  6268 | D:5      | 6268 ||| Stepping randomly (stuck).
  6270 | D:5      | 6270 ||| Stepping randomly (stuck).
  6272 | D:5      | 6272 ||| Stepping randomly (stuck).
  6274 | D:5      | 6274 ||| Stepping randomly (stuck).
  6276 | D:5      | 6276 ||| Stepping randomly (stuck).
  6278 | D:5      | 6278 ||| Stepping randomly (stuck).
  6280 | D:5      | 6280 ||| Stepping randomly (stuck).
  6282 | D:5      | 6282 ||| Stepping randomly (stuck).
  6284 | D:5      | 6284 ||| Stepping randomly (stuck).
  6286 | D:5      | 6286 ||| Stepping randomly (stuck).
  6288 | D:5      | 6288 ||| Stepping randomly (stuck).
  6290 | D:5      | 6290 ||| Stepping randomly (stuck).
  6292 | D:5      | 6292 ||| Stepping randomly (stuck).
  6294 | D:5      | 6294 ||| Stepping randomly (stuck).
  6296 | D:5      | 6296 ||| Stepping randomly (stuck).
  6298 | D:5      | 6298 ||| Stepping randomly (stuck).
  6300 | D:5      | 6300 ||| Stepping randomly (stuck).
  6302 | D:5      | 6302 ||| Stepping randomly (stuck).
  6304 | D:5      | 6304 ||| Stepping randomly (stuck).
  6306 | D:5      | 6306 ||| Stepping randomly (stuck).
  6308 | D:5      | 6308 ||| Stepping randomly (stuck).
  6310 | D:5      | 6310 ||| Stepping randomly (stuck).
  6312 | D:5      | 6312 ||| Stepping randomly (stuck).
  6314 | D:5      | 6314 ||| Stepping randomly (stuck).
  6316 | D:5      | 6316 ||| Stepping randomly (stuck).
  6318 | D:5      | 6318 ||| Stepping randomly (stuck).
  6320 | D:5      | 6320 ||| Stepping randomly (stuck).
  6322 | D:5      | 6322 ||| Stepping randomly (stuck).
  6324 | D:5      | 6324 ||| Stepping randomly (stuck).
  6326 | D:5      | 6326 ||| Stepping randomly (stuck).
  6328 | D:5      | 6328 ||| Stepping randomly (stuck).
  6330 | D:5      | 6330 ||| Stepping randomly (stuck).
  6332 | D:5      | 6332 ||| Stepping randomly (stuck).
  6334 | D:5      | 6334 ||| Stepping randomly (stuck).
  6336 | D:5      | 6336 ||| Stepping randomly (stuck).
  6338 | D:5      | 6338 ||| Stepping randomly (stuck).
  6340 | D:5      | 6340 ||| Stepping randomly (stuck).
  6342 | D:5      | 6342 ||| Stepping randomly (stuck).
  6344 | D:5      | 6344 ||| Stepping randomly (stuck).
  6346 | D:5      | 6346 ||| Stepping randomly (stuck).
  6348 | D:5      | 6348 ||| Stepping randomly (stuck).
  6350 | D:5      | 6350 ||| Stepping randomly (stuck).
  6352 | D:5      | 6352 ||| Stepping randomly (stuck).
  6354 | D:5      | 6354 ||| Stepping randomly (stuck).
  6356 | D:5      | 6356 ||| Stepping randomly (stuck).
  6358 | D:5      | 6358 ||| Stepping randomly (stuck).
  6360 | D:5      | 6360 ||| Stepping randomly (stuck).
  6362 | D:5      | 6362 ||| Stepping randomly (stuck).
  6364 | D:5      | 6364 ||| Stepping randomly (stuck).
  6366 | D:5      | 6366 ||| Stepping randomly (stuck).
  6368 | D:5      | 6368 ||| Stepping randomly (stuck).
  6370 | D:5      | 6370 ||| Stepping randomly (stuck).
  6372 | D:5      | 6372 ||| Stepping randomly (stuck).
  6374 | D:5      | 6374 ||| Stepping randomly (stuck).
  6376 | D:5      | 6376 ||| Stepping randomly (stuck).
  6378 | D:5      | 6378 ||| Stepping randomly (stuck).
  6380 | D:5      | 6380 ||| Stepping randomly (stuck).
  6382 | D:5      | 6382 ||| Stepping randomly (stuck).
  6384 | D:5      | 6384 ||| Stepping randomly (stuck).
  6386 | D:5      | 6386 ||| Stepping randomly (stuck).
  6388 | D:5      | 6388 ||| Stepping randomly (stuck).
  6390 | D:5      | 6390 ||| Stepping randomly (stuck).
  6392 | D:5      | 6392 ||| Stepping randomly (stuck).
  6394 | D:5      | 6394 ||| Stepping randomly (stuck).
  6396 | D:5      | 6396 ||| Stepping randomly (stuck).
  6398 | D:5      | 6398 ||| Stepping randomly (stuck).
  6400 | D:5      | 6400 ||| Stepping randomly (stuck).
  6402 | D:5      | 6402 ||| Stepping randomly (stuck).
  6404 | D:5      | 6404 ||| Stepping randomly (stuck).
  6406 | D:5      | 6406 ||| Stepping randomly (stuck).
  6408 | D:5      | 6408 ||| Stepping randomly (stuck).
  6410 | D:5      | 6410 ||| Stepping randomly (stuck).
  6412 | D:5      | 6412 ||| Stepping randomly (stuck).
  6414 | D:5      | 6414 ||| Stepping randomly (stuck).
  6416 | D:5      | 6416 ||| Stepping randomly (stuck).
  6418 | D:5      | 6418 ||| Stepping randomly (stuck).
  6420 | D:5      | 6420 ||| Stepping randomly (stuck).
  6422 | D:5      | 6422 ||| Stepping randomly (stuck).
  6424 | D:5      | 6424 ||| Stepping randomly (stuck).
  6426 | D:5      | 6426 ||| Stepping randomly (stuck).
  6428 | D:5      | 6428 ||| Stepping randomly (stuck).
  6430 | D:5      | 6430 ||| Stepping randomly (stuck).
  6432 | D:5      | 6432 ||| Stepping randomly (stuck).
  6434 | D:5      | 6434 ||| Stepping randomly (stuck).
  6436 | D:5      | 6436 ||| Stepping randomly (stuck).
  6438 | D:5      | 6438 ||| Stepping randomly (stuck).
  6440 | D:5      | 6440 ||| Stepping randomly (stuck).
  6442 | D:5      | 6442 ||| Stepping randomly (stuck).
  6444 | D:5      | 6444 ||| Stepping randomly (stuck).
  6446 | D:5      | 6446 ||| Stepping randomly (stuck).
  6448 | D:5      | 6448 ||| Stepping randomly (stuck).
  6450 | D:5      | 6450 ||| Stepping randomly (stuck).
  6452 | D:5      | 6452 ||| Stepping randomly (stuck).
  6454 | D:5      | 6454 ||| Stepping randomly (stuck).
  6456 | D:5      | 6456 ||| Stepping randomly (stuck).
  6458 | D:5      | 6458 ||| Stepping randomly (stuck).
  6460 | D:5      | 6460 ||| Stepping randomly (stuck).
  6462 | D:5      | 6462 ||| Stepping randomly (stuck).
  6464 | D:5      | 6464 ||| Stepping randomly (stuck).
  6466 | D:5      | 6466 ||| Stepping randomly (stuck).
  6468 | D:5      | 6468 ||| Stepping randomly (stuck).
  6470 | D:5      | 6470 ||| Stepping randomly (stuck).
  6472 | D:5      | 6472 ||| Stepping randomly (stuck).
  6474 | D:5      | 6474 ||| Stepping randomly (stuck).
  6476 | D:5      | 6476 ||| Stepping randomly (stuck).
  6478 | D:5      | 6478 ||| Stepping randomly (stuck).
  6480 | D:5      | 6480 ||| Stepping randomly (stuck).
  6482 | D:5      | 6482 ||| Stepping randomly (stuck).
  6484 | D:5      | 6484 ||| Stepping randomly (stuck).
  6486 | D:5      | 6486 ||| Stepping randomly (stuck).
  6488 | D:5      | 6488 ||| Stepping randomly (stuck).
  6490 | D:5      | 6490 ||| Stepping randomly (stuck).
  6492 | D:5      | 6492 ||| Stepping randomly (stuck).
  6494 | D:5      | 6494 ||| Stepping randomly (stuck).
  6496 | D:5      | 6496 ||| Stepping randomly (stuck).
  6498 | D:5      | 6498 ||| Stepping randomly (stuck).
  6500 | D:5      | 6500 ||| Stepping randomly (stuck).
  6502 | D:5      | 6502 ||| Stepping randomly (stuck).
  6504 | D:5      | 6504 ||| Stepping randomly (stuck).
  6506 | D:5      | 6506 ||| Stepping randomly (stuck).
  6508 | D:5      | 6508 ||| Stepping randomly (stuck).
  6510 | D:5      | 6510 ||| Stepping randomly (stuck).
  6512 | D:5      | 6512 ||| Stepping randomly (stuck).
  6514 | D:5      | 6514 ||| Stepping randomly (stuck).
  6516 | D:5      | 6516 ||| Stepping randomly (stuck).
  6518 | D:5      | 6518 ||| Stepping randomly (stuck).
  6520 | D:5      | 6520 ||| Stepping randomly (stuck).
  6522 | D:5      | 6522 ||| Stepping randomly (stuck).
  6524 | D:5      | 6524 ||| Stepping randomly (stuck).
  6526 | D:5      | 6526 ||| Stepping randomly (stuck).
  6528 | D:5      | 6528 ||| Stepping randomly (stuck).
  6530 | D:5      | 6530 ||| Stepping randomly (stuck).
  6532 | D:5      | 6532 ||| Stepping randomly (stuck).
  6534 | D:5      | 6534 ||| Stepping randomly (stuck).
  6536 | D:5      | 6536 ||| Stepping randomly (stuck).
  6538 | D:5      | 6538 ||| Stepping randomly (stuck).
  6540 | D:5      | 6540 ||| Stepping randomly (stuck).
  6542 | D:5      | 6542 ||| Stepping randomly (stuck).
  6544 | D:5      | 6544 ||| Stepping randomly (stuck).
  6546 | D:5      | 6546 ||| Stepping randomly (stuck).
  6548 | D:5      | 6548 ||| Stepping randomly (stuck).
  6550 | D:5      | 6550 ||| Stepping randomly (stuck).
  6552 | D:5      | 6552 ||| Stepping randomly (stuck).
  6554 | D:5      | 6554 ||| Stepping randomly (stuck).
  6556 | D:5      | 6556 ||| Stepping randomly (stuck).
  6558 | D:5      | 6558 ||| Stepping randomly (stuck).
  6560 | D:5      | 6560 ||| Stepping randomly (stuck).
  6562 | D:5      | 6562 ||| Stepping randomly (stuck).
  6564 | D:5      | 6564 ||| Stepping randomly (stuck).
  6566 | D:5      | 6566 ||| Stepping randomly (stuck).
  6568 | D:5      | 6568 ||| Stepping randomly (stuck).
  6570 | D:5      | 6570 ||| Stepping randomly (stuck).
  6572 | D:5      | 6572 ||| Stepping randomly (stuck).
  6574 | D:5      | 6574 ||| Stepping randomly (stuck).
  6576 | D:5      | 6576 ||| Stepping randomly (stuck).
  6578 | D:5      | 6578 ||| Stepping randomly (stuck).
  6580 | D:5      | 6580 ||| Stepping randomly (stuck).
  6582 | D:5      | 6582 ||| Stepping randomly (stuck).
  6584 | D:5      | 6584 ||| Stepping randomly (stuck).
  6586 | D:5      | 6586 ||| Stepping randomly (stuck).
  6588 | D:5      | 6588 ||| Stepping randomly (stuck).
  6590 | D:5      | 6590 ||| Stepping randomly (stuck).
  6592 | D:5      | 6592 ||| Stepping randomly (stuck).
  6594 | D:5      | 6594 ||| Stepping randomly (stuck).
  6596 | D:5      | 6596 ||| Stepping randomly (stuck).
  6598 | D:5      | 6598 ||| Stepping randomly (stuck).
  6600 | D:5      | 6600 ||| Stepping randomly (stuck).
  6602 | D:5      | 6602 ||| Stepping randomly (stuck).
  6604 | D:5      | 6604 ||| Stepping randomly (stuck).
  6606 | D:5      | 6606 ||| Stepping randomly (stuck).
  6608 | D:5      | 6608 ||| Stepping randomly (stuck).
  6610 | D:5      | 6610 ||| Stepping randomly (stuck).
  6612 | D:5      | 6612 ||| Stepping randomly (stuck).
  6614 | D:5      | 6614 ||| Stepping randomly (stuck).
  6616 | D:5      | 6616 ||| Stepping randomly (stuck).
  6618 | D:5      | 6618 ||| Stepping randomly (stuck).
  6620 | D:5      | 6620 ||| Stepping randomly (stuck).
  6622 | D:5      | 6622 ||| Stepping randomly (stuck).
  6624 | D:5      | 6624 ||| Stepping randomly (stuck).
  6626 | D:5      | 6626 ||| Stepping randomly (stuck).
  6628 | D:5      | 6628 ||| Stepping randomly (stuck).
  6630 | D:5      | 6630 ||| Stepping randomly (stuck).
  6632 | D:5      | 6632 ||| Stepping randomly (stuck).
  6634 | D:5      | 6634 ||| Stepping randomly (stuck).
  6636 | D:5      | 6636 ||| Stepping randomly (stuck).
  6638 | D:5      | 6638 ||| Stepping randomly (stuck).
  6640 | D:5      | 6640 ||| Stepping randomly (stuck).
  6642 | D:5      | 6642 ||| Stepping randomly (stuck).
  6644 | D:5      | 6644 ||| Stepping randomly (stuck).
  6646 | D:5      | 6646 ||| Stepping randomly (stuck).
  6648 | D:5      | 6648 ||| Stepping randomly (stuck).
  6650 | D:5      | 6650 ||| Stepping randomly (stuck).
  6652 | D:5      | 6652 ||| Stepping randomly (stuck).
  6654 | D:5      | 6654 ||| Stepping randomly (stuck).
  6656 | D:5      | 6656 ||| Stepping randomly (stuck).
  6658 | D:5      | 6658 ||| Stepping randomly (stuck).
  6660 | D:5      | 6660 ||| Stepping randomly (stuck).
  6662 | D:5      | 6662 ||| Stepping randomly (stuck).
  6664 | D:5      | 6664 ||| Stepping randomly (stuck).
  6666 | D:5      | 6666 ||| Stepping randomly (stuck).
  6668 | D:5      | 6668 ||| Stepping randomly (stuck).
  6670 | D:5      | 6670 ||| Stepping randomly (stuck).
  6672 | D:5      | 6672 ||| Stepping randomly (stuck).
  6674 | D:5      | 6674 ||| Stepping randomly (stuck).
  6676 | D:5      | 6676 ||| Stepping randomly (stuck).
  6678 | D:5      | 6678 ||| Stepping randomly (stuck).
  6680 | D:5      | 6680 ||| Stepping randomly (stuck).
  6682 | D:5      | 6682 ||| Stepping randomly (stuck).
  6684 | D:5      | 6684 ||| Stepping randomly (stuck).
  6686 | D:5      | 6686 ||| Stepping randomly (stuck).
  6688 | D:5      | 6688 ||| Stepping randomly (stuck).
  6690 | D:5      | 6690 ||| Stepping randomly (stuck).
  6692 | D:5      | 6692 ||| Stepping randomly (stuck).
  6694 | D:5      | 6694 ||| Stepping randomly (stuck).
  6696 | D:5      | 6696 ||| Stepping randomly (stuck).
  6698 | D:5      | 6698 ||| Stepping randomly (stuck).
  6700 | D:5      | 6700 ||| Stepping randomly (stuck).
  6702 | D:5      | 6702 ||| Stepping randomly (stuck).
  6704 | D:5      | 6704 ||| Stepping randomly (stuck).
  6706 | D:5      | 6706 ||| Stepping randomly (stuck).
  6708 | D:5      | 6708 ||| Stepping randomly (stuck).
  6710 | D:5      | 6710 ||| Stepping randomly (stuck).
  6712 | D:5      | 6712 ||| Stepping randomly (stuck).
  6714 | D:5      | 6714 ||| Stepping randomly (stuck).
  6716 | D:5      | 6716 ||| Stepping randomly (stuck).
  6718 | D:5      | 6718 ||| Stepping randomly (stuck).
  6720 | D:5      | 6720 ||| Stepping randomly (stuck).
  6722 | D:5      | 6722 ||| Stepping randomly (stuck).
  6724 | D:5      | 6724 ||| Stepping randomly (stuck).
  6726 | D:5      | 6726 ||| Stepping randomly (stuck).
  6728 | D:5      | 6728 ||| Stepping randomly (stuck).
  6730 | D:5      | 6730 ||| Stepping randomly (stuck).
  6732 | D:5      | 6732 ||| Stepping randomly (stuck).
  6734 | D:5      | 6734 ||| Stepping randomly (stuck).
  6736 | D:5      | 6736 ||| Stepping randomly (stuck).
  6738 | D:5      | 6738 ||| Stepping randomly (stuck).
  6740 | D:5      | 6740 ||| Stepping randomly (stuck).
  6742 | D:5      | 6742 ||| Stepping randomly (stuck).
  6744 | D:5      | 6744 ||| Stepping randomly (stuck).
  6746 | D:5      | 6746 ||| Stepping randomly (stuck).
  6748 | D:5      | 6748 ||| Stepping randomly (stuck).
  6750 | D:5      | 6750 ||| Stepping randomly (stuck).
  6752 | D:5      | 6752 ||| Stepping randomly (stuck).
  6754 | D:5      | 6754 ||| Stepping randomly (stuck).
  6756 | D:5      | 6756 ||| Stepping randomly (stuck).
  6758 | D:5      | 6758 ||| Stepping randomly (stuck).
  6760 | D:5      | 6760 ||| Stepping randomly (stuck).
  6762 | D:5      | 6762 ||| Stepping randomly (stuck).
  6764 | D:5      | 6764 ||| Stepping randomly (stuck).
  6766 | D:5      | 6766 ||| Stepping randomly (stuck).
  6768 | D:5      | 6768 ||| Stepping randomly (stuck).
  6770 | D:5      | 6770 ||| Stepping randomly (stuck).
  6772 | D:5      | 6772 ||| Stepping randomly (stuck).
  6774 | D:5      | 6774 ||| Stepping randomly (stuck).
  6776 | D:5      | 6776 ||| Stepping randomly (stuck).
  6778 | D:5      | 6778 ||| Stepping randomly (stuck).
  6780 | D:5      | 6780 ||| Stepping randomly (stuck).
  6782 | D:5      | 6782 ||| Stepping randomly (stuck).
  6784 | D:5      | 6784 ||| Stepping randomly (stuck).
  6786 | D:5      | 6786 ||| Stepping randomly (stuck).
  6788 | D:5      | 6788 ||| Stepping randomly (stuck).
  6790 | D:5      | 6790 ||| Stepping randomly (stuck).
  6792 | D:5      | 6792 ||| Stepping randomly (stuck).
  6794 | D:5      | 6794 ||| Stepping randomly (stuck).
  6796 | D:5      | 6796 ||| Stepping randomly (stuck).
  6798 | D:5      | 6798 ||| Stepping randomly (stuck).
  6800 | D:5      | 6800 ||| Stepping randomly (stuck).
  6802 | D:5      | 6802 ||| Stepping randomly (stuck).
  6804 | D:5      | 6804 ||| Stepping randomly (stuck).
  6806 | D:5      | 6806 ||| Stepping randomly (stuck).
  6808 | D:5      | 6808 ||| Stepping randomly (stuck).
  6810 | D:5      | 6810 ||| Stepping randomly (stuck).
  6812 | D:5      | 6812 ||| Stepping randomly (stuck).
  6814 | D:5      | 6814 ||| Stepping randomly (stuck).
  6816 | D:5      | 6816 ||| Stepping randomly (stuck).
  6818 | D:5      | 6818 ||| Stepping randomly (stuck).
  6820 | D:5      | 6820 ||| Stepping randomly (stuck).
  6822 | D:5      | 6822 ||| Stepping randomly (stuck).
  6824 | D:5      | 6824 ||| Stepping randomly (stuck).
  6826 | D:5      | 6826 ||| Stepping randomly (stuck).
  6828 | D:5      | 6828 ||| Stepping randomly (stuck).
  6830 | D:5      | 6830 ||| Stepping randomly (stuck).
  6832 | D:5      | 6832 ||| Stepping randomly (stuck).
  6834 | D:5      | 6834 ||| Stepping randomly (stuck).
  6836 | D:5      | 6836 ||| Stepping randomly (stuck).
  6838 | D:5      | 6838 ||| Stepping randomly (stuck).
  6840 | D:5      | 6840 ||| Stepping randomly (stuck).
  6842 | D:5      | 6842 ||| Stepping randomly (stuck).
  6844 | D:5      | 6844 ||| Stepping randomly (stuck).
  6846 | D:5      | 6846 ||| Stepping randomly (stuck).
  6848 | D:5      | 6848 ||| Stepping randomly (stuck).
  6850 | D:5      | 6850 ||| Stepping randomly (stuck).
  6852 | D:5      | 6852 ||| Stepping randomly (stuck).
  6854 | D:5      | 6854 ||| Stepping randomly (stuck).
  6856 | D:5      | 6856 ||| Stepping randomly (stuck).
  6858 | D:5      | 6858 ||| Stepping randomly (stuck).
  6860 | D:5      | 6860 ||| Stepping randomly (stuck).
  6862 | D:5      | 6862 ||| Stepping randomly (stuck).
  6864 | D:5      | 6864 ||| Stepping randomly (stuck).
  6866 | D:5      | 6866 ||| Stepping randomly (stuck).
  6868 | D:5      | 6868 ||| Stepping randomly (stuck).
  6870 | D:5      | 6870 ||| Stepping randomly (stuck).
  6872 | D:5      | 6872 ||| Stepping randomly (stuck).
  6874 | D:5      | 6874 ||| Stepping randomly (stuck).
  6876 | D:5      | 6876 ||| Stepping randomly (stuck).
  6878 | D:5      | 6878 ||| Stepping randomly (stuck).
  6880 | D:5      | 6880 ||| Stepping randomly (stuck).
  6882 | D:5      | 6882 ||| Stepping randomly (stuck).
  6884 | D:5      | 6884 ||| Stepping randomly (stuck).
  6886 | D:5      | 6886 ||| Stepping randomly (stuck).
  6888 | D:5      | 6888 ||| Stepping randomly (stuck).
  6890 | D:5      | 6890 ||| Stepping randomly (stuck).
  6892 | D:5      | 6892 ||| Stepping randomly (stuck).
  6894 | D:5      | 6894 ||| Stepping randomly (stuck).
  6896 | D:5      | 6896 ||| Stepping randomly (stuck).
  6898 | D:5      | 6898 ||| Stepping randomly (stuck).
  6900 | D:5      | 6900 ||| Stepping randomly (stuck).
  6902 | D:5      | 6902 ||| Stepping randomly (stuck).
  6904 | D:5      | 6904 ||| Stepping randomly (stuck).
  6906 | D:5      | 6906 ||| Stepping randomly (stuck).
  6908 | D:5      | 6908 ||| Stepping randomly (stuck).
  6910 | D:5      | 6910 ||| Stepping randomly (stuck).
  6912 | D:5      | 6912 ||| Stepping randomly (stuck).
  6914 | D:5      | 6914 ||| Stepping randomly (stuck).
  6916 | D:5      | 6916 ||| Stepping randomly (stuck).
  6918 | D:5      | 6918 ||| Stepping randomly (stuck).
  6920 | D:5      | 6920 ||| Stepping randomly (stuck).
  6922 | D:5      | 6922 ||| Stepping randomly (stuck).
  6924 | D:5      | 6924 ||| Stepping randomly (stuck).
  6926 | D:5      | 6926 ||| Stepping randomly (stuck).
  6928 | D:5      | 6928 ||| Stepping randomly (stuck).
  6930 | D:5      | 6930 ||| Stepping randomly (stuck).
  6932 | D:5      | 6932 ||| Stepping randomly (stuck).
  6934 | D:5      | 6934 ||| Stepping randomly (stuck).
  6936 | D:5      | 6936 ||| Stepping randomly (stuck).
  6938 | D:5      | 6938 ||| Stepping randomly (stuck).
  6940 | D:5      | 6940 ||| Stepping randomly (stuck).
  6942 | D:5      | 6942 ||| Stepping randomly (stuck).
  6944 | D:5      | 6944 ||| Stepping randomly (stuck).
  6946 | D:5      | 6946 ||| Stepping randomly (stuck).
  6948 | D:5      | 6948 ||| Stepping randomly (stuck).
  6950 | D:5      | 6950 ||| Stepping randomly (stuck).
  6952 | D:5      | 6952 ||| Stepping randomly (stuck).
  6954 | D:5      | 6954 ||| Stepping randomly (stuck).
  6956 | D:5      | 6956 ||| Stepping randomly (stuck).
  6958 | D:5      | 6958 ||| Stepping randomly (stuck).
  6960 | D:5      | 6960 ||| Stepping randomly (stuck).
  6962 | D:5      | 6962 ||| Stepping randomly (stuck).
  6964 | D:5      | 6964 ||| Stepping randomly (stuck).
  6966 | D:5      | 6966 ||| Stepping randomly (stuck).
  6968 | D:5      | 6968 ||| Stepping randomly (stuck).
  6970 | D:5      | 6970 ||| Stepping randomly (stuck).
  6972 | D:5      | 6972 ||| Stepping randomly (stuck).
  6974 | D:5      | 6974 ||| Stepping randomly (stuck).
  6976 | D:5      | 6976 ||| Stepping randomly (stuck).
  6978 | D:5      | 6978 ||| Stepping randomly (stuck).
  6980 | D:5      | 6980 ||| Stepping randomly (stuck).
  6982 | D:5      | 6982 ||| Stepping randomly (stuck).
  6984 | D:5      | 6984 ||| Stepping randomly (stuck).
  6986 | D:5      | 6986 ||| Stepping randomly (stuck).
  6988 | D:5      | 6988 ||| Stepping randomly (stuck).
  6990 | D:5      | 6990 ||| Stepping randomly (stuck).
  6992 | D:5      | 6992 ||| Stepping randomly (stuck).
  6994 | D:5      | 6994 ||| Stepping randomly (stuck).
  6996 | D:5      | 6996 ||| Stepping randomly (stuck).
  6998 | D:5      | 6998 ||| Stepping randomly (stuck).
  7000 | D:5      | 7000 ||| Stepping randomly (stuck).
  7002 | D:5      | 7002 ||| Stepping randomly (stuck).
  7004 | D:5      | 7004 ||| Stepping randomly (stuck).
  7006 | D:5      | 7006 ||| Stepping randomly (stuck).
  7008 | D:5      | 7008 ||| Stepping randomly (stuck).
  7010 | D:5      | 7010 ||| Stepping randomly (stuck).
  7012 | D:5      | 7012 ||| Stepping randomly (stuck).
  7014 | D:5      | 7014 ||| Stepping randomly (stuck).
  7016 | D:5      | 7016 ||| Stepping randomly (stuck).
  7018 | D:5      | 7018 ||| Stepping randomly (stuck).
  7020 | D:5      | 7020 ||| Stepping randomly (stuck).
  7022 | D:5      | 7022 ||| Stepping randomly (stuck).
  7024 | D:5      | 7024 ||| Stepping randomly (stuck).
  7026 | D:5      | 7026 ||| Stepping randomly (stuck).
  7028 | D:5      | 7028 ||| Stepping randomly (stuck).
  7030 | D:5      | 7030 ||| Stepping randomly (stuck).
  7032 | D:5      | 7032 ||| Stepping randomly (stuck).
  7034 | D:5      | 7034 ||| Stepping randomly (stuck).
  7036 | D:5      | 7036 ||| Stepping randomly (stuck).
  7038 | D:5      | 7038 ||| Stepping randomly (stuck).
  7040 | D:5      | 7040 ||| Stepping randomly (stuck).
  7042 | D:5      | 7042 ||| Stepping randomly (stuck).
  7044 | D:5      | 7044 ||| Stepping randomly (stuck).
  7046 | D:5      | 7046 ||| Stepping randomly (stuck).
  7048 | D:5      | 7048 ||| Stepping randomly (stuck).
  7050 | D:5      | 7050 ||| Stepping randomly (stuck).
  7052 | D:5      | 7052 ||| Stepping randomly (stuck).
  7054 | D:5      | 7054 ||| Stepping randomly (stuck).
  7056 | D:5      | 7056 ||| Stepping randomly (stuck).
  7058 | D:5      | 7058 ||| Stepping randomly (stuck).
  7060 | D:5      | 7060 ||| Stepping randomly (stuck).
  7062 | D:5      | 7062 ||| Stepping randomly (stuck).
  7064 | D:5      | 7064 ||| Stepping randomly (stuck).
  7066 | D:5      | 7066 ||| Stepping randomly (stuck).
  7068 | D:5      | 7068 ||| Stepping randomly (stuck).
  7070 | D:5      | 7070 ||| Stepping randomly (stuck).
  7072 | D:5      | 7072 ||| Stepping randomly (stuck).
  7074 | D:5      | 7074 ||| Stepping randomly (stuck).
  7076 | D:5      | 7076 ||| Stepping randomly (stuck).
  7078 | D:5      | 7078 ||| Stepping randomly (stuck).
  7080 | D:5      | 7080 ||| Stepping randomly (stuck).
  7082 | D:5      | 7082 ||| Stepping randomly (stuck).
  7084 | D:5      | 7084 ||| Stepping randomly (stuck).
  7086 | D:5      | 7086 ||| Stepping randomly (stuck).
  7088 | D:5      | 7088 ||| Stepping randomly (stuck).
  7090 | D:5      | 7090 ||| Stepping randomly (stuck).
  7092 | D:5      | 7092 ||| Stepping randomly (stuck).
  7094 | D:5      | 7094 ||| Stepping randomly (stuck).
  7096 | D:5      | 7096 ||| Stepping randomly (stuck).
  7098 | D:5      | 7098 ||| Stepping randomly (stuck).
  7100 | D:5      | 7100 ||| Stepping randomly (stuck).
  7102 | D:5      | 7102 ||| Stepping randomly (stuck).
  7104 | D:5      | 7104 ||| Stepping randomly (stuck).
  7106 | D:5      | 7106 ||| Stepping randomly (stuck).
  7108 | D:5      | 7108 ||| Stepping randomly (stuck).
  7110 | D:5      | 7110 ||| Stepping randomly (stuck).
  7112 | D:5      | 7112 ||| Stepping randomly (stuck).
  7114 | D:5      | 7114 ||| Stepping randomly (stuck).
  7116 | D:5      | 7116 ||| Stepping randomly (stuck).
  7118 | D:5      | 7118 ||| Stepping randomly (stuck).
  7120 | D:5      | 7120 ||| Stepping randomly (stuck).
  7122 | D:5      | 7122 ||| Stepping randomly (stuck).
  7124 | D:5      | 7124 ||| Stepping randomly (stuck).
  7126 | D:5      | 7126 ||| Stepping randomly (stuck).
  7128 | D:5      | 7128 ||| Stepping randomly (stuck).
  7130 | D:5      | 7130 ||| Stepping randomly (stuck).
  7132 | D:5      | 7132 ||| Stepping randomly (stuck).
  7134 | D:5      | 7134 ||| Stepping randomly (stuck).
  7136 | D:5      | 7136 ||| Stepping randomly (stuck).
  7138 | D:5      | 7138 ||| Stepping randomly (stuck).
  7140 | D:5      | 7140 ||| Stepping randomly (stuck).
  7142 | D:5      | 7142 ||| Stepping randomly (stuck).
  7144 | D:5      | 7144 ||| Stepping randomly (stuck).
  7146 | D:5      | 7146 ||| Stepping randomly (stuck).
  7148 | D:5      | 7148 ||| Stepping randomly (stuck).
  7150 | D:5      | 7150 ||| Stepping randomly (stuck).
  7152 | D:5      | 7152 ||| Stepping randomly (stuck).
  7154 | D:5      | 7154 ||| Stepping randomly (stuck).
  7156 | D:5      | 7156 ||| Stepping randomly (stuck).
  7158 | D:5      | 7158 ||| Stepping randomly (stuck).
  7160 | D:5      | 7160 ||| Stepping randomly (stuck).
  7162 | D:5      | 7162 ||| Stepping randomly (stuck).
  7164 | D:5      | 7164 ||| Stepping randomly (stuck).
  7166 | D:5      | 7166 ||| Stepping randomly (stuck).
  7168 | D:5      | 7168 ||| Stepping randomly (stuck).
  7170 | D:5      | 7170 ||| Stepping randomly (stuck).
  7172 | D:5      | 7172 ||| Stepping randomly (stuck).
  7174 | D:5      | 7174 ||| Stepping randomly (stuck).
  7176 | D:5      | 7176 ||| Stepping randomly (stuck).
  7178 | D:5      | 7178 ||| Stepping randomly (stuck).
  7180 | D:5      | 7180 ||| Stepping randomly (stuck).
  7182 | D:5      | 7182 ||| Stepping randomly (stuck).
  7184 | D:5      | 7184 ||| Stepping randomly (stuck).
  7186 | D:5      | 7186 ||| Stepping randomly (stuck).
  7188 | D:5      | 7188 ||| Stepping randomly (stuck).
  7190 | D:5      | 7190 ||| Stepping randomly (stuck).
  7192 | D:5      | 7192 ||| Stepping randomly (stuck).
  7194 | D:5      | 7194 ||| Stepping randomly (stuck).
  7196 | D:5      | 7196 ||| Stepping randomly (stuck).
  7198 | D:5      | 7198 ||| Stepping randomly (stuck).
  7200 | D:5      | 7200 ||| Stepping randomly (stuck).
  7202 | D:5      | 7202 ||| Stepping randomly (stuck).
  7204 | D:5      | 7204 ||| Stepping randomly (stuck).
  7206 | D:5      | 7206 ||| Stepping randomly (stuck).
  7208 | D:5      | 7208 ||| Stepping randomly (stuck).
  7210 | D:5      | 7210 ||| Stepping randomly (stuck).
  7212 | D:5      | 7212 ||| Stepping randomly (stuck).
  7214 | D:5      | 7214 ||| Stepping randomly (stuck).
  7216 | D:5      | 7216 ||| Stepping randomly (stuck).
  7218 | D:5      | 7218 ||| Stepping randomly (stuck).
  7220 | D:5      | 7220 ||| Stepping randomly (stuck).
  7222 | D:5      | 7222 ||| Stepping randomly (stuck).
  7224 | D:5      | 7224 ||| Stepping randomly (stuck).
  7226 | D:5      | 7226 ||| Stepping randomly (stuck).
  7228 | D:5      | 7228 ||| Stepping randomly (stuck).
  7230 | D:5      | 7230 ||| Stepping randomly (stuck).
  7232 | D:5      | 7232 ||| Stepping randomly (stuck).
  7234 | D:5      | 7234 ||| Stepping randomly (stuck).
  7236 | D:5      | 7236 ||| Stepping randomly (stuck).
  7238 | D:5      | 7238 ||| Stepping randomly (stuck).
  7240 | D:5      | 7240 ||| Stepping randomly (stuck).
  7242 | D:5      | 7242 ||| Stepping randomly (stuck).
  7244 | D:5      | 7244 ||| Stepping randomly (stuck).
  7246 | D:5      | 7246 ||| Stepping randomly (stuck).
  7248 | D:5      | 7248 ||| Stepping randomly (stuck).
  7250 | D:5      | 7250 ||| Stepping randomly (stuck).
  7252 | D:5      | 7252 ||| Stepping randomly (stuck).
  7254 | D:5      | 7254 ||| Stepping randomly (stuck).
  7256 | D:5      | 7256 ||| Stepping randomly (stuck).
  7258 | D:5      | 7258 ||| Stepping randomly (stuck).
  7260 | D:5      | 7260 ||| Stepping randomly (stuck).
  7262 | D:5      | 7262 ||| Stepping randomly (stuck).
  7264 | D:5      | 7264 ||| Stepping randomly (stuck).
  7266 | D:5      | 7266 ||| Stepping randomly (stuck).
  7268 | D:5      | 7268 ||| Stepping randomly (stuck).
  7270 | D:5      | 7270 ||| Stepping randomly (stuck).
  7272 | D:5      | 7272 ||| Stepping randomly (stuck).
  7274 | D:5      | 7274 ||| Stepping randomly (stuck).
  7276 | D:5      | 7276 ||| Stepping randomly (stuck).
  7278 | D:5      | 7278 ||| Stepping randomly (stuck).
  7280 | D:5      | 7280 ||| Stepping randomly (stuck).
  7282 | D:5      | 7282 ||| Stepping randomly (stuck).
  7284 | D:5      | 7284 ||| Stepping randomly (stuck).
  7286 | D:5      | 7286 ||| Stepping randomly (stuck).
  7288 | D:5      | 7288 ||| Stepping randomly (stuck).
  7290 | D:5      | 7290 ||| Stepping randomly (stuck).
  7292 | D:5      | 7292 ||| Stepping randomly (stuck).
  7294 | D:5      | 7294 ||| Stepping randomly (stuck).
  7296 | D:5      | 7296 ||| Stepping randomly (stuck).
  7298 | D:5      | 7298 ||| Stepping randomly (stuck).
  7300 | D:5      | 7300 ||| Stepping randomly (stuck).
  7302 | D:5      | 7302 ||| Stepping randomly (stuck).
  7304 | D:5      | 7304 ||| Stepping randomly (stuck).
  7306 | D:5      | 7306 ||| Stepping randomly (stuck).
  7308 | D:5      | 7308 ||| Stepping randomly (stuck).
  7310 | D:5      | 7310 ||| Stepping randomly (stuck).
  7312 | D:5      | 7312 ||| Stepping randomly (stuck).
  7314 | D:5      | 7314 ||| Stepping randomly (stuck).
  7316 | D:5      | 7316 ||| Stepping randomly (stuck).
  7318 | D:5      | 7318 ||| Stepping randomly (stuck).
  7320 | D:5      | 7320 ||| Stepping randomly (stuck).
  7322 | D:5      | 7322 ||| Stepping randomly (stuck).
  7324 | D:5      | 7324 ||| Stepping randomly (stuck).
  7326 | D:5      | 7326 ||| Stepping randomly (stuck).
  7328 | D:5      | 7328 ||| Stepping randomly (stuck).
  7330 | D:5      | 7330 ||| Stepping randomly (stuck).
  7332 | D:5      | 7332 ||| Stepping randomly (stuck).
  7334 | D:5      | 7334 ||| Stepping randomly (stuck).
  7336 | D:5      | 7336 ||| Stepping randomly (stuck).
  7338 | D:5      | 7338 ||| Stepping randomly (stuck).
  7340 | D:5      | 7340 ||| Stepping randomly (stuck).
  7342 | D:5      | 7342 ||| Stepping randomly (stuck).
  7344 | D:5      | 7344 ||| Stepping randomly (stuck).
  7346 | D:5      | 7346 ||| Stepping randomly (stuck).
  7348 | D:5      | 7348 ||| Stepping randomly (stuck).
  7350 | D:5      | 7350 ||| Stepping randomly (stuck).
  7352 | D:5      | 7352 ||| Stepping randomly (stuck).
  7354 | D:5      | 7354 ||| Stepping randomly (stuck).
  7356 | D:5      | 7356 ||| Stepping randomly (stuck).
  7358 | D:5      | 7358 ||| Stepping randomly (stuck).
  7360 | D:5      | 7360 ||| Stepping randomly (stuck).
  7362 | D:5      | 7362 ||| Stepping randomly (stuck).
  7364 | D:5      | 7364 ||| Stepping randomly (stuck).
  7366 | D:5      | 7366 ||| Stepping randomly (stuck).
  7368 | D:5      | 7368 ||| Stepping randomly (stuck).
  7370 | D:5      | 7370 ||| Stepping randomly (stuck).
  7372 | D:5      | 7372 ||| Stepping randomly (stuck).
  7374 | D:5      | 7374 ||| Stepping randomly (stuck).
  7376 | D:5      | 7376 ||| Stepping randomly (stuck).
  7378 | D:5      | 7378 ||| Stepping randomly (stuck).
  7380 | D:5      | 7380 ||| Stepping randomly (stuck).
  7382 | D:5      | 7382 ||| Stepping randomly (stuck).
  7384 | D:5      | 7384 ||| Stepping randomly (stuck).
  7386 | D:5      | 7386 ||| Stepping randomly (stuck).
  7388 | D:5      | 7388 ||| Stepping randomly (stuck).
  7390 | D:5      | 7390 ||| Stepping randomly (stuck).
  7392 | D:5      | 7392 ||| Stepping randomly (stuck).
  7394 | D:5      | 7394 ||| Stepping randomly (stuck).
  7396 | D:5      | 7396 ||| Stepping randomly (stuck).
  7398 | D:5      | 7398 ||| Stepping randomly (stuck).
  7400 | D:5      | 7400 ||| Stepping randomly (stuck).
  7402 | D:5      | 7402 ||| Stepping randomly (stuck).
  7404 | D:5      | 7404 ||| Stepping randomly (stuck).
  7406 | D:5      | 7406 ||| Stepping randomly (stuck).
  7408 | D:5      | 7408 ||| Stepping randomly (stuck).
  7410 | D:5      | 7410 ||| Stepping randomly (stuck).
  7412 | D:5      | 7412 ||| Stepping randomly (stuck).
  7414 | D:5      | 7414 ||| Stepping randomly (stuck).
  7416 | D:5      | 7416 ||| Stepping randomly (stuck).
  7418 | D:5      | 7418 ||| Stepping randomly (stuck).
  7420 | D:5      | 7420 ||| Stepping randomly (stuck).
  7422 | D:5      | 7422 ||| Stepping randomly (stuck).
  7424 | D:5      | 7424 ||| Stepping randomly (stuck).
  7426 | D:5      | 7426 ||| Stepping randomly (stuck).
  7428 | D:5      | 7428 ||| Stepping randomly (stuck).
  7430 | D:5      | 7430 ||| Stepping randomly (stuck).
  7432 | D:5      | 7432 ||| Stepping randomly (stuck).
  7434 | D:5      | 7434 ||| Stepping randomly (stuck).
  7436 | D:5      | 7436 ||| Stepping randomly (stuck).
  7438 | D:5      | 7438 ||| Stepping randomly (stuck).
  7440 | D:5      | 7440 ||| Stepping randomly (stuck).
  7442 | D:5      | 7442 ||| Stepping randomly (stuck).
  7444 | D:5      | 7444 ||| Stepping randomly (stuck).
  7446 | D:5      | 7446 ||| Stepping randomly (stuck).
  7448 | D:5      | 7448 ||| Stepping randomly (stuck).
  7450 | D:5      | 7450 ||| Stepping randomly (stuck).
  7452 | D:5      | 7452 ||| Stepping randomly (stuck).
  7454 | D:5      | 7454 ||| Stepping randomly (stuck).
  7456 | D:5      | 7456 ||| Stepping randomly (stuck).
  7458 | D:5      | 7458 ||| Stepping randomly (stuck).
  7460 | D:5      | 7460 ||| Stepping randomly (stuck).
  7462 | D:5      | 7462 ||| Stepping randomly (stuck).
  7464 | D:5      | 7464 ||| Stepping randomly (stuck).
  7466 | D:5      | 7466 ||| Stepping randomly (stuck).
  7468 | D:5      | 7468 ||| Stepping randomly (stuck).
  7470 | D:5      | 7470 ||| Stepping randomly (stuck).
  7472 | D:5      | 7472 ||| Stepping randomly (stuck).
  7474 | D:5      | 7474 ||| Stepping randomly (stuck).
  7476 | D:5      | 7476 ||| Stepping randomly (stuck).
  7478 | D:5      | 7478 ||| Stepping randomly (stuck).
  7480 | D:5      | 7480 ||| Stepping randomly (stuck).
  7482 | D:5      | 7482 ||| Stepping randomly (stuck).
  7484 | D:5      | 7484 ||| Stepping randomly (stuck).
  7486 | D:5      | 7486 ||| Stepping randomly (stuck).
  7488 | D:5      | 7488 ||| Stepping randomly (stuck).
  7490 | D:5      | 7490 ||| Stepping randomly (stuck).
  7492 | D:5      | 7492 ||| Stepping randomly (stuck).
  7494 | D:5      | 7494 ||| Stepping randomly (stuck).
  7496 | D:5      | 7496 ||| Stepping randomly (stuck).
  7498 | D:5      | 7498 ||| Stepping randomly (stuck).
  7500 | D:5      | 7500 ||| Stepping randomly (stuck).
  7502 | D:5      | 7502 ||| Stepping randomly (stuck).
  7504 | D:5      | 7504 ||| Stepping randomly (stuck).
  7506 | D:5      | 7506 ||| Stepping randomly (stuck).
  7508 | D:5      | 7508 ||| Stepping randomly (stuck).
  7510 | D:5      | 7510 ||| Stepping randomly (stuck).
  7512 | D:5      | 7512 ||| Stepping randomly (stuck).
  7514 | D:5      | 7514 ||| Stepping randomly (stuck).
  7516 | D:5      | 7516 ||| Stepping randomly (stuck).
  7518 | D:5      | 7518 ||| Stepping randomly (stuck).
  7520 | D:5      | 7520 ||| Stepping randomly (stuck).
  7522 | D:5      | 7522 ||| Stepping randomly (stuck).
  7524 | D:5      | 7524 ||| Stepping randomly (stuck).
  7526 | D:5      | 7526 ||| Stepping randomly (stuck).
  7528 | D:5      | 7528 ||| Stepping randomly (stuck).
  7530 | D:5      | 7530 ||| Stepping randomly (stuck).
  7532 | D:5      | 7532 ||| Stepping randomly (stuck).
  7534 | D:5      | 7534 ||| Stepping randomly (stuck).
  7536 | D:5      | 7536 ||| Stepping randomly (stuck).
  7538 | D:5      | 7538 ||| Stepping randomly (stuck).
  7540 | D:5      | 7540 ||| Stepping randomly (stuck).
  7542 | D:5      | 7542 ||| Stepping randomly (stuck).
  7544 | D:5      | 7544 ||| Stepping randomly (stuck).
  7546 | D:5      | 7546 ||| Stepping randomly (stuck).
  7548 | D:5      | 7548 ||| Stepping randomly (stuck).
  7550 | D:5      | 7550 ||| Stepping randomly (stuck).
  7552 | D:5      | 7552 ||| Stepping randomly (stuck).
  7554 | D:5      | 7554 ||| Stepping randomly (stuck).
  7556 | D:5      | 7556 ||| Stepping randomly (stuck).
  7558 | D:5      | 7558 ||| Stepping randomly (stuck).
  7560 | D:5      | 7560 ||| Stepping randomly (stuck).
  7562 | D:5      | 7562 ||| Stepping randomly (stuck).
  7564 | D:5      | 7564 ||| Stepping randomly (stuck).
  7566 | D:5      | 7566 ||| Stepping randomly (stuck).
  7568 | D:5      | 7568 ||| Stepping randomly (stuck).
  7570 | D:5      | 7570 ||| Stepping randomly (stuck).
  7572 | D:5      | 7572 ||| Stepping randomly (stuck).
  7574 | D:5      | 7574 ||| Stepping randomly (stuck).
  7576 | D:5      | 7576 ||| Stepping randomly (stuck).
  7578 | D:5      | 7578 ||| Stepping randomly (stuck).
  7580 | D:5      | 7580 ||| Stepping randomly (stuck).
  7582 | D:5      | 7582 ||| Stepping randomly (stuck).
  7584 | D:5      | 7584 ||| Stepping randomly (stuck).
  7586 | D:5      | 7586 ||| Stepping randomly (stuck).
  7588 | D:5      | 7588 ||| Stepping randomly (stuck).
  7590 | D:5      | 7590 ||| Stepping randomly (stuck).
  7592 | D:5      | 7592 ||| Stepping randomly (stuck).
  7594 | D:5      | 7594 ||| Stepping randomly (stuck).
  7596 | D:5      | 7596 ||| Stepping randomly (stuck).
  7598 | D:5      | 7598 ||| Stepping randomly (stuck).
  7600 | D:5      | 7600 ||| Stepping randomly (stuck).
  7602 | D:5      | 7602 ||| Stepping randomly (stuck).
  7604 | D:5      | 7604 ||| Stepping randomly (stuck).
  7606 | D:5      | 7606 ||| Stepping randomly (stuck).
  7608 | D:5      | 7608 ||| Stepping randomly (stuck).
  7610 | D:5      | 7610 ||| Stepping randomly (stuck).
  7612 | D:5      | 7612 ||| Stepping randomly (stuck).
  7614 | D:5      | 7614 ||| Stepping randomly (stuck).
  7616 | D:5      | 7616 ||| Stepping randomly (stuck).
  7618 | D:5      | 7618 ||| Stepping randomly (stuck).
  7620 | D:5      | 7620 ||| Stepping randomly (stuck).
  7622 | D:5      | 7622 ||| Stepping randomly (stuck).
  7624 | D:5      | 7624 ||| Stepping randomly (stuck).
  7626 | D:5      | 7626 ||| Stepping randomly (stuck).
  7628 | D:5      | 7628 ||| Stepping randomly (stuck).
  7630 | D:5      | 7630 ||| Stepping randomly (stuck).
  7632 | D:5      | 7632 ||| Stepping randomly (stuck).
  7634 | D:5      | 7634 ||| Stepping randomly (stuck).
  7636 | D:5      | 7636 ||| Stepping randomly (stuck).
  7638 | D:5      | 7638 ||| Stepping randomly (stuck).
  7640 | D:5      | 7640 ||| Stepping randomly (stuck).
  7642 | D:5      | 7642 ||| Stepping randomly (stuck).
  7644 | D:5      | 7644 ||| Stepping randomly (stuck).
  7646 | D:5      | 7646 ||| Stepping randomly (stuck).
  7648 | D:5      | 7648 ||| Stepping randomly (stuck).
  7650 | D:5      | 7650 ||| Stepping randomly (stuck).
  7652 | D:5      | 7652 ||| Stepping randomly (stuck).
  7654 | D:5      | 7654 ||| Stepping randomly (stuck).
  7656 | D:5      | 7656 ||| Stepping randomly (stuck).
  7658 | D:5      | 7658 ||| Stepping randomly (stuck).
  7660 | D:5      | 7660 ||| Stepping randomly (stuck).
  7662 | D:5      | 7662 ||| Stepping randomly (stuck).
  7664 | D:5      | 7664 ||| Stepping randomly (stuck).
  7666 | D:5      | 7666 ||| Stepping randomly (stuck).
  7668 | D:5      | 7668 ||| Stepping randomly (stuck).
  7670 | D:5      | 7670 ||| Stepping randomly (stuck).
  7672 | D:5      | 7672 ||| Stepping randomly (stuck).
  7674 | D:5      | 7674 ||| Stepping randomly (stuck).
  7676 | D:5      | 7676 ||| Stepping randomly (stuck).
  7678 | D:5      | 7678 ||| Stepping randomly (stuck).
  7680 | D:5      | 7680 ||| Stepping randomly (stuck).
  7682 | D:5      | 7682 ||| Stepping randomly (stuck).
  7684 | D:5      | 7684 ||| Stepping randomly (stuck).
  7686 | D:5      | 7686 ||| Stepping randomly (stuck).
  7688 | D:5      | 7688 ||| Stepping randomly (stuck).
  7690 | D:5      | 7690 ||| Stepping randomly (stuck).
  7692 | D:5      | 7692 ||| Stepping randomly (stuck).
  7694 | D:5      | 7694 ||| Stepping randomly (stuck).
  7696 | D:5      | 7696 ||| Stepping randomly (stuck).
  7698 | D:5      | 7698 ||| Stepping randomly (stuck).
  7700 | D:5      | 7700 ||| Stepping randomly (stuck).
  7702 | D:5      | 7702 ||| Stepping randomly (stuck).
  7704 | D:5      | 7704 ||| Stepping randomly (stuck).
  7706 | D:5      | 7706 ||| Stepping randomly (stuck).
  7708 | D:5      | 7708 ||| Stepping randomly (stuck).
  7710 | D:5      | 7710 ||| Stepping randomly (stuck).
  7712 | D:5      | 7712 ||| Stepping randomly (stuck).
  7714 | D:5      | 7714 ||| Stepping randomly (stuck).
  7716 | D:5      | 7716 ||| Stepping randomly (stuck).
  7718 | D:5      | 7718 ||| Stepping randomly (stuck).
  7720 | D:5      | 7720 ||| Stepping randomly (stuck).
  7722 | D:5      | 7722 ||| Stepping randomly (stuck).
  7724 | D:5      | 7724 ||| Stepping randomly (stuck).
  7726 | D:5      | 7726 ||| Stepping randomly (stuck).
  7728 | D:5      | 7728 ||| Stepping randomly (stuck).
  7730 | D:5      | 7730 ||| Stepping randomly (stuck).
  7732 | D:5      | 7732 ||| Stepping randomly (stuck).
  7734 | D:5      | 7734 ||| Stepping randomly (stuck).
  7736 | D:5      | 7736 ||| Stepping randomly (stuck).
  7738 | D:5      | 7738 ||| Stepping randomly (stuck).
  7740 | D:5      | 7740 ||| Stepping randomly (stuck).
  7742 | D:5      | 7742 ||| Stepping randomly (stuck).
  7744 | D:5      | 7744 ||| Stepping randomly (stuck).
  7746 | D:5      | 7746 ||| Stepping randomly (stuck).
  7748 | D:5      | 7748 ||| Stepping randomly (stuck).
  7750 | D:5      | 7750 ||| Stepping randomly (stuck).
  7752 | D:5      | 7752 ||| Stepping randomly (stuck).
  7754 | D:5      | 7754 ||| Stepping randomly (stuck).
  7756 | D:5      | 7756 ||| Stepping randomly (stuck).
  7758 | D:5      | 7758 ||| Stepping randomly (stuck).
  7760 | D:5      | 7760 ||| Stepping randomly (stuck).
  7762 | D:5      | 7762 ||| Stepping randomly (stuck).
  7764 | D:5      | 7764 ||| Stepping randomly (stuck).
  7766 | D:5      | 7766 ||| Stepping randomly (stuck).
  7768 | D:5      | 7768 ||| Stepping randomly (stuck).
  7770 | D:5      | 7770 ||| Stepping randomly (stuck).
  7772 | D:5      | 7772 ||| Stepping randomly (stuck).
  7774 | D:5      | 7774 ||| Stepping randomly (stuck).
  7776 | D:5      | 7776 ||| Stepping randomly (stuck).
  7778 | D:5      | 7778 ||| Stepping randomly (stuck).
  7780 | D:5      | 7780 ||| Stepping randomly (stuck).
  7782 | D:5      | 7782 ||| Stepping randomly (stuck).
  7784 | D:5      | 7784 ||| Stepping randomly (stuck).
  7786 | D:5      | 7786 ||| Stepping randomly (stuck).
  7788 | D:5      | 7788 ||| Stepping randomly (stuck).
  7790 | D:5      | 7790 ||| Stepping randomly (stuck).
  7792 | D:5      | 7792 ||| Stepping randomly (stuck).
  7794 | D:5      | 7794 ||| Stepping randomly (stuck).
  7796 | D:5      | 7796 ||| Stepping randomly (stuck).
  7798 | D:5      | 7798 ||| Stepping randomly (stuck).
  7800 | D:5      | 7800 ||| Stepping randomly (stuck).
  7802 | D:5      | 7802 ||| Stepping randomly (stuck).
  7804 | D:5      | 7804 ||| Stepping randomly (stuck).
  7806 | D:5      | 7806 ||| Stepping randomly (stuck).
  7808 | D:5      | 7808 ||| Stepping randomly (stuck).
  7810 | D:5      | 7810 ||| Stepping randomly (stuck).
  7812 | D:5      | 7812 ||| Stepping randomly (stuck).
  7814 | D:5      | 7814 ||| Stepping randomly (stuck).
  7816 | D:5      | 7816 ||| Stepping randomly (stuck).
  7818 | D:5      | 7818 ||| Stepping randomly (stuck).
  7820 | D:5      | 7820 ||| Stepping randomly (stuck).
  7822 | D:5      | 7822 ||| Stepping randomly (stuck).
  7824 | D:5      | 7824 ||| Stepping randomly (stuck).
  7826 | D:5      | 7826 ||| Stepping randomly (stuck).
  7828 | D:5      | 7828 ||| Stepping randomly (stuck).
  7830 | D:5      | 7830 ||| Stepping randomly (stuck).
  7832 | D:5      | 7832 ||| Stepping randomly (stuck).
  7834 | D:5      | 7834 ||| Stepping randomly (stuck).
  7836 | D:5      | 7836 ||| Stepping randomly (stuck).
  7838 | D:5      | 7838 ||| Stepping randomly (stuck).
  7840 | D:5      | 7840 ||| Stepping randomly (stuck).
  7842 | D:5      | 7842 ||| Stepping randomly (stuck).
  7844 | D:5      | 7844 ||| Stepping randomly (stuck).
  7846 | D:5      | 7846 ||| Stepping randomly (stuck).
  7848 | D:5      | 7848 ||| Stepping randomly (stuck).
  7850 | D:5      | 7850 ||| Stepping randomly (stuck).
  7852 | D:5      | 7852 ||| Stepping randomly (stuck).
  7854 | D:5      | 7854 ||| Stepping randomly (stuck).
  7856 | D:5      | 7856 ||| Stepping randomly (stuck).
  7858 | D:5      | 7858 ||| Stepping randomly (stuck).
  7860 | D:5      | 7860 ||| Stepping randomly (stuck).
  7862 | D:5      | 7862 ||| Stepping randomly (stuck).
  7864 | D:5      | 7864 ||| Stepping randomly (stuck).
  7866 | D:5      | 7866 ||| Stepping randomly (stuck).
  7868 | D:5      | 7868 ||| Stepping randomly (stuck).
  7870 | D:5      | 7870 ||| Stepping randomly (stuck).
  7872 | D:5      | 7872 ||| Stepping randomly (stuck).
  7874 | D:5      | 7874 ||| Stepping randomly (stuck).
  7876 | D:5      | 7876 ||| Stepping randomly (stuck).
  7878 | D:5      | 7878 ||| Stepping randomly (stuck).
  7880 | D:5      | 7880 ||| Stepping randomly (stuck).
  7882 | D:5      | 7882 ||| Stepping randomly (stuck).
  7884 | D:5      | 7884 ||| Stepping randomly (stuck).
  7886 | D:5      | 7886 ||| Stepping randomly (stuck).
  7888 | D:5      | 7888 ||| Stepping randomly (stuck).
  7890 | D:5      | 7890 ||| Stepping randomly (stuck).
  7892 | D:5      | 7892 ||| Stepping randomly (stuck).
  7894 | D:5      | 7894 ||| Stepping randomly (stuck).
  7896 | D:5      | 7896 ||| Stepping randomly (stuck).
  7898 | D:5      | 7898 ||| Stepping randomly (stuck).
  7900 | D:5      | 7900 ||| Stepping randomly (stuck).
  7902 | D:5      | 7902 ||| Stepping randomly (stuck).
  7904 | D:5      | 7904 ||| Stepping randomly (stuck).
  7906 | D:5      | 7906 ||| Stepping randomly (stuck).
  7908 | D:5      | 7908 ||| Stepping randomly (stuck).
  7910 | D:5      | 7910 ||| Stepping randomly (stuck).
  7912 | D:5      | 7912 ||| Stepping randomly (stuck).
  7914 | D:5      | 7914 ||| Stepping randomly (stuck).
  7916 | D:5      | 7916 ||| Stepping randomly (stuck).
  7918 | D:5      | 7918 ||| Stepping randomly (stuck).
  7920 | D:5      | 7920 ||| Stepping randomly (stuck).
  7922 | D:5      | 7922 ||| Stepping randomly (stuck).
  7924 | D:5      | 7924 ||| Stepping randomly (stuck).
  7926 | D:5      | 7926 ||| Stepping randomly (stuck).
  7928 | D:5      | 7928 ||| Stepping randomly (stuck).
  7930 | D:5      | 7930 ||| Stepping randomly (stuck).
  7932 | D:5      | 7932 ||| Stepping randomly (stuck).
  7934 | D:5      | 7934 ||| Stepping randomly (stuck).
  7936 | D:5      | 7936 ||| Stepping randomly (stuck).
  7938 | D:5      | 7938 ||| Stepping randomly (stuck).
  7940 | D:5      | 7940 ||| Stepping randomly (stuck).
  7942 | D:5      | 7942 ||| Stepping randomly (stuck).
  7944 | D:5      | 7944 ||| Stepping randomly (stuck).
  7946 | D:5      | 7946 ||| Stepping randomly (stuck).
  7948 | D:5      | 7948 ||| Stepping randomly (stuck).
  7950 | D:5      | 7950 ||| Stepping randomly (stuck).
  7952 | D:5      | 7952 ||| Stepping randomly (stuck).
  7954 | D:5      | 7954 ||| Stepping randomly (stuck).
  7956 | D:5      | 7956 ||| Stepping randomly (stuck).
  7958 | D:5      | 7958 ||| Stepping randomly (stuck).
  7960 | D:5      | 7960 ||| Stepping randomly (stuck).
  7962 | D:5      | 7962 ||| Stepping randomly (stuck).
  7964 | D:5      | 7964 ||| Stepping randomly (stuck).
  7966 | D:5      | 7966 ||| Stepping randomly (stuck).
  7968 | D:5      | 7968 ||| Stepping randomly (stuck).
  7970 | D:5      | 7970 ||| Stepping randomly (stuck).
  7972 | D:5      | 7972 ||| Stepping randomly (stuck).
  7974 | D:5      | 7974 ||| Stepping randomly (stuck).
  7976 | D:5      | 7976 ||| Stepping randomly (stuck).
  7978 | D:5      | 7978 ||| Stepping randomly (stuck).
  7980 | D:5      | 7980 ||| Stepping randomly (stuck).
  7982 | D:5      | 7982 ||| Stepping randomly (stuck).
  7984 | D:5      | 7984 ||| Stepping randomly (stuck).
  7986 | D:5      | 7986 ||| Stepping randomly (stuck).
  7988 | D:5      | 7988 ||| Stepping randomly (stuck).
  7990 | D:5      | 7990 ||| Stepping randomly (stuck).
  7992 | D:5      | 7992 ||| Stepping randomly (stuck).
  7994 | D:5      | 7994 ||| Stepping randomly (stuck).
  7996 | D:5      | 7996 ||| Stepping randomly (stuck).
  7998 | D:5      | 7998 ||| Stepping randomly (stuck).
  8000 | D:5      | 8000 ||| Stepping randomly (stuck).
  8002 | D:5      | 8002 ||| Stepping randomly (stuck).
  8004 | D:5      | 8004 ||| Stepping randomly (stuck).
  8006 | D:5      | 8006 ||| Stepping randomly (stuck).
  8008 | D:5      | 8008 ||| Stepping randomly (stuck).
  8010 | D:5      | 8010 ||| Stepping randomly (stuck).
  8012 | D:5      | 8012 ||| Stepping randomly (stuck).
  8014 | D:5      | 8014 ||| Stepping randomly (stuck).
  8016 | D:5      | 8016 ||| Stepping randomly (stuck).
  8018 | D:5      | 8018 ||| Stepping randomly (stuck).
  8020 | D:5      | 8020 ||| Stepping randomly (stuck).
  8022 | D:5      | 8022 ||| Stepping randomly (stuck).
  8024 | D:5      | 8024 ||| Stepping randomly (stuck).
  8026 | D:5      | 8026 ||| Stepping randomly (stuck).
  8028 | D:5      | 8028 ||| Stepping randomly (stuck).
  8030 | D:5      | 8030 ||| Stepping randomly (stuck).
  8032 | D:5      | 8032 ||| Stepping randomly (stuck).
  8034 | D:5      | 8034 ||| Stepping randomly (stuck).
  8036 | D:5      | 8036 ||| Stepping randomly (stuck).
  8038 | D:5      | 8038 ||| Stepping randomly (stuck).
  8040 | D:5      | 8040 ||| Stepping randomly (stuck).
  8042 | D:5      | 8042 ||| Stepping randomly (stuck).
  8044 | D:5      | 8044 ||| Stepping randomly (stuck).
  8046 | D:5      | 8046 ||| Stepping randomly (stuck).
  8048 | D:5      | 8048 ||| Stepping randomly (stuck).
  8050 | D:5      | 8050 ||| Stepping randomly (stuck).
  8052 | D:5      | 8052 ||| Stepping randomly (stuck).
  8054 | D:5      | 8054 ||| Stepping randomly (stuck).
  8056 | D:5      | 8056 ||| Stepping randomly (stuck).
  8058 | D:5      | 8058 ||| Stepping randomly (stuck).
  8060 | D:5      | 8060 ||| Stepping randomly (stuck).
  8062 | D:5      | 8062 ||| Stepping randomly (stuck).
  8064 | D:5      | 8064 ||| Stepping randomly (stuck).
  8066 | D:5      | 8066 ||| Stepping randomly (stuck).
  8068 | D:5      | 8068 ||| Stepping randomly (stuck).
  8070 | D:5      | 8070 ||| Stepping randomly (stuck).
  8072 | D:5      | 8072 ||| Stepping randomly (stuck).
  8074 | D:5      | 8074 ||| Stepping randomly (stuck).
  8076 | D:5      | 8076 ||| Stepping randomly (stuck).
  8078 | D:5      | 8078 ||| Stepping randomly (stuck).
  8080 | D:5      | 8080 ||| Stepping randomly (stuck).
  8082 | D:5      | 8082 ||| Stepping randomly (stuck).
  8084 | D:5      | 8084 ||| Stepping randomly (stuck).
  8086 | D:5      | 8086 ||| Stepping randomly (stuck).
  8088 | D:5      | 8088 ||| Stepping randomly (stuck).
  8090 | D:5      | 8090 ||| Stepping randomly (stuck).
  8092 | D:5      | 8092 ||| Stepping randomly (stuck).
  8094 | D:5      | 8094 ||| Stepping randomly (stuck).
  8096 | D:5      | 8096 ||| Stepping randomly (stuck).
  8098 | D:5      | 8098 ||| Stepping randomly (stuck).
  8100 | D:5      | 8100 ||| Stepping randomly (stuck).
  8102 | D:5      | 8102 ||| Stepping randomly (stuck).
  8104 | D:5      | 8104 ||| Stepping randomly (stuck).
  8106 | D:5      | 8106 ||| Stepping randomly (stuck).
  8108 | D:5      | 8108 ||| Stepping randomly (stuck).
  8110 | D:5      | 8110 ||| Stepping randomly (stuck).
  8112 | D:5      | 8112 ||| Stepping randomly (stuck).
  8114 | D:5      | 8114 ||| Stepping randomly (stuck).
  8116 | D:5      | 8116 ||| Stepping randomly (stuck).
  8118 | D:5      | 8118 ||| Stepping randomly (stuck).
  8120 | D:5      | 8120 ||| Stepping randomly (stuck).
  8122 | D:5      | 8122 ||| Stepping randomly (stuck).
  8124 | D:5      | 8124 ||| Stepping randomly (stuck).
  8126 | D:5      | 8126 ||| Stepping randomly (stuck).
  8128 | D:5      | 8128 ||| Stepping randomly (stuck).
  8130 | D:5      | 8130 ||| Stepping randomly (stuck).
  8132 | D:5      | 8132 ||| Stepping randomly (stuck).
  8134 | D:5      | 8134 ||| Stepping randomly (stuck).
  8136 | D:5      | 8136 ||| Stepping randomly (stuck).
  8138 | D:5      | 8138 ||| Stepping randomly (stuck).
  8140 | D:5      | 8140 ||| Stepping randomly (stuck).
  8142 | D:5      | 8142 ||| Stepping randomly (stuck).
  8144 | D:5      | 8144 ||| Stepping randomly (stuck).
  8146 | D:5      | 8146 ||| Stepping randomly (stuck).
  8148 | D:5      | 8148 ||| Stepping randomly (stuck).
  8150 | D:5      | 8150 ||| Stepping randomly (stuck).
  8152 | D:5      | 8152 ||| Stepping randomly (stuck).
  8154 | D:5      | 8154 ||| Stepping randomly (stuck).
  8156 | D:5      | 8156 ||| Stepping randomly (stuck).
  8158 | D:5      | 8158 ||| Stepping randomly (stuck).
  8160 | D:5      | 8160 ||| Stepping randomly (stuck).
  8162 | D:5      | 8162 ||| Stepping randomly (stuck).
  8164 | D:5      | 8164 ||| Stepping randomly (stuck).
  8166 | D:5      | 8166 ||| Stepping randomly (stuck).
  8168 | D:5      | 8168 ||| Stepping randomly (stuck).
  8170 | D:5      | 8170 ||| Stepping randomly (stuck).
  8172 | D:5      | 8172 ||| Stepping randomly (stuck).
  8174 | D:5      | 8174 ||| Stepping randomly (stuck).
  8176 | D:5      | 8176 ||| Stepping randomly (stuck).
  8178 | D:5      | 8178 ||| Stepping randomly (stuck).
  8180 | D:5      | 8180 ||| Stepping randomly (stuck).
  8182 | D:5      | 8182 ||| Stepping randomly (stuck).
  8184 | D:5      | 8184 ||| Stepping randomly (stuck).
  8186 | D:5      | 8186 ||| Stepping randomly (stuck).
  8188 | D:5      | 8188 ||| Stepping randomly (stuck).
  8190 | D:5      | 8190 ||| Stepping randomly (stuck).
  8192 | D:5      | 8192 ||| Stepping randomly (stuck).
  8194 | D:5      | 8194 ||| Stepping randomly (stuck).
  8196 | D:5      | 8196 ||| Stepping randomly (stuck).
  8198 | D:5      | 8198 ||| Stepping randomly (stuck).
  8200 | D:5      | 8200 ||| Stepping randomly (stuck).
  8202 | D:5      | 8202 ||| Stepping randomly (stuck).
  8204 | D:5      | 8204 ||| Stepping randomly (stuck).
  8206 | D:5      | 8206 ||| Stepping randomly (stuck).
  8208 | D:5      | 8208 ||| Stepping randomly (stuck).
  8210 | D:5      | 8210 ||| Stepping randomly (stuck).
  8212 | D:5      | 8212 ||| Stepping randomly (stuck).
  8214 | D:5      | 8214 ||| Stepping randomly (stuck).
  8216 | D:5      | 8216 ||| Stepping randomly (stuck).
  8218 | D:5      | 8218 ||| Stepping randomly (stuck).
  8220 | D:5      | 8220 ||| Stepping randomly (stuck).
  8222 | D:5      | 8222 ||| Stepping randomly (stuck).
  8224 | D:5      | 8224 ||| Stepping randomly (stuck).
  8226 | D:5      | 8226 ||| Stepping randomly (stuck).
  8228 | D:5      | 8228 ||| Stepping randomly (stuck).
  8230 | D:5      | 8230 ||| Stepping randomly (stuck).
  8232 | D:5      | 8232 ||| Stepping randomly (stuck).
  8234 | D:5      | 8234 ||| Stepping randomly (stuck).
  8236 | D:5      | 8236 ||| Stepping randomly (stuck).
  8238 | D:5      | 8238 ||| Stepping randomly (stuck).
  8240 | D:5      | 8240 ||| Stepping randomly (stuck).
  8242 | D:5      | 8242 ||| Stepping randomly (stuck).
  8244 | D:5      | 8244 ||| Stepping randomly (stuck).
  8246 | D:5      | 8246 ||| Stepping randomly (stuck).
  8248 | D:5      | 8248 ||| Stepping randomly (stuck).
  8250 | D:5      | 8250 ||| Stepping randomly (stuck).
  8252 | D:5      | 8252 ||| Stepping randomly (stuck).
  8254 | D:5      | 8254 ||| Stepping randomly (stuck).
  8256 | D:5      | 8256 ||| Stepping randomly (stuck).
  8258 | D:5      | 8258 ||| Stepping randomly (stuck).
  8260 | D:5      | 8260 ||| Stepping randomly (stuck).
  8262 | D:5      | 8262 ||| Stepping randomly (stuck).
  8264 | D:5      | 8264 ||| Stepping randomly (stuck).
  8266 | D:5      | 8266 ||| Stepping randomly (stuck).
  8268 | D:5      | 8268 ||| Stepping randomly (stuck).
  8270 | D:5      | 8270 ||| Stepping randomly (stuck).
  8272 | D:5      | 8272 ||| Stepping randomly (stuck).
  8274 | D:5      | 8274 ||| Stepping randomly (stuck).
  8276 | D:5      | 8276 ||| Stepping randomly (stuck).
  8278 | D:5      | 8278 ||| Stepping randomly (stuck).
  8280 | D:5      | 8280 ||| Stepping randomly (stuck).
  8282 | D:5      | 8282 ||| Stepping randomly (stuck).
  8284 | D:5      | 8284 ||| Stepping randomly (stuck).
  8286 | D:5      | 8286 ||| Stepping randomly (stuck).
  8288 | D:5      | 8288 ||| Stepping randomly (stuck).
  8290 | D:5      | 8290 ||| Stepping randomly (stuck).
  8292 | D:5      | 8292 ||| Stepping randomly (stuck).
  8294 | D:5      | 8294 ||| Stepping randomly (stuck).
  8296 | D:5      | 8296 ||| Stepping randomly (stuck).
  8298 | D:5      | 8298 ||| Stepping randomly (stuck).
  8300 | D:5      | 8300 ||| Stepping randomly (stuck).
  8302 | D:5      | 8302 ||| Stepping randomly (stuck).
  8304 | D:5      | 8304 ||| Stepping randomly (stuck).
  8306 | D:5      | 8306 ||| Stepping randomly (stuck).
  8308 | D:5      | 8308 ||| Stepping randomly (stuck).
  8310 | D:5      | 8310 ||| Stepping randomly (stuck).
  8312 | D:5      | 8312 ||| Stepping randomly (stuck).
  8314 | D:5      | 8314 ||| Stepping randomly (stuck).
  8316 | D:5      | 8316 ||| Stepping randomly (stuck).
  8318 | D:5      | 8318 ||| Stepping randomly (stuck).
  8320 | D:5      | 8320 ||| Stepping randomly (stuck).
  8322 | D:5      | 8322 ||| Stepping randomly (stuck).
  8324 | D:5      | 8324 ||| Stepping randomly (stuck).
  8326 | D:5      | 8326 ||| Stepping randomly (stuck).
  8328 | D:5      | 8328 ||| Stepping randomly (stuck).
  8330 | D:5      | 8330 ||| Stepping randomly (stuck).
  8332 | D:5      | 8332 ||| Stepping randomly (stuck).
  8334 | D:5      | 8334 ||| Stepping randomly (stuck).
  8336 | D:5      | 8336 ||| Stepping randomly (stuck).
  8338 | D:5      | 8338 ||| Stepping randomly (stuck).
  8340 | D:5      | 8340 ||| Stepping randomly (stuck).
  8342 | D:5      | 8342 ||| Stepping randomly (stuck).
  8344 | D:5      | 8344 ||| Stepping randomly (stuck).
  8346 | D:5      | 8346 ||| Stepping randomly (stuck).
  8348 | D:5      | 8348 ||| Stepping randomly (stuck).
  8350 | D:5      | 8350 ||| Stepping randomly (stuck).
  8352 | D:5      | 8352 ||| Stepping randomly (stuck).
  8354 | D:5      | 8354 ||| Stepping randomly (stuck).
  8356 | D:5      | 8356 ||| Stepping randomly (stuck).
  8358 | D:5      | 8358 ||| Stepping randomly (stuck).
  8360 | D:5      | 8360 ||| Stepping randomly (stuck).
  8362 | D:5      | 8362 ||| Stepping randomly (stuck).
  8364 | D:5      | 8364 ||| Stepping randomly (stuck).
  8366 | D:5      | 8366 ||| Stepping randomly (stuck).
  8368 | D:5      | 8368 ||| Stepping randomly (stuck).
  8370 | D:5      | 8370 ||| Stepping randomly (stuck).
  8372 | D:5      | 8372 ||| Stepping randomly (stuck).
  8374 | D:5      | 8374 ||| Stepping randomly (stuck).
  8376 | D:5      | 8376 ||| Stepping randomly (stuck).
  8378 | D:5      | 8378 ||| Stepping randomly (stuck).
  8380 | D:5      | 8380 ||| Stepping randomly (stuck).
  8382 | D:5      | 8382 ||| Stepping randomly (stuck).
  8384 | D:5      | 8384 ||| Stepping randomly (stuck).
  8386 | D:5      | 8386 ||| Stepping randomly (stuck).
  8388 | D:5      | 8388 ||| Stepping randomly (stuck).
  8390 | D:5      | 8390 ||| Stepping randomly (stuck).
  8392 | D:5      | 8392 ||| Stepping randomly (stuck).
  8394 | D:5      | 8394 ||| Stepping randomly (stuck).
  8396 | D:5      | 8396 ||| Stepping randomly (stuck).
  8398 | D:5      | 8398 ||| Stepping randomly (stuck).
  8400 | D:5      | 8400 ||| Stepping randomly (stuck).
  8402 | D:5      | 8402 ||| Stepping randomly (stuck).
  8404 | D:5      | 8404 ||| Stepping randomly (stuck).
  8406 | D:5      | 8406 ||| Stepping randomly (stuck).
  8408 | D:5      | 8408 ||| Stepping randomly (stuck).
  8410 | D:5      | 8410 ||| Stepping randomly (stuck).
  8412 | D:5      | 8412 ||| Stepping randomly (stuck).
  8414 | D:5      | 8414 ||| Stepping randomly (stuck).
  8416 | D:5      | 8416 ||| Stepping randomly (stuck).
  8418 | D:5      | 8418 ||| Stepping randomly (stuck).
  8420 | D:5      | 8420 ||| Stepping randomly (stuck).
  8422 | D:5      | 8422 ||| Stepping randomly (stuck).
  8424 | D:5      | 8424 ||| Stepping randomly (stuck).
  8426 | D:5      | 8426 ||| Stepping randomly (stuck).
  8428 | D:5      | 8428 ||| Stepping randomly (stuck).
  8430 | D:5      | 8430 ||| Stepping randomly (stuck).
  8432 | D:5      | 8432 ||| Stepping randomly (stuck).
  8434 | D:5      | 8434 ||| Stepping randomly (stuck).
  8436 | D:5      | 8436 ||| Stepping randomly (stuck).
  8438 | D:5      | 8438 ||| Stepping randomly (stuck).
  8440 | D:5      | 8440 ||| Stepping randomly (stuck).
  8442 | D:5      | 8442 ||| Stepping randomly (stuck).
  8444 | D:5      | 8444 ||| Stepping randomly (stuck).
  8446 | D:5      | 8446 ||| Stepping randomly (stuck).
  8448 | D:5      | 8448 ||| Stepping randomly (stuck).
  8450 | D:5      | 8450 ||| Stepping randomly (stuck).
  8452 | D:5      | 8452 ||| Stepping randomly (stuck).
  8454 | D:5      | 8454 ||| Stepping randomly (stuck).
  8456 | D:5      | 8456 ||| Stepping randomly (stuck).
  8458 | D:5      | 8458 ||| Stepping randomly (stuck).
  8460 | D:5      | 8460 ||| Stepping randomly (stuck).
  8462 | D:5      | 8462 ||| Stepping randomly (stuck).
  8464 | D:5      | 8464 ||| Stepping randomly (stuck).
  8466 | D:5      | 8466 ||| Stepping randomly (stuck).
  8468 | D:5      | 8468 ||| Stepping randomly (stuck).
  8470 | D:5      | 8470 ||| Stepping randomly (stuck).
  8472 | D:5      | 8472 ||| Stepping randomly (stuck).
  8474 | D:5      | 8474 ||| Stepping randomly (stuck).
  8476 | D:5      | 8476 ||| Stepping randomly (stuck).
  8478 | D:5      | 8478 ||| Stepping randomly (stuck).
  8480 | D:5      | 8480 ||| Stepping randomly (stuck).
  8482 | D:5      | 8482 ||| Stepping randomly (stuck).
  8484 | D:5      | 8484 ||| Stepping randomly (stuck).
  8486 | D:5      | 8486 ||| Stepping randomly (stuck).
  8488 | D:5      | 8488 ||| Stepping randomly (stuck).
  8490 | D:5      | 8490 ||| Stepping randomly (stuck).
  8492 | D:5      | 8492 ||| Stepping randomly (stuck).
  8494 | D:5      | 8494 ||| Stepping randomly (stuck).
  8496 | D:5      | 8496 ||| Stepping randomly (stuck).
  8498 | D:5      | 8498 ||| Stepping randomly (stuck).
  8500 | D:5      | 8500 ||| Stepping randomly (stuck).
  8502 | D:5      | 8502 ||| Stepping randomly (stuck).
  8504 | D:5      | 8504 ||| Stepping randomly (stuck).
  8506 | D:5      | 8506 ||| Stepping randomly (stuck).
  8508 | D:5      | 8508 ||| Stepping randomly (stuck).
  8510 | D:5      | 8510 ||| Stepping randomly (stuck).
  8512 | D:5      | 8512 ||| Stepping randomly (stuck).
  8514 | D:5      | 8514 ||| Stepping randomly (stuck).
  8516 | D:5      | 8516 ||| Stepping randomly (stuck).
  8518 | D:5      | 8518 ||| Stepping randomly (stuck).
  8520 | D:5      | 8520 ||| Stepping randomly (stuck).
  8522 | D:5      | 8522 ||| Stepping randomly (stuck).
  8524 | D:5      | 8524 ||| Stepping randomly (stuck).
  8526 | D:5      | 8526 ||| Stepping randomly (stuck).
  8528 | D:5      | 8528 ||| Stepping randomly (stuck).
  8530 | D:5      | 8530 ||| Stepping randomly (stuck).
  8532 | D:5      | 8532 ||| Stepping randomly (stuck).
  8534 | D:5      | 8534 ||| Stepping randomly (stuck).
  8536 | D:5      | 8536 ||| Stepping randomly (stuck).
  8538 | D:5      | 8538 ||| Stepping randomly (stuck).
  8540 | D:5      | 8540 ||| Stepping randomly (stuck).
  8542 | D:5      | 8542 ||| Stepping randomly (stuck).
  8544 | D:5      | 8544 ||| Stepping randomly (stuck).
  8546 | D:5      | 8546 ||| Stepping randomly (stuck).
  8548 | D:5      | 8548 ||| Stepping randomly (stuck).
  8550 | D:5      | 8550 ||| Stepping randomly (stuck).
  8552 | D:5      | 8552 ||| Stepping randomly (stuck).
  8554 | D:5      | 8554 ||| Stepping randomly (stuck).
  8556 | D:5      | 8556 ||| Stepping randomly (stuck).
  8558 | D:5      | 8558 ||| Stepping randomly (stuck).
  8560 | D:5      | 8560 ||| Stepping randomly (stuck).
  8562 | D:5      | 8562 ||| Stepping randomly (stuck).
  8564 | D:5      | 8564 ||| Stepping randomly (stuck).
  8566 | D:5      | 8566 ||| Stepping randomly (stuck).
  8568 | D:5      | 8568 ||| Stepping randomly (stuck).
  8570 | D:5      | 8570 ||| Stepping randomly (stuck).
  8572 | D:5      | 8572 ||| Stepping randomly (stuck).
  8574 | D:5      | 8574 ||| Stepping randomly (stuck).
  8576 | D:5      | 8576 ||| Stepping randomly (stuck).
  8578 | D:5      | 8578 ||| Stepping randomly (stuck).
  8580 | D:5      | 8580 ||| Stepping randomly (stuck).
  8582 | D:5      | 8582 ||| Stepping randomly (stuck).
  8584 | D:5      | 8584 ||| Stepping randomly (stuck).
  8586 | D:5      | 8586 ||| Stepping randomly (stuck).
  8588 | D:5      | 8588 ||| Stepping randomly (stuck).
  8590 | D:5      | 8590 ||| Stepping randomly (stuck).
  8592 | D:5      | 8592 ||| Stepping randomly (stuck).
  8594 | D:5      | 8594 ||| Stepping randomly (stuck).
  8596 | D:5      | 8596 ||| Stepping randomly (stuck).
  8598 | D:5      | 8598 ||| Stepping randomly (stuck).
  8600 | D:5      | 8600 ||| Stepping randomly (stuck).
  8602 | D:5      | 8602 ||| Stepping randomly (stuck).
  8604 | D:5      | 8604 ||| Stepping randomly (stuck).
  8606 | D:5      | 8606 ||| Stepping randomly (stuck).
  8608 | D:5      | 8608 ||| Stepping randomly (stuck).
  8610 | D:5      | 8610 ||| Stepping randomly (stuck).
  8612 | D:5      | 8612 ||| Stepping randomly (stuck).
  8614 | D:5      | 8614 ||| Stepping randomly (stuck).
  8616 | D:5      | 8616 ||| Stepping randomly (stuck).
  8618 | D:5      | 8618 ||| Stepping randomly (stuck).
  8620 | D:5      | 8620 ||| Stepping randomly (stuck).
  8622 | D:5      | 8622 ||| Stepping randomly (stuck).
  8624 | D:5      | 8624 ||| Stepping randomly (stuck).
  8626 | D:5      | 8626 ||| Stepping randomly (stuck).
  8628 | D:5      | 8628 ||| Stepping randomly (stuck).
  8630 | D:5      | 8630 ||| Stepping randomly (stuck).
  8632 | D:5      | 8632 ||| Stepping randomly (stuck).
  8634 | D:5      | 8634 ||| Stepping randomly (stuck).
  8636 | D:5      | 8636 ||| Stepping randomly (stuck).
  8638 | D:5      | 8638 ||| Stepping randomly (stuck).
  8640 | D:5      | 8640 ||| Stepping randomly (stuck).
  8642 | D:5      | 8642 ||| Stepping randomly (stuck).
  8644 | D:5      | 8644 ||| Stepping randomly (stuck).
  8646 | D:5      | 8646 ||| Stepping randomly (stuck).
  8648 | D:5      | 8648 ||| Stepping randomly (stuck).
  8650 | D:5      | 8650 ||| Stepping randomly (stuck).
  8652 | D:5      | 8652 ||| Stepping randomly (stuck).
  8654 | D:5      | 8654 ||| Stepping randomly (stuck).
  8656 | D:5      | 8656 ||| Stepping randomly (stuck).
  8658 | D:5      | 8658 ||| Stepping randomly (stuck).
  8660 | D:5      | 8660 ||| Stepping randomly (stuck).
  8662 | D:5      | 8662 ||| Stepping randomly (stuck).
  8664 | D:5      | 8664 ||| Stepping randomly (stuck).
  8666 | D:5      | 8666 ||| Stepping randomly (stuck).
  8668 | D:5      | 8668 ||| Stepping randomly (stuck).
  8670 | D:5      | 8670 ||| Stepping randomly (stuck).
  8672 | D:5      | 8672 ||| Stepping randomly (stuck).
  8674 | D:5      | 8674 ||| Stepping randomly (stuck).
  8676 | D:5      | 8676 ||| Stepping randomly (stuck).
  8678 | D:5      | 8678 ||| Stepping randomly (stuck).
  8680 | D:5      | 8680 ||| Stepping randomly (stuck).
  8682 | D:5      | 8682 ||| Stepping randomly (stuck).
  8684 | D:5      | 8684 ||| Stepping randomly (stuck).
  8686 | D:5      | 8686 ||| Stepping randomly (stuck).
  8688 | D:5      | 8688 ||| Stepping randomly (stuck).
  8690 | D:5      | 8690 ||| Stepping randomly (stuck).
  8692 | D:5      | 8692 ||| Stepping randomly (stuck).
  8694 | D:5      | 8694 ||| Stepping randomly (stuck).
  8696 | D:5      | 8696 ||| Stepping randomly (stuck).
  8698 | D:5      | 8698 ||| Stepping randomly (stuck).
  8700 | D:5      | 8700 ||| Stepping randomly (stuck).
  8702 | D:5      | 8702 ||| Stepping randomly (stuck).
  8704 | D:5      | 8704 ||| Stepping randomly (stuck).
  8706 | D:5      | 8706 ||| Stepping randomly (stuck).
  8708 | D:5      | 8708 ||| Stepping randomly (stuck).
  8710 | D:5      | 8710 ||| Stepping randomly (stuck).
  8712 | D:5      | 8712 ||| Stepping randomly (stuck).
  8714 | D:5      | 8714 ||| Stepping randomly (stuck).
  8716 | D:5      | 8716 ||| Stepping randomly (stuck).
  8718 | D:5      | 8718 ||| Stepping randomly (stuck).
  8720 | D:5      | 8720 ||| Stepping randomly (stuck).
  8722 | D:5      | 8722 ||| Stepping randomly (stuck).
  8724 | D:5      | 8724 ||| Stepping randomly (stuck).
  8726 | D:5      | 8726 ||| Stepping randomly (stuck).
  8728 | D:5      | 8728 ||| Stepping randomly (stuck).
  8730 | D:5      | 8730 ||| Stepping randomly (stuck).
  8732 | D:5      | 8732 ||| Stepping randomly (stuck).
  8734 | D:5      | 8734 ||| Stepping randomly (stuck).
  8736 | D:5      | 8736 ||| Stepping randomly (stuck).
  8738 | D:5      | 8738 ||| Stepping randomly (stuck).
  8740 | D:5      | 8740 ||| Stepping randomly (stuck).
  8742 | D:5      | 8742 ||| Stepping randomly (stuck).
  8744 | D:5      | 8744 ||| Stepping randomly (stuck).
  8746 | D:5      | 8746 ||| Stepping randomly (stuck).
  8748 | D:5      | 8748 ||| Stepping randomly (stuck).
  8750 | D:5      | 8750 ||| Stepping randomly (stuck).
  8752 | D:5      | 8752 ||| Stepping randomly (stuck).
  8754 | D:5      | 8754 ||| Stepping randomly (stuck).
  8756 | D:5      | 8756 ||| Stepping randomly (stuck).
  8758 | D:5      | 8758 ||| Stepping randomly (stuck).
  8760 | D:5      | 8760 ||| Stepping randomly (stuck).
  8762 | D:5      | 8762 ||| Stepping randomly (stuck).
  8764 | D:5      | 8764 ||| Stepping randomly (stuck).
  8766 | D:5      | 8766 ||| Stepping randomly (stuck).
  8768 | D:5      | 8768 ||| Stepping randomly (stuck).
  8770 | D:5      | 8770 ||| Stepping randomly (stuck).
  8772 | D:5      | 8772 ||| Stepping randomly (stuck).
  8774 | D:5      | 8774 ||| Stepping randomly (stuck).
  8776 | D:5      | 8776 ||| Stepping randomly (stuck).
  8778 | D:5      | 8778 ||| Stepping randomly (stuck).
  8780 | D:5      | 8780 ||| Stepping randomly (stuck).
  8782 | D:5      | 8782 ||| Stepping randomly (stuck).
  8784 | D:5      | 8784 ||| Stepping randomly (stuck).
  8786 | D:5      | 8786 ||| Stepping randomly (stuck).
  8788 | D:5      | 8788 ||| Stepping randomly (stuck).
  8790 | D:5      | 8790 ||| Stepping randomly (stuck).
  8792 | D:5      | 8792 ||| Stepping randomly (stuck).
  8794 | D:5      | 8794 ||| Stepping randomly (stuck).
  8796 | D:5      | 8796 ||| Stepping randomly (stuck).
  8798 | D:5      | 8798 ||| Stepping randomly (stuck).
  8800 | D:5      | 8800 ||| Stepping randomly (stuck).
  8802 | D:5      | 8802 ||| Stepping randomly (stuck).
  8804 | D:5      | 8804 ||| Stepping randomly (stuck).
  8806 | D:5      | 8806 ||| Stepping randomly (stuck).
  8808 | D:5      | 8808 ||| Stepping randomly (stuck).
  8810 | D:5      | 8810 ||| Stepping randomly (stuck).
  8812 | D:5      | 8812 ||| Stepping randomly (stuck).
  8814 | D:5      | 8814 ||| Stepping randomly (stuck).
  8816 | D:5      | 8816 ||| Stepping randomly (stuck).
  8818 | D:5      | 8818 ||| Stepping randomly (stuck).
  8820 | D:5      | 8820 ||| Stepping randomly (stuck).
  8822 | D:5      | 8822 ||| Stepping randomly (stuck).
  8824 | D:5      | 8824 ||| Stepping randomly (stuck).
  8826 | D:5      | 8826 ||| Stepping randomly (stuck).
  8828 | D:5      | 8828 ||| Stepping randomly (stuck).
  8830 | D:5      | 8830 ||| Stepping randomly (stuck).
  8832 | D:5      | 8832 ||| Stepping randomly (stuck).
  8834 | D:5      | 8834 ||| Stepping randomly (stuck).
  8836 | D:5      | 8836 ||| Stepping randomly (stuck).
  8838 | D:5      | 8838 ||| Stepping randomly (stuck).
  8840 | D:5      | 8840 ||| Stepping randomly (stuck).
  8842 | D:5      | 8842 ||| Stepping randomly (stuck).
  8844 | D:5      | 8844 ||| Stepping randomly (stuck).
  8846 | D:5      | 8846 ||| Stepping randomly (stuck).
  8848 | D:5      | 8848 ||| Stepping randomly (stuck).
  8850 | D:5      | 8850 ||| Stepping randomly (stuck).
  8852 | D:5      | 8852 ||| Stepping randomly (stuck).
  8854 | D:5      | 8854 ||| Stepping randomly (stuck).
  8856 | D:5      | 8856 ||| Stepping randomly (stuck).
  8858 | D:5      | 8858 ||| Stepping randomly (stuck).
  8860 | D:5      | 8860 ||| Stepping randomly (stuck).
  8862 | D:5      | 8862 ||| Stepping randomly (stuck).
  8864 | D:5      | 8864 ||| Stepping randomly (stuck).
  8866 | D:5      | 8866 ||| Stepping randomly (stuck).
  8868 | D:5      | 8868 ||| Stepping randomly (stuck).
  8870 | D:5      | 8870 ||| Stepping randomly (stuck).
  8872 | D:5      | 8872 ||| Stepping randomly (stuck).
  8874 | D:5      | 8874 ||| Stepping randomly (stuck).
  8876 | D:5      | 8876 ||| Stepping randomly (stuck).
  8878 | D:5      | 8878 ||| Stepping randomly (stuck).
  8880 | D:5      | 8880 ||| Stepping randomly (stuck).
  8882 | D:5      | 8882 ||| Stepping randomly (stuck).
  8884 | D:5      | 8884 ||| Stepping randomly (stuck).
  8886 | D:5      | 8886 ||| Stepping randomly (stuck).
  8888 | D:5      | 8888 ||| Stepping randomly (stuck).
  8890 | D:5      | 8890 ||| Stepping randomly (stuck).
  8892 | D:5      | 8892 ||| Stepping randomly (stuck).
  8894 | D:5      | 8894 ||| Stepping randomly (stuck).
  8896 | D:5      | 8896 ||| Stepping randomly (stuck).
  8898 | D:5      | 8898 ||| Stepping randomly (stuck).
  8900 | D:5      | 8900 ||| Stepping randomly (stuck).
  8902 | D:5      | 8902 ||| Stepping randomly (stuck).
  8904 | D:5      | 8904 ||| Stepping randomly (stuck).
  8906 | D:5      | 8906 ||| Stepping randomly (stuck).
  8908 | D:5      | 8908 ||| Stepping randomly (stuck).
  8910 | D:5      | 8910 ||| Stepping randomly (stuck).
  8912 | D:5      | 8912 ||| Stepping randomly (stuck).
  8914 | D:5      | 8914 ||| Stepping randomly (stuck).
  8916 | D:5      | 8916 ||| Stepping randomly (stuck).
  8918 | D:5      | 8918 ||| Stepping randomly (stuck).
  8920 | D:5      | 8920 ||| Stepping randomly (stuck).
  8922 | D:5      | 8922 ||| Stepping randomly (stuck).
  8924 | D:5      | 8924 ||| Stepping randomly (stuck).
  8926 | D:5      | 8926 ||| Stepping randomly (stuck).
  8928 | D:5      | 8928 ||| Stepping randomly (stuck).
  8930 | D:5      | 8930 ||| Stepping randomly (stuck).
  8932 | D:5      | 8932 ||| Stepping randomly (stuck).
  8934 | D:5      | 8934 ||| Stepping randomly (stuck).
  8936 | D:5      | 8936 ||| Stepping randomly (stuck).
  8938 | D:5      | 8938 ||| Stepping randomly (stuck).
  8940 | D:5      | 8940 ||| Stepping randomly (stuck).
  8942 | D:5      | 8942 ||| Stepping randomly (stuck).
  8944 | D:5      | 8944 ||| Stepping randomly (stuck).
  8946 | D:5      | 8946 ||| Stepping randomly (stuck).
  8948 | D:5      | 8948 ||| Stepping randomly (stuck).
  8950 | D:5      | 8950 ||| Stepping randomly (stuck).
  8952 | D:5      | 8952 ||| Stepping randomly (stuck).
  8954 | D:5      | 8954 ||| Stepping randomly (stuck).
  8956 | D:5      | 8956 ||| Stepping randomly (stuck).
  8958 | D:5      | 8958 ||| Stepping randomly (stuck).
  8960 | D:5      | 8960 ||| Stepping randomly (stuck).
  8962 | D:5      | 8962 ||| Stepping randomly (stuck).
  8964 | D:5      | 8964 ||| Stepping randomly (stuck).
  8966 | D:5      | 8966 ||| Stepping randomly (stuck).
  8968 | D:5      | 8968 ||| Stepping randomly (stuck).
  8970 | D:5      | 8970 ||| Stepping randomly (stuck).
  8972 | D:5      | 8972 ||| Stepping randomly (stuck).
  8974 | D:5      | 8974 ||| Stepping randomly (stuck).
  8976 | D:5      | 8976 ||| Stepping randomly (stuck).
  8978 | D:5      | 8978 ||| Stepping randomly (stuck).
  8980 | D:5      | 8980 ||| Stepping randomly (stuck).
  8982 | D:5      | 8982 ||| Stepping randomly (stuck).
  8984 | D:5      | 8984 ||| Stepping randomly (stuck).
  8986 | D:5      | 8986 ||| Stepping randomly (stuck).
  8988 | D:5      | 8988 ||| Stepping randomly (stuck).
  8990 | D:5      | 8990 ||| Stepping randomly (stuck).
  8992 | D:5      | 8992 ||| Stepping randomly (stuck).
  8994 | D:5      | 8994 ||| Stepping randomly (stuck).
  8996 | D:5      | 8996 ||| Stepping randomly (stuck).
  8998 | D:5      | 8998 ||| Stepping randomly (stuck).
  9000 | D:5      | 9000 ||| Stepping randomly (stuck).
  9002 | D:5      | 9002 ||| Stepping randomly (stuck).
  9004 | D:5      | 9004 ||| Stepping randomly (stuck).
  9006 | D:5      | 9006 ||| Stepping randomly (stuck).
  9008 | D:5      | 9008 ||| Stepping randomly (stuck).
  9010 | D:5      | 9010 ||| Stepping randomly (stuck).
  9012 | D:5      | 9012 ||| Stepping randomly (stuck).
  9014 | D:5      | 9014 ||| Stepping randomly (stuck).
  9016 | D:5      | 9016 ||| Stepping randomly (stuck).
  9018 | D:5      | 9018 ||| Stepping randomly (stuck).
  9020 | D:5      | 9020 ||| Stepping randomly (stuck).
  9022 | D:5      | 9022 ||| Stepping randomly (stuck).
  9024 | D:5      | 9024 ||| Stepping randomly (stuck).
  9026 | D:5      | 9026 ||| Stepping randomly (stuck).
  9028 | D:5      | 9028 ||| Stepping randomly (stuck).
  9030 | D:5      | 9030 ||| Stepping randomly (stuck).
  9032 | D:5      | 9032 ||| Stepping randomly (stuck).
  9034 | D:5      | 9034 ||| Stepping randomly (stuck).
  9036 | D:5      | 9036 ||| Stepping randomly (stuck).
  9038 | D:5      | 9038 ||| Stepping randomly (stuck).
  9040 | D:5      | 9040 ||| Stepping randomly (stuck).
  9042 | D:5      | 9042 ||| Stepping randomly (stuck).
  9044 | D:5      | 9044 ||| Stepping randomly (stuck).
  9046 | D:5      | 9046 ||| Stepping randomly (stuck).
  9048 | D:5      | 9048 ||| Stepping randomly (stuck).
  9050 | D:5      | 9050 ||| Stepping randomly (stuck).
  9052 | D:5      | 9052 ||| Stepping randomly (stuck).
  9054 | D:5      | 9054 ||| Stepping randomly (stuck).
  9056 | D:5      | 9056 ||| Stepping randomly (stuck).
  9058 | D:5      | 9058 ||| Stepping randomly (stuck).
  9060 | D:5      | 9060 ||| Stepping randomly (stuck).
  9062 | D:5      | 9062 ||| Stepping randomly (stuck).
  9064 | D:5      | 9064 ||| Stepping randomly (stuck).
  9066 | D:5      | 9066 ||| Stepping randomly (stuck).
  9068 | D:5      | 9068 ||| Stepping randomly (stuck).
  9070 | D:5      | 9070 ||| Stepping randomly (stuck).
  9072 | D:5      | 9072 ||| Stepping randomly (stuck).
  9074 | D:5      | 9074 ||| Stepping randomly (stuck).
  9076 | D:5      | 9076 ||| Stepping randomly (stuck).
  9078 | D:5      | 9078 ||| Stepping randomly (stuck).
  9080 | D:5      | 9080 ||| Stepping randomly (stuck).
  9082 | D:5      | 9082 ||| Stepping randomly (stuck).
  9084 | D:5      | 9084 ||| Stepping randomly (stuck).
  9086 | D:5      | 9086 ||| Stepping randomly (stuck).
  9088 | D:5      | 9088 ||| Stepping randomly (stuck).
  9090 | D:5      | 9090 ||| Stepping randomly (stuck).
  9092 | D:5      | 9092 ||| Stepping randomly (stuck).
  9094 | D:5      | 9094 ||| Stepping randomly (stuck).
  9096 | D:5      | 9096 ||| Stepping randomly (stuck).
  9098 | D:5      | 9098 ||| Stepping randomly (stuck).
  9100 | D:5      | 9100 ||| Stepping randomly (stuck).
  9102 | D:5      | 9102 ||| Stepping randomly (stuck).
  9104 | D:5      | 9104 ||| Stepping randomly (stuck).
  9106 | D:5      | 9106 ||| Stepping randomly (stuck).
  9108 | D:5      | 9108 ||| Stepping randomly (stuck).
  9110 | D:5      | 9110 ||| Stepping randomly (stuck).
  9112 | D:5      | 9112 ||| Stepping randomly (stuck).
  9114 | D:5      | 9114 ||| Stepping randomly (stuck).
  9116 | D:5      | 9116 ||| Stepping randomly (stuck).
  9118 | D:5      | 9118 ||| Stepping randomly (stuck).
  9120 | D:5      | 9120 ||| Stepping randomly (stuck).
  9122 | D:5      | 9122 ||| Stepping randomly (stuck).
  9124 | D:5      | 9124 ||| Stepping randomly (stuck).
  9126 | D:5      | 9126 ||| Stepping randomly (stuck).
  9128 | D:5      | 9128 ||| Stepping randomly (stuck).
  9130 | D:5      | 9130 ||| Stepping randomly (stuck).
  9132 | D:5      | 9132 ||| Stepping randomly (stuck).
  9134 | D:5      | 9134 ||| Stepping randomly (stuck).
  9136 | D:5      | 9136 ||| Stepping randomly (stuck).
  9138 | D:5      | 9138 ||| Stepping randomly (stuck).
  9140 | D:5      | 9140 ||| Stepping randomly (stuck).
  9142 | D:5      | 9142 ||| Stepping randomly (stuck).
  9144 | D:5      | 9144 ||| Stepping randomly (stuck).
  9146 | D:5      | 9146 ||| Stepping randomly (stuck).
  9148 | D:5      | 9148 ||| Stepping randomly (stuck).
  9150 | D:5      | 9150 ||| Stepping randomly (stuck).
  9152 | D:5      | 9152 ||| Stepping randomly (stuck).
  9154 | D:5      | 9154 ||| Stepping randomly (stuck).
  9156 | D:5      | 9156 ||| Stepping randomly (stuck).
  9158 | D:5      | 9158 ||| Stepping randomly (stuck).
  9160 | D:5      | 9160 ||| Stepping randomly (stuck).
  9162 | D:5      | 9162 ||| Stepping randomly (stuck).
  9164 | D:5      | 9164 ||| Stepping randomly (stuck).
  9166 | D:5      | 9166 ||| Stepping randomly (stuck).
  9168 | D:5      | 9168 ||| Stepping randomly (stuck).
  9170 | D:5      | 9170 ||| Stepping randomly (stuck).
  9172 | D:5      | 9172 ||| Stepping randomly (stuck).
  9174 | D:5      | 9174 ||| Stepping randomly (stuck).
  9176 | D:5      | 9176 ||| Stepping randomly (stuck).
  9178 | D:5      | 9178 ||| Stepping randomly (stuck).
  9180 | D:5      | 9180 ||| Stepping randomly (stuck).
  9182 | D:5      | 9182 ||| Stepping randomly (stuck).
  9184 | D:5      | 9184 ||| Stepping randomly (stuck).
  9186 | D:5      | 9186 ||| Stepping randomly (stuck).
  9188 | D:5      | 9188 ||| Stepping randomly (stuck).
  9190 | D:5      | 9190 ||| Stepping randomly (stuck).
  9192 | D:5      | 9192 ||| Stepping randomly (stuck).
  9194 | D:5      | 9194 ||| Stepping randomly (stuck).
  9196 | D:5      | 9196 ||| Stepping randomly (stuck).
  9198 | D:5      | 9198 ||| Stepping randomly (stuck).
  9200 | D:5      | 9200 ||| Stepping randomly (stuck).
  9202 | D:5      | 9202 ||| Stepping randomly (stuck).
  9204 | D:5      | 9204 ||| Stepping randomly (stuck).
  9206 | D:5      | 9206 ||| Stepping randomly (stuck).
  9208 | D:5      | 9208 ||| Stepping randomly (stuck).
  9210 | D:5      | 9210 ||| Stepping randomly (stuck).
  9212 | D:5      | 9212 ||| Stepping randomly (stuck).
  9214 | D:5      | 9214 ||| Stepping randomly (stuck).
  9216 | D:5      | 9216 ||| Stepping randomly (stuck).
  9218 | D:5      | 9218 ||| Stepping randomly (stuck).
  9220 | D:5      | 9220 ||| Stepping randomly (stuck).
  9222 | D:5      | 9222 ||| Stepping randomly (stuck).
  9224 | D:5      | 9224 ||| Stepping randomly (stuck).
  9226 | D:5      | 9226 ||| Stepping randomly (stuck).
  9228 | D:5      | 9228 ||| Stepping randomly (stuck).
  9230 | D:5      | 9230 ||| Stepping randomly (stuck).
  9232 | D:5      | 9232 ||| Stepping randomly (stuck).
  9234 | D:5      | 9234 ||| Stepping randomly (stuck).
  9236 | D:5      | 9236 ||| Stepping randomly (stuck).
  9238 | D:5      | 9238 ||| Stepping randomly (stuck).
  9240 | D:5      | 9240 ||| Stepping randomly (stuck).
  9242 | D:5      | 9242 ||| Stepping randomly (stuck).
  9244 | D:5      | 9244 ||| Stepping randomly (stuck).
  9246 | D:5      | 9246 ||| Stepping randomly (stuck).
  9248 | D:5      | 9248 ||| Stepping randomly (stuck).
  9250 | D:5      | 9250 ||| Stepping randomly (stuck).
  9252 | D:5      | 9252 ||| Stepping randomly (stuck).
  9254 | D:5      | 9254 ||| Stepping randomly (stuck).
  9256 | D:5      | 9256 ||| Stepping randomly (stuck).
  9258 | D:5      | 9258 ||| Stepping randomly (stuck).
  9260 | D:5      | 9260 ||| Stepping randomly (stuck).
  9262 | D:5      | 9262 ||| Stepping randomly (stuck).
  9264 | D:5      | 9264 ||| Stepping randomly (stuck).
  9266 | D:5      | 9266 ||| Stepping randomly (stuck).
  9268 | D:5      | 9268 ||| Stepping randomly (stuck).
  9270 | D:5      | 9270 ||| Stepping randomly (stuck).
  9272 | D:5      | 9272 ||| Stepping randomly (stuck).
  9274 | D:5      | 9274 ||| Stepping randomly (stuck).
  9276 | D:5      | 9276 ||| Stepping randomly (stuck).
  9278 | D:5      | 9278 ||| Stepping randomly (stuck).
  9280 | D:5      | 9280 ||| Stepping randomly (stuck).
  9282 | D:5      | 9282 ||| Stepping randomly (stuck).
  9284 | D:5      | 9284 ||| Stepping randomly (stuck).
  9286 | D:5      | 9286 ||| Stepping randomly (stuck).
  9288 | D:5      | 9288 ||| Stepping randomly (stuck).
  9290 | D:5      | 9290 ||| Stepping randomly (stuck).
  9292 | D:5      | 9292 ||| Stepping randomly (stuck).
  9294 | D:5      | 9294 ||| Stepping randomly (stuck).
  9296 | D:5      | 9296 ||| Stepping randomly (stuck).
  9298 | D:5      | 9298 ||| Stepping randomly (stuck).
  9300 | D:5      | 9300 ||| Stepping randomly (stuck).
  9302 | D:5      | 9302 ||| Stepping randomly (stuck).
  9304 | D:5      | 9304 ||| Stepping randomly (stuck).
  9306 | D:5      | 9306 ||| Stepping randomly (stuck).
  9308 | D:5      | 9308 ||| Stepping randomly (stuck).
  9310 | D:5      | 9310 ||| Stepping randomly (stuck).
  9312 | D:5      | 9312 ||| Stepping randomly (stuck).
  9314 | D:5      | 9314 ||| Stepping randomly (stuck).
  9316 | D:5      | 9316 ||| Stepping randomly (stuck).
  9318 | D:5      | 9318 ||| Stepping randomly (stuck).
  9320 | D:5      | 9320 ||| Stepping randomly (stuck).
  9322 | D:5      | 9322 ||| Stepping randomly (stuck).
  9324 | D:5      | 9324 ||| Stepping randomly (stuck).
  9326 | D:5      | 9326 ||| Stepping randomly (stuck).
  9328 | D:5      | 9328 ||| Stepping randomly (stuck).
  9330 | D:5      | 9330 ||| Stepping randomly (stuck).
  9332 | D:5      | 9332 ||| Stepping randomly (stuck).
  9334 | D:5      | 9334 ||| Stepping randomly (stuck).
  9336 | D:5      | 9336 ||| Stepping randomly (stuck).
  9338 | D:5      | 9338 ||| Stepping randomly (stuck).
  9340 | D:5      | 9340 ||| Stepping randomly (stuck).
  9342 | D:5      | 9342 ||| Stepping randomly (stuck).
  9344 | D:5      | 9344 ||| Stepping randomly (stuck).
  9346 | D:5      | 9346 ||| Stepping randomly (stuck).
  9348 | D:5      | 9348 ||| Stepping randomly (stuck).
  9350 | D:5      | 9350 ||| Stepping randomly (stuck).
  9352 | D:5      | 9352 ||| Stepping randomly (stuck).
  9354 | D:5      | 9354 ||| Stepping randomly (stuck).
  9356 | D:5      | 9356 ||| Stepping randomly (stuck).
  9358 | D:5      | 9358 ||| Stepping randomly (stuck).
  9360 | D:5      | 9360 ||| Stepping randomly (stuck).
  9362 | D:5      | 9362 ||| Stepping randomly (stuck).
  9364 | D:5      | 9364 ||| Stepping randomly (stuck).
  9366 | D:5      | 9366 ||| Stepping randomly (stuck).
  9368 | D:5      | 9368 ||| Stepping randomly (stuck).
  9370 | D:5      | 9370 ||| Stepping randomly (stuck).
  9372 | D:5      | 9372 ||| Stepping randomly (stuck).
  9374 | D:5      | 9374 ||| Stepping randomly (stuck).
  9376 | D:5      | 9376 ||| Stepping randomly (stuck).
  9378 | D:5      | 9378 ||| Stepping randomly (stuck).
  9380 | D:5      | 9380 ||| Stepping randomly (stuck).
  9382 | D:5      | 9382 ||| Stepping randomly (stuck).
  9384 | D:5      | 9384 ||| Stepping randomly (stuck).
  9386 | D:5      | 9386 ||| Stepping randomly (stuck).
  9388 | D:5      | 9388 ||| Stepping randomly (stuck).
  9390 | D:5      | 9390 ||| Stepping randomly (stuck).
  9392 | D:5      | 9392 ||| Stepping randomly (stuck).
  9394 | D:5      | 9394 ||| Stepping randomly (stuck).
  9396 | D:5      | 9396 ||| Stepping randomly (stuck).
  9398 | D:5      | 9398 ||| Stepping randomly (stuck).
  9400 | D:5      | 9400 ||| Stepping randomly (stuck).
  9402 | D:5      | 9402 ||| Stepping randomly (stuck).
  9404 | D:5      | 9404 ||| Stepping randomly (stuck).
  9406 | D:5      | 9406 ||| Stepping randomly (stuck).
  9408 | D:5      | 9408 ||| Stepping randomly (stuck).
  9410 | D:5      | 9410 ||| Stepping randomly (stuck).
  9412 | D:5      | 9412 ||| Stepping randomly (stuck).
  9414 | D:5      | 9414 ||| Stepping randomly (stuck).
  9416 | D:5      | 9416 ||| Stepping randomly (stuck).
  9418 | D:5      | 9418 ||| Stepping randomly (stuck).
  9420 | D:5      | 9420 ||| Stepping randomly (stuck).
  9422 | D:5      | 9422 ||| Stepping randomly (stuck).
  9424 | D:5      | 9424 ||| Stepping randomly (stuck).
  9426 | D:5      | 9426 ||| Stepping randomly (stuck).
  9428 | D:5      | 9428 ||| Stepping randomly (stuck).
  9430 | D:5      | 9430 ||| Stepping randomly (stuck).
  9432 | D:5      | 9432 ||| Stepping randomly (stuck).
  9434 | D:5      | 9434 ||| Stepping randomly (stuck).
  9436 | D:5      | 9436 ||| Stepping randomly (stuck).
  9438 | D:5      | 9438 ||| Stepping randomly (stuck).
  9440 | D:5      | 9440 ||| Stepping randomly (stuck).
  9442 | D:5      | 9442 ||| Stepping randomly (stuck).
  9444 | D:5      | 9444 ||| Stepping randomly (stuck).
  9446 | D:5      | 9446 ||| Stepping randomly (stuck).
  9448 | D:5      | 9448 ||| Stepping randomly (stuck).
  9450 | D:5      | 9450 ||| Stepping randomly (stuck).
  9452 | D:5      | 9452 ||| Stepping randomly (stuck).
  9454 | D:5      | 9454 ||| Stepping randomly (stuck).
  9456 | D:5      | 9456 ||| Stepping randomly (stuck).
  9458 | D:5      | 9458 ||| Stepping randomly (stuck).
  9460 | D:5      | 9460 ||| Stepping randomly (stuck).
  9462 | D:5      | 9462 ||| Stepping randomly (stuck).
  9464 | D:5      | 9464 ||| Stepping randomly (stuck).
  9466 | D:5      | 9466 ||| Stepping randomly (stuck).
  9468 | D:5      | 9468 ||| Stepping randomly (stuck).
  9470 | D:5      | 9470 ||| Stepping randomly (stuck).
  9472 | D:5      | 9472 ||| Stepping randomly (stuck).
  9474 | D:5      | 9474 ||| Stepping randomly (stuck).
  9476 | D:5      | 9476 ||| Stepping randomly (stuck).
  9478 | D:5      | 9478 ||| Stepping randomly (stuck).
  9480 | D:5      | 9480 ||| Stepping randomly (stuck).
  9482 | D:5      | 9482 ||| Stepping randomly (stuck).
  9484 | D:5      | 9484 ||| Stepping randomly (stuck).
  9486 | D:5      | 9486 ||| Stepping randomly (stuck).
  9488 | D:5      | 9488 ||| Stepping randomly (stuck).
  9490 | D:5      | 9490 ||| Stepping randomly (stuck).
  9492 | D:5      | 9492 ||| Stepping randomly (stuck).
  9494 | D:5      | 9494 ||| Stepping randomly (stuck).
  9496 | D:5      | 9496 ||| Stepping randomly (stuck).
  9498 | D:5      | 9498 ||| Stepping randomly (stuck).
  9500 | D:5      | 9500 ||| Stepping randomly (stuck).
  9502 | D:5      | 9502 ||| Stepping randomly (stuck).
  9504 | D:5      | 9504 ||| Stepping randomly (stuck).
  9506 | D:5      | 9506 ||| Stepping randomly (stuck).
  9508 | D:5      | 9508 ||| Stepping randomly (stuck).
  9510 | D:5      | 9510 ||| Stepping randomly (stuck).
  9512 | D:5      | 9512 ||| Stepping randomly (stuck).
  9514 | D:5      | 9514 ||| Stepping randomly (stuck).
  9516 | D:5      | 9516 ||| Stepping randomly (stuck).
  9518 | D:5      | 9518 ||| Stepping randomly (stuck).
  9520 | D:5      | 9520 ||| Stepping randomly (stuck).
  9522 | D:5      | 9522 ||| Stepping randomly (stuck).
  9524 | D:5      | 9524 ||| Stepping randomly (stuck).
  9526 | D:5      | 9526 ||| Stepping randomly (stuck).
  9528 | D:5      | 9528 ||| Stepping randomly (stuck).
  9530 | D:5      | 9530 ||| Stepping randomly (stuck).
  9532 | D:5      | 9532 ||| Stepping randomly (stuck).
  9534 | D:5      | 9534 ||| Stepping randomly (stuck).
  9536 | D:5      | 9536 ||| Stepping randomly (stuck).
  9538 | D:5      | 9538 ||| Stepping randomly (stuck).
  9540 | D:5      | 9540 ||| Stepping randomly (stuck).
  9542 | D:5      | 9542 ||| Stepping randomly (stuck).
  9544 | D:5      | 9544 ||| Stepping randomly (stuck).
  9546 | D:5      | 9546 ||| Stepping randomly (stuck).
  9548 | D:5      | 9548 ||| Stepping randomly (stuck).
  9550 | D:5      | 9550 ||| Stepping randomly (stuck).
  9552 | D:5      | 9552 ||| Stepping randomly (stuck).
  9554 | D:5      | 9554 ||| Stepping randomly (stuck).
  9556 | D:5      | 9556 ||| Stepping randomly (stuck).
  9558 | D:5      | 9558 ||| Stepping randomly (stuck).
  9560 | D:5      | 9560 ||| Stepping randomly (stuck).
  9562 | D:5      | 9562 ||| Stepping randomly (stuck).
  9564 | D:5      | 9564 ||| Stepping randomly (stuck).
  9566 | D:5      | 9566 ||| Stepping randomly (stuck).
  9568 | D:5      | 9568 ||| Stepping randomly (stuck).
  9570 | D:5      | 9570 ||| Stepping randomly (stuck).
  9572 | D:5      | 9572 ||| Stepping randomly (stuck).
  9574 | D:5      | 9574 ||| Stepping randomly (stuck).
  9576 | D:5      | 9576 ||| Stepping randomly (stuck).
  9578 | D:5      | 9578 ||| Stepping randomly (stuck).
  9580 | D:5      | 9580 ||| Stepping randomly (stuck).
  9582 | D:5      | 9582 ||| Stepping randomly (stuck).
  9584 | D:5      | 9584 ||| Stepping randomly (stuck).
  9586 | D:5      | 9586 ||| Stepping randomly (stuck).
  9588 | D:5      | 9588 ||| Stepping randomly (stuck).
  9590 | D:5      | 9590 ||| Stepping randomly (stuck).
  9592 | D:5      | 9592 ||| Stepping randomly (stuck).
  9594 | D:5      | 9594 ||| Stepping randomly (stuck).
  9596 | D:5      | 9596 ||| Stepping randomly (stuck).
  9598 | D:5      | 9598 ||| Stepping randomly (stuck).
  9600 | D:5      | 9600 ||| Stepping randomly (stuck).
  9602 | D:5      | 9602 ||| Stepping randomly (stuck).
  9604 | D:5      | 9604 ||| Stepping randomly (stuck).
  9606 | D:5      | 9606 ||| Stepping randomly (stuck).
  9608 | D:5      | 9608 ||| Stepping randomly (stuck).
  9610 | D:5      | 9610 ||| Stepping randomly (stuck).
  9612 | D:5      | 9612 ||| Stepping randomly (stuck).
  9614 | D:5      | 9614 ||| Stepping randomly (stuck).
  9616 | D:5      | 9616 ||| Stepping randomly (stuck).
  9618 | D:5      | 9618 ||| Stepping randomly (stuck).
  9620 | D:5      | 9620 ||| Stepping randomly (stuck).
  9622 | D:5      | 9622 ||| Stepping randomly (stuck).
  9624 | D:5      | 9624 ||| Stepping randomly (stuck).
  9626 | D:5      | 9626 ||| Stepping randomly (stuck).
  9628 | D:5      | 9628 ||| Stepping randomly (stuck).
  9630 | D:5      | 9630 ||| Stepping randomly (stuck).
  9632 | D:5      | 9632 ||| Stepping randomly (stuck).
  9634 | D:5      | 9634 ||| Stepping randomly (stuck).
  9636 | D:5      | 9636 ||| Stepping randomly (stuck).
  9638 | D:5      | 9638 ||| Stepping randomly (stuck).
  9640 | D:5      | 9640 ||| Stepping randomly (stuck).
  9642 | D:5      | 9642 ||| Stepping randomly (stuck).
  9644 | D:5      | 9644 ||| Stepping randomly (stuck).
  9646 | D:5      | 9646 ||| Stepping randomly (stuck).
  9648 | D:5      | 9648 ||| Stepping randomly (stuck).
  9650 | D:5      | 9650 ||| Stepping randomly (stuck).
  9652 | D:5      | 9652 ||| Stepping randomly (stuck).
  9654 | D:5      | 9654 ||| Stepping randomly (stuck).
  9656 | D:5      | 9656 ||| Stepping randomly (stuck).
  9658 | D:5      | 9658 ||| Stepping randomly (stuck).
  9660 | D:5      | 9660 ||| Stepping randomly (stuck).
  9662 | D:5      | 9662 ||| Stepping randomly (stuck).
  9664 | D:5      | 9664 ||| Stepping randomly (stuck).
  9666 | D:5      | 9666 ||| Stepping randomly (stuck).
  9668 | D:5      | 9668 ||| Stepping randomly (stuck).
  9670 | D:5      | 9670 ||| Stepping randomly (stuck).
  9672 | D:5      | 9672 ||| Stepping randomly (stuck).
  9674 | D:5      | 9674 ||| Stepping randomly (stuck).
  9676 | D:5      | 9676 ||| Stepping randomly (stuck).
  9678 | D:5      | 9678 ||| Stepping randomly (stuck).
  9680 | D:5      | 9680 ||| Stepping randomly (stuck).
  9682 | D:5      | 9682 ||| Stepping randomly (stuck).
  9684 | D:5      | 9684 ||| Stepping randomly (stuck).
  9686 | D:5      | 9686 ||| Stepping randomly (stuck).
  9688 | D:5      | 9688 ||| Stepping randomly (stuck).
  9690 | D:5      | 9690 ||| Stepping randomly (stuck).
  9692 | D:5      | 9692 ||| Stepping randomly (stuck).
  9694 | D:5      | 9694 ||| Stepping randomly (stuck).
  9696 | D:5      | 9696 ||| Stepping randomly (stuck).
  9698 | D:5      | 9698 ||| Stepping randomly (stuck).
  9700 | D:5      | 9700 ||| Stepping randomly (stuck).
  9702 | D:5      | 9702 ||| Stepping randomly (stuck).
  9704 | D:5      | 9704 ||| Stepping randomly (stuck).
  9706 | D:5      | 9706 ||| Stepping randomly (stuck).
  9708 | D:5      | 9708 ||| Stepping randomly (stuck).
  9710 | D:5      | 9710 ||| Stepping randomly (stuck).
  9712 | D:5      | 9712 ||| Stepping randomly (stuck).
  9714 | D:5      | 9714 ||| Stepping randomly (stuck).
  9716 | D:5      | 9716 ||| Stepping randomly (stuck).
  9718 | D:5      | 9718 ||| Stepping randomly (stuck).
  9720 | D:5      | 9720 ||| Stepping randomly (stuck).
  9722 | D:5      | 9722 ||| Stepping randomly (stuck).
  9724 | D:5      | 9724 ||| Stepping randomly (stuck).
  9726 | D:5      | 9726 ||| Stepping randomly (stuck).
  9728 | D:5      | 9728 ||| Stepping randomly (stuck).
  9730 | D:5      | 9730 ||| Stepping randomly (stuck).
  9732 | D:5      | 9732 ||| Stepping randomly (stuck).
  9734 | D:5      | 9734 ||| Stepping randomly (stuck).
  9736 | D:5      | 9736 ||| Stepping randomly (stuck).
  9738 | D:5      | 9738 ||| Stepping randomly (stuck).
  9740 | D:5      | 9740 ||| Stepping randomly (stuck).
  9742 | D:5      | 9742 ||| Stepping randomly (stuck).
  9744 | D:5      | 9744 ||| Stepping randomly (stuck).
  9746 | D:5      | 9746 ||| Stepping randomly (stuck).
  9748 | D:5      | 9748 ||| Stepping randomly (stuck).
  9750 | D:5      | 9750 ||| Stepping randomly (stuck).
  9752 | D:5      | 9752 ||| Stepping randomly (stuck).
  9754 | D:5      | 9754 ||| Stepping randomly (stuck).
  9756 | D:5      | 9756 ||| Stepping randomly (stuck).
  9758 | D:5      | 9758 ||| Stepping randomly (stuck).
  9760 | D:5      | 9760 ||| Stepping randomly (stuck).
  9762 | D:5      | 9762 ||| Stepping randomly (stuck).
  9764 | D:5      | 9764 ||| Stepping randomly (stuck).
  9766 | D:5      | 9766 ||| Stepping randomly (stuck).
  9768 | D:5      | 9768 ||| Stepping randomly (stuck).
  9770 | D:5      | 9770 ||| Stepping randomly (stuck).
  9772 | D:5      | 9772 ||| Stepping randomly (stuck).
  9774 | D:5      | 9774 ||| Stepping randomly (stuck).
  9776 | D:5      | 9776 ||| Stepping randomly (stuck).
  9778 | D:5      | 9778 ||| Stepping randomly (stuck).
  9780 | D:5      | 9780 ||| Stepping randomly (stuck).
  9782 | D:5      | 9782 ||| Stepping randomly (stuck).
  9784 | D:5      | 9784 ||| Stepping randomly (stuck).
  9786 | D:5      | 9786 ||| Stepping randomly (stuck).
  9788 | D:5      | 9788 ||| Stepping randomly (stuck).
  9790 | D:5      | 9790 ||| Stepping randomly (stuck).
  9792 | D:5      | 9792 ||| Stepping randomly (stuck).
  9794 | D:5      | 9794 ||| Stepping randomly (stuck).
  9796 | D:5      | 9796 ||| Stepping randomly (stuck).
  9798 | D:5      | 9798 ||| Stepping randomly (stuck).
  9800 | D:5      | 9800 ||| Stepping randomly (stuck).
  9802 | D:5      | 9802 ||| Stepping randomly (stuck).
  9804 | D:5      | 9804 ||| Stepping randomly (stuck).
  9806 | D:5      | 9806 ||| Stepping randomly (stuck).
  9808 | D:5      | 9808 ||| Stepping randomly (stuck).
  9810 | D:5      | 9810 ||| Stepping randomly (stuck).
  9812 | D:5      | 9812 ||| Stepping randomly (stuck).
  9814 | D:5      | 9814 ||| Stepping randomly (stuck).
  9816 | D:5      | 9816 ||| Stepping randomly (stuck).
  9818 | D:5      | 9818 ||| Stepping randomly (stuck).
  9820 | D:5      | 9820 ||| Stepping randomly (stuck).
  9822 | D:5      | 9822 ||| Stepping randomly (stuck).
  9824 | D:5      | 9824 ||| Stepping randomly (stuck).
  9826 | D:5      | 9826 ||| Stepping randomly (stuck).
  9828 | D:5      | 9828 ||| Stepping randomly (stuck).
  9830 | D:5      | 9830 ||| Stepping randomly (stuck).
  9832 | D:5      | 9832 ||| Stepping randomly (stuck).
  9834 | D:5      | 9834 ||| Stepping randomly (stuck).
  9836 | D:5      | 9836 ||| Stepping randomly (stuck).
  9838 | D:5      | 9838 ||| Stepping randomly (stuck).
  9840 | D:5      | 9840 ||| Stepping randomly (stuck).
  9842 | D:5      | 9842 ||| Stepping randomly (stuck).
  9844 | D:5      | 9844 ||| Stepping randomly (stuck).
  9846 | D:5      | 9846 ||| Stepping randomly (stuck).
  9848 | D:5      | 9848 ||| Stepping randomly (stuck).
  9850 | D:5      | 9850 ||| Stepping randomly (stuck).
  9852 | D:5      | 9852 ||| Stepping randomly (stuck).
  9854 | D:5      | 9854 ||| Stepping randomly (stuck).
  9856 | D:5      | 9856 ||| Stepping randomly (stuck).
  9858 | D:5      | 9858 ||| Stepping randomly (stuck).
  9860 | D:5      | 9860 ||| Stepping randomly (stuck).
  9862 | D:5      | 9862 ||| Stepping randomly (stuck).
  9864 | D:5      | 9864 ||| Stepping randomly (stuck).
  9866 | D:5      | 9866 ||| Stepping randomly (stuck).
  9868 | D:5      | 9868 ||| Stepping randomly (stuck).
  9870 | D:5      | 9870 ||| Stepping randomly (stuck).
  9872 | D:5      | 9872 ||| Stepping randomly (stuck).
  9874 | D:5      | 9874 ||| Stepping randomly (stuck).
  9876 | D:5      | 9876 ||| Stepping randomly (stuck).
  9878 | D:5      | 9878 ||| Stepping randomly (stuck).
  9880 | D:5      | 9880 ||| Stepping randomly (stuck).
  9882 | D:5      | 9882 ||| Stepping randomly (stuck).
  9884 | D:5      | 9884 ||| Stepping randomly (stuck).
  9886 | D:5      | 9886 ||| Stepping randomly (stuck).
  9888 | D:5      | 9888 ||| Stepping randomly (stuck).
  9890 | D:5      | 9890 ||| Stepping randomly (stuck).
  9892 | D:5      | 9892 ||| Stepping randomly (stuck).
  9894 | D:5      | 9894 ||| Stepping randomly (stuck).
  9896 | D:5      | 9896 ||| Stepping randomly (stuck).
  9898 | D:5      | 9898 ||| Stepping randomly (stuck).
  9900 | D:5      | 9900 ||| Stepping randomly (stuck).
  9902 | D:5      | 9902 ||| Stepping randomly (stuck).
  9904 | D:5      | 9904 ||| Stepping randomly (stuck).
  9906 | D:5      | 9906 ||| Stepping randomly (stuck).
  9908 | D:5      | 9908 ||| Stepping randomly (stuck).
  9910 | D:5      | 9910 ||| Stepping randomly (stuck).
  9912 | D:5      | 9912 ||| Stepping randomly (stuck).
  9914 | D:5      | 9914 ||| Stepping randomly (stuck).
  9916 | D:5      | 9916 ||| Stepping randomly (stuck).
  9918 | D:5      | 9918 ||| Stepping randomly (stuck).
  9920 | D:5      | 9920 ||| Stepping randomly (stuck).
  9922 | D:5      | 9922 ||| Stepping randomly (stuck).
  9924 | D:5      | 9924 ||| Stepping randomly (stuck).
  9926 | D:5      | 9926 ||| Stepping randomly (stuck).
  9928 | D:5      | 9928 ||| Stepping randomly (stuck).
  9930 | D:5      | 9930 ||| Stepping randomly (stuck).
  9932 | D:5      | 9932 ||| Stepping randomly (stuck).
  9934 | D:5      | 9934 ||| Stepping randomly (stuck).
  9936 | D:5      | 9936 ||| Stepping randomly (stuck).
  9938 | D:5      | 9938 ||| Stepping randomly (stuck).
  9940 | D:5      | 9940 ||| Stepping randomly (stuck).
  9942 | D:5      | 9942 ||| Stepping randomly (stuck).
  9944 | D:5      | 9944 ||| Stepping randomly (stuck).
  9946 | D:5      | 9946 ||| Stepping randomly (stuck).
  9948 | D:5      | 9948 ||| Stepping randomly (stuck).
  9950 | D:5      | 9950 ||| Stepping randomly (stuck).
  9952 | D:5      | 9952 ||| Stepping randomly (stuck).
  9954 | D:5      | 9954 ||| Stepping randomly (stuck).
  9956 | D:5      | 9956 ||| Stepping randomly (stuck).
  9958 | D:5      | 9958 ||| Stepping randomly (stuck).
  9960 | D:5      | 9960 ||| Stepping randomly (stuck).
  9962 | D:5      | 9962 ||| Stepping randomly (stuck).
  9964 | D:5      | 9964 ||| Stepping randomly (stuck).
  9966 | D:5      | 9966 ||| Stepping randomly (stuck).
  9968 | D:5      | 9968 ||| Stepping randomly (stuck).
  9970 | D:5      | 9970 ||| Stepping randomly (stuck).
  9972 | D:5      | 9972 ||| Stepping randomly (stuck).
  9974 | D:5      | 9974 ||| Stepping randomly (stuck).
  9976 | D:5      | 9976 ||| Stepping randomly (stuck).
  9978 | D:5      | 9978 ||| Stepping randomly (stuck).
  9980 | D:5      | 9980 ||| Stepping randomly (stuck).
  9982 | D:5      | 9982 ||| Stepping randomly (stuck).
  9984 | D:5      | 9984 ||| Stepping randomly (stuck).
  9986 | D:5      | 9986 ||| Stepping randomly (stuck).
  9988 | D:5      | 9988 ||| Stepping randomly (stuck).
  9990 | D:5      | 9990 ||| Stepping randomly (stuck).
  9992 | D:5      | 9992 ||| Stepping randomly (stuck).
  9994 | D:5      | 9994 ||| Stepping randomly (stuck).
  9996 | D:5      | 9996 ||| Stepping randomly (stuck).
  9998 | D:5      | 9998 ||| Stepping randomly (stuck).
 10000 | D:5      | 10000 ||| Stepping randomly (stuck).
 10002 | D:5      | 10002 ||| Stepping randomly (stuck).
 10004 | D:5      | 10004 ||| Stepping randomly (stuck).
 10006 | D:5      | 10006 ||| Stepping randomly (stuck).
 10008 | D:5      | 10008 ||| Stepping randomly (stuck).
 10010 | D:5      | 10010 ||| Stepping randomly (stuck).
 10012 | D:5      | 10012 ||| Stepping randomly (stuck).
 10014 | D:5      | 10014 ||| Stepping randomly (stuck).
 10016 | D:5      | 10016 ||| Stepping randomly (stuck).
 10018 | D:5      | 10018 ||| Stepping randomly (stuck).
 10020 | D:5      | 10020 ||| Stepping randomly (stuck).
 10022 | D:5      | 10022 ||| Stepping randomly (stuck).
 10024 | D:5      | 10024 ||| Stepping randomly (stuck).
 10026 | D:5      | 10026 ||| Stepping randomly (stuck).
 10028 | D:5      | 10028 ||| Stepping randomly (stuck).
 10030 | D:5      | 10030 ||| Stepping randomly (stuck).
 10032 | D:5      | 10032 ||| Stepping randomly (stuck).
 10034 | D:5      | 10034 ||| Stepping randomly (stuck).
 10036 | D:5      | 10036 ||| Stepping randomly (stuck).
 10038 | D:5      | 10038 ||| Stepping randomly (stuck).
 10040 | D:5      | 10040 ||| Stepping randomly (stuck).
 10042 | D:5      | 10042 ||| Stepping randomly (stuck).
 10044 | D:5      | 10044 ||| Stepping randomly (stuck).
 10046 | D:5      | 10046 ||| Stepping randomly (stuck).
 10048 | D:5      | 10048 ||| Stepping randomly (stuck).
 10050 | D:5      | 10050 ||| Stepping randomly (stuck).
 10052 | D:5      | 10052 ||| Stepping randomly (stuck).
 10054 | D:5      | 10054 ||| Stepping randomly (stuck).
 10056 | D:5      | 10056 ||| Stepping randomly (stuck).
 10058 | D:5      | 10058 ||| Stepping randomly (stuck).
 10060 | D:5      | 10060 ||| Stepping randomly (stuck).
 10062 | D:5      | 10062 ||| Stepping randomly (stuck).
 10064 | D:5      | 10064 ||| Stepping randomly (stuck).
 10066 | D:5      | 10066 ||| Stepping randomly (stuck).
 10068 | D:5      | 10068 ||| Stepping randomly (stuck).
 10070 | D:5      | 10070 ||| Stepping randomly (stuck).
 10072 | D:5      | 10072 ||| Stepping randomly (stuck).
 10074 | D:5      | 10074 ||| Stepping randomly (stuck).
 10076 | D:5      | 10076 ||| Stepping randomly (stuck).
 10078 | D:5      | 10078 ||| Stepping randomly (stuck).
 10080 | D:5      | 10080 ||| Stepping randomly (stuck).
 10082 | D:5      | 10082 ||| Stepping randomly (stuck).
 10084 | D:5      | 10084 ||| Stepping randomly (stuck).
 10086 | D:5      | 10086 ||| Stepping randomly (stuck).
 10088 | D:5      | 10088 ||| Stepping randomly (stuck).
 10090 | D:5      | 10090 ||| Stepping randomly (stuck).
 10092 | D:5      | 10092 ||| Stepping randomly (stuck).
 10094 | D:5      | 10094 ||| Stepping randomly (stuck).
 10096 | D:5      | 10096 ||| Stepping randomly (stuck).
 10098 | D:5      | 10098 ||| Stepping randomly (stuck).
 10100 | D:5      | 10100 ||| Stepping randomly (stuck).
 10102 | D:5      | 10102 ||| Stepping randomly (stuck).
 10104 | D:5      | 10104 ||| Stepping randomly (stuck).
 10106 | D:5      | 10106 ||| Stepping randomly (stuck).
 10108 | D:5      | 10108 ||| Stepping randomly (stuck).
 10110 | D:5      | 10110 ||| Stepping randomly (stuck).
 10112 | D:5      | 10112 ||| Stepping randomly (stuck).
 10114 | D:5      | 10114 ||| Stepping randomly (stuck).
 10116 | D:5      | 10116 ||| Stepping randomly (stuck).
 10118 | D:5      | 10118 ||| Stepping randomly (stuck).
 10120 | D:5      | 10120 ||| Stepping randomly (stuck).
 10122 | D:5      | 10122 ||| Stepping randomly (stuck).
 10124 | D:5      | 10124 ||| Stepping randomly (stuck).
 10126 | D:5      | 10126 ||| Stepping randomly (stuck).
 10128 | D:5      | 10128 ||| Stepping randomly (stuck).
 10130 | D:5      | 10130 ||| Stepping randomly (stuck).
 10132 | D:5      | 10132 ||| Stepping randomly (stuck).
 10134 | D:5      | 10134 ||| Stepping randomly (stuck).
 10136 | D:5      | 10136 ||| Stepping randomly (stuck).
 10138 | D:5      | 10138 ||| Stepping randomly (stuck).
 10140 | D:5      | 10140 ||| Stepping randomly (stuck).
 10142 | D:5      | 10142 ||| Stepping randomly (stuck).
 10144 | D:5      | 10144 ||| Stepping randomly (stuck).
 10146 | D:5      | 10146 ||| Stepping randomly (stuck).
 10148 | D:5      | 10148 ||| Stepping randomly (stuck).
 10150 | D:5      | 10150 ||| Stepping randomly (stuck).
 10152 | D:5      | 10152 ||| Stepping randomly (stuck).
 10154 | D:5      | 10154 ||| Stepping randomly (stuck).
 10156 | D:5      | 10156 ||| Stepping randomly (stuck).
 10158 | D:5      | 10158 ||| Stepping randomly (stuck).
 10160 | D:5      | 10160 ||| Stepping randomly (stuck).
 10162 | D:5      | 10162 ||| Stepping randomly (stuck).
 10164 | D:5      | 10164 ||| Stepping randomly (stuck).
 10166 | D:5      | 10166 ||| Stepping randomly (stuck).
 10168 | D:5      | 10168 ||| Stepping randomly (stuck).
 10170 | D:5      | 10170 ||| Stepping randomly (stuck).
 10172 | D:5      | 10172 ||| Stepping randomly (stuck).
 10174 | D:5      | 10174 ||| Stepping randomly (stuck).
 10176 | D:5      | 10176 ||| Stepping randomly (stuck).
 10178 | D:5      | 10178 ||| Stepping randomly (stuck).
 10180 | D:5      | 10180 ||| Stepping randomly (stuck).
 10182 | D:5      | 10182 ||| Stepping randomly (stuck).
 10184 | D:5      | 10184 ||| Stepping randomly (stuck).
 10186 | D:5      | 10186 ||| Stepping randomly (stuck).
 10188 | D:5      | 10188 ||| Stepping randomly (stuck).
 10190 | D:5      | 10190 ||| Stepping randomly (stuck).
 10192 | D:5      | 10192 ||| Stepping randomly (stuck).
 10194 | D:5      | 10194 ||| Stepping randomly (stuck).
 10196 | D:5      | 10196 ||| Stepping randomly (stuck).
 10198 | D:5      | 10198 ||| Stepping randomly (stuck).
 10200 | D:5      | 10200 ||| Stepping randomly (stuck).
 10202 | D:5      | 10202 ||| Stepping randomly (stuck).
 10204 | D:5      | 10204 ||| Stepping randomly (stuck).
 10206 | D:5      | 10206 ||| Stepping randomly (stuck).
 10208 | D:5      | 10208 ||| Stepping randomly (stuck).
 10210 | D:5      | 10210 ||| Stepping randomly (stuck).
 10212 | D:5      | 10212 ||| Stepping randomly (stuck).
 10214 | D:5      | 10214 ||| Stepping randomly (stuck).
 10216 | D:5      | 10216 ||| Stepping randomly (stuck).
 10218 | D:5      | 10218 ||| Stepping randomly (stuck).
 10220 | D:5      | 10220 ||| Stepping randomly (stuck).
 10222 | D:5      | 10222 ||| Stepping randomly (stuck).
 10224 | D:5      | 10224 ||| Stepping randomly (stuck).
 10226 | D:5      | 10226 ||| Stepping randomly (stuck).
 10228 | D:5      | 10228 ||| Stepping randomly (stuck).
 10230 | D:5      | 10230 ||| Stepping randomly (stuck).
 10232 | D:5      | 10232 ||| Stepping randomly (stuck).
 10234 | D:5      | 10234 ||| Stepping randomly (stuck).
 10236 | D:5      | 10236 ||| Stepping randomly (stuck).
 10238 | D:5      | 10238 ||| Stepping randomly (stuck).
 10240 | D:5      | 10240 ||| Stepping randomly (stuck).
 10242 | D:5      | 10242 ||| Stepping randomly (stuck).
 10244 | D:5      | 10244 ||| Stepping randomly (stuck).
 10246 | D:5      | 10246 ||| Stepping randomly (stuck).
 10248 | D:5      | 10248 ||| Stepping randomly (stuck).
 10250 | D:5      | 10250 ||| Stepping randomly (stuck).
 10252 | D:5      | 10252 ||| Stepping randomly (stuck).
 10254 | D:5      | 10254 ||| Stepping randomly (stuck).
 10256 | D:5      | 10256 ||| Stepping randomly (stuck).
 10258 | D:5      | 10258 ||| Stepping randomly (stuck).
 10260 | D:5      | 10260 ||| Stepping randomly (stuck).
 10262 | D:5      | 10262 ||| Stepping randomly (stuck).
 10264 | D:5      | 10264 ||| Stepping randomly (stuck).
 10266 | D:5      | 10266 ||| Stepping randomly (stuck).
 10268 | D:5      | 10268 ||| Stepping randomly (stuck).
 10270 | D:5      | 10270 ||| Stepping randomly (stuck).
 10272 | D:5      | 10272 ||| Stepping randomly (stuck).
 10274 | D:5      | 10274 ||| Stepping randomly (stuck).
 10276 | D:5      | 10276 ||| Stepping randomly (stuck).
 10278 | D:5      | 10278 ||| Stepping randomly (stuck).
 10280 | D:5      | 10280 ||| Stepping randomly (stuck).
 10282 | D:5      | 10282 ||| Stepping randomly (stuck).
 10284 | D:5      | 10284 ||| Stepping randomly (stuck).
 10286 | D:5      | 10286 ||| Stepping randomly (stuck).
 10288 | D:5      | 10288 ||| Stepping randomly (stuck).
 10290 | D:5      | 10290 ||| Stepping randomly (stuck).
 10292 | D:5      | 10292 ||| Stepping randomly (stuck).
 10294 | D:5      | 10294 ||| Stepping randomly (stuck).
 10296 | D:5      | 10296 ||| Stepping randomly (stuck).
 10298 | D:5      | 10298 ||| Stepping randomly (stuck).
 10300 | D:5      | 10300 ||| Stepping randomly (stuck).
 10302 | D:5      | 10302 ||| Stepping randomly (stuck).
 10304 | D:5      | 10304 ||| Stepping randomly (stuck).
 10306 | D:5      | 10306 ||| Stepping randomly (stuck).
 10308 | D:5      | 10308 ||| Stepping randomly (stuck).
 10310 | D:5      | 10310 ||| Stepping randomly (stuck).
 10312 | D:5      | 10312 ||| Stepping randomly (stuck).
 10314 | D:5      | 10314 ||| Stepping randomly (stuck).
 10316 | D:5      | 10316 ||| Stepping randomly (stuck).
 10318 | D:5      | 10318 ||| Stepping randomly (stuck).
 10320 | D:5      | 10320 ||| Stepping randomly (stuck).
 10322 | D:5      | 10322 ||| Stepping randomly (stuck).
 10324 | D:5      | 10324 ||| Stepping randomly (stuck).
 10326 | D:5      | 10326 ||| Stepping randomly (stuck).
 10328 | D:5      | 10328 ||| Stepping randomly (stuck).
 10330 | D:5      | 10330 ||| Stepping randomly (stuck).
 10332 | D:5      | 10332 ||| Stepping randomly (stuck).
 10334 | D:5      | 10334 ||| Stepping randomly (stuck).
 10336 | D:5      | 10336 ||| Stepping randomly (stuck).
 10338 | D:5      | 10338 ||| Stepping randomly (stuck).
 10340 | D:5      | 10340 ||| Stepping randomly (stuck).
 10342 | D:5      | 10342 ||| Stepping randomly (stuck).
 10344 | D:5      | 10344 ||| Stepping randomly (stuck).
 10346 | D:5      | 10346 ||| Stepping randomly (stuck).
 10348 | D:5      | 10348 ||| Stepping randomly (stuck).
 10350 | D:5      | 10350 ||| Stepping randomly (stuck).
 10352 | D:5      | 10352 ||| Stepping randomly (stuck).
 10354 | D:5      | 10354 ||| Stepping randomly (stuck).
 10356 | D:5      | 10356 ||| Stepping randomly (stuck).
 10358 | D:5      | 10358 ||| Stepping randomly (stuck).
 10360 | D:5      | 10360 ||| Stepping randomly (stuck).
 10362 | D:5      | 10362 ||| Stepping randomly (stuck).
 10364 | D:5      | 10364 ||| Stepping randomly (stuck).
 10366 | D:5      | 10366 ||| Stepping randomly (stuck).
 10368 | D:5      | 10368 ||| Stepping randomly (stuck).
 10370 | D:5      | 10370 ||| Stepping randomly (stuck).
 10372 | D:5      | 10372 ||| Stepping randomly (stuck).
 10374 | D:5      | 10374 ||| Stepping randomly (stuck).
 10376 | D:5      | 10376 ||| Stepping randomly (stuck).
 10378 | D:5      | 10378 ||| Stepping randomly (stuck).
 10380 | D:5      | 10380 ||| Stepping randomly (stuck).
 10382 | D:5      | 10382 ||| Stepping randomly (stuck).
 10384 | D:5      | 10384 ||| Stepping randomly (stuck).
 10386 | D:5      | 10386 ||| Stepping randomly (stuck).
 10388 | D:5      | 10388 ||| Stepping randomly (stuck).
 10390 | D:5      | 10390 ||| Stepping randomly (stuck).
 10392 | D:5      | 10392 ||| Stepping randomly (stuck).
 10394 | D:5      | 10394 ||| Stepping randomly (stuck).
 10396 | D:5      | 10396 ||| Stepping randomly (stuck).
 10398 | D:5      | 10398 ||| Stepping randomly (stuck).
 10400 | D:5      | 10400 ||| Stepping randomly (stuck).
 10402 | D:5      | 10402 ||| Stepping randomly (stuck).
 10404 | D:5      | 10404 ||| Stepping randomly (stuck).
 10406 | D:5      | 10406 ||| Stepping randomly (stuck).
 10408 | D:5      | 10408 ||| Stepping randomly (stuck).
 10410 | D:5      | 10410 ||| Stepping randomly (stuck).
 10412 | D:5      | 10412 ||| Stepping randomly (stuck).
 10414 | D:5      | 10414 ||| Stepping randomly (stuck).
 10416 | D:5      | 10416 ||| Stepping randomly (stuck).
 10418 | D:5      | 10418 ||| Stepping randomly (stuck).
 10420 | D:5      | 10420 ||| Stepping randomly (stuck).
 10422 | D:5      | 10422 ||| Stepping randomly (stuck).
 10424 | D:5      | 10424 ||| Stepping randomly (stuck).
 10426 | D:5      | 10426 ||| Stepping randomly (stuck).
 10428 | D:5      | 10428 ||| Stepping randomly (stuck).
 10430 | D:5      | 10430 ||| Stepping randomly (stuck).
 10432 | D:5      | 10432 ||| Stepping randomly (stuck).
 10434 | D:5      | 10434 ||| Stepping randomly (stuck).
 10436 | D:5      | 10436 ||| Stepping randomly (stuck).
 10438 | D:5      | 10438 ||| Stepping randomly (stuck).
 10440 | D:5      | 10440 ||| Stepping randomly (stuck).
 10442 | D:5      | 10442 ||| Stepping randomly (stuck).
 10444 | D:5      | 10444 ||| Stepping randomly (stuck).
 10446 | D:5      | 10446 ||| Stepping randomly (stuck).
 10448 | D:5      | 10448 ||| Stepping randomly (stuck).
 10450 | D:5      | 10450 ||| Stepping randomly (stuck).
 10452 | D:5      | 10452 ||| Stepping randomly (stuck).
 10454 | D:5      | 10454 ||| Stepping randomly (stuck).
 10456 | D:5      | 10456 ||| Stepping randomly (stuck).
 10458 | D:5      | 10458 ||| Stepping randomly (stuck).
 10460 | D:5      | 10460 ||| Stepping randomly (stuck).
 10462 | D:5      | 10462 ||| Stepping randomly (stuck).
 10464 | D:5      | 10464 ||| Stepping randomly (stuck).
 10466 | D:5      | 10466 ||| Stepping randomly (stuck).
 10468 | D:5      | 10468 ||| Stepping randomly (stuck).
 10470 | D:5      | 10470 ||| Stepping randomly (stuck).
 10472 | D:5      | 10472 ||| Stepping randomly (stuck).
 10474 | D:5      | 10474 ||| Stepping randomly (stuck).
 10476 | D:5      | 10476 ||| Stepping randomly (stuck).
 10478 | D:5      | 10478 ||| Stepping randomly (stuck).
 10480 | D:5      | 10480 ||| Stepping randomly (stuck).
 10482 | D:5      | 10482 ||| Stepping randomly (stuck).
 10484 | D:5      | 10484 ||| Stepping randomly (stuck).
 10486 | D:5      | 10486 ||| Stepping randomly (stuck).
 10488 | D:5      | 10488 ||| Stepping randomly (stuck).
 10490 | D:5      | 10490 ||| Stepping randomly (stuck).
 10492 | D:5      | 10492 ||| Stepping randomly (stuck).
 10494 | D:5      | 10494 ||| Stepping randomly (stuck).
 10496 | D:5      | 10496 ||| Stepping randomly (stuck).
 10498 | D:5      | 10498 ||| Stepping randomly (stuck).
 10500 | D:5      | 10500 ||| Stepping randomly (stuck).
 10502 | D:5      | 10502 ||| Stepping randomly (stuck).
 10504 | D:5      | 10504 ||| Stepping randomly (stuck).
 10506 | D:5      | 10506 ||| Stepping randomly (stuck).
 10508 | D:5      | 10508 ||| Stepping randomly (stuck).
 10510 | D:5      | 10510 ||| Stepping randomly (stuck).
 10512 | D:5      | 10512 ||| Stepping randomly (stuck).
 10514 | D:5      | 10514 ||| Stepping randomly (stuck).
 10516 | D:5      | 10516 ||| Stepping randomly (stuck).
 10518 | D:5      | 10518 ||| Stepping randomly (stuck).
 10520 | D:5      | 10520 ||| Stepping randomly (stuck).
 10522 | D:5      | 10522 ||| Stepping randomly (stuck).
 10524 | D:5      | 10524 ||| Stepping randomly (stuck).
 10526 | D:5      | 10526 ||| Stepping randomly (stuck).
 10528 | D:5      | 10528 ||| Stepping randomly (stuck).
 10530 | D:5      | 10530 ||| Stepping randomly (stuck).
 10532 | D:5      | 10532 ||| Stepping randomly (stuck).
 10534 | D:5      | 10534 ||| Stepping randomly (stuck).
 10536 | D:5      | 10536 ||| Stepping randomly (stuck).
 10538 | D:5      | 10538 ||| Stepping randomly (stuck).
 10540 | D:5      | 10540 ||| Stepping randomly (stuck).
 10542 | D:5      | 10542 ||| Stepping randomly (stuck).
 10544 | D:5      | 10544 ||| Stepping randomly (stuck).
 10546 | D:5      | 10546 ||| Stepping randomly (stuck).
 10548 | D:5      | 10548 ||| Stepping randomly (stuck).
 10550 | D:5      | 10550 ||| Stepping randomly (stuck).
 10552 | D:5      | 10552 ||| Stepping randomly (stuck).
 10554 | D:5      | 10554 ||| Stepping randomly (stuck).
 10556 | D:5      | 10556 ||| Stepping randomly (stuck).
 10558 | D:5      | 10558 ||| Stepping randomly (stuck).
 10560 | D:5      | 10560 ||| Stepping randomly (stuck).
 10562 | D:5      | 10562 ||| Stepping randomly (stuck).
 10564 | D:5      | 10564 ||| Stepping randomly (stuck).
 10566 | D:5      | 10566 ||| Stepping randomly (stuck).
 10568 | D:5      | 10568 ||| Stepping randomly (stuck).
 10570 | D:5      | 10570 ||| Stepping randomly (stuck).
 10572 | D:5      | 10572 ||| Stepping randomly (stuck).
 10574 | D:5      | 10574 ||| Stepping randomly (stuck).
 10576 | D:5      | 10576 ||| Stepping randomly (stuck).
 10578 | D:5      | 10578 ||| Stepping randomly (stuck).
 10580 | D:5      | 10580 ||| Stepping randomly (stuck).
 10582 | D:5      | 10582 ||| Stepping randomly (stuck).
 10584 | D:5      | 10584 ||| Stepping randomly (stuck).
 10586 | D:5      | 10586 ||| Stepping randomly (stuck).
 10588 | D:5      | 10588 ||| Stepping randomly (stuck).
 10590 | D:5      | 10590 ||| Stepping randomly (stuck).
 10592 | D:5      | 10592 ||| Stepping randomly (stuck).
 10594 | D:5      | 10594 ||| Stepping randomly (stuck).
 10596 | D:5      | 10596 ||| Stepping randomly (stuck).
 10598 | D:5      | 10598 ||| Stepping randomly (stuck).
 10600 | D:5      | 10600 ||| Stepping randomly (stuck).
 10602 | D:5      | 10602 ||| Stepping randomly (stuck).
 10604 | D:5      | 10604 ||| Stepping randomly (stuck).
 10606 | D:5      | 10606 ||| Stepping randomly (stuck).
 10608 | D:5      | 10608 ||| Stepping randomly (stuck).
 10610 | D:5      | 10610 ||| Stepping randomly (stuck).
 10612 | D:5      | 10612 ||| Stepping randomly (stuck).
 10614 | D:5      | 10614 ||| Stepping randomly (stuck).
 10616 | D:5      | 10616 ||| Stepping randomly (stuck).
 10618 | D:5      | 10618 ||| Stepping randomly (stuck).
 10620 | D:5      | 10620 ||| Stepping randomly (stuck).
 10622 | D:5      | 10622 ||| Stepping randomly (stuck).
 10624 | D:5      | 10624 ||| Stepping randomly (stuck).
 10626 | D:5      | 10626 ||| Stepping randomly (stuck).
 10628 | D:5      | 10628 ||| Stepping randomly (stuck).
 10630 | D:5      | 10630 ||| Stepping randomly (stuck).
 10632 | D:5      | 10632 ||| Stepping randomly (stuck).
 10634 | D:5      | 10634 ||| Stepping randomly (stuck).
 10636 | D:5      | 10636 ||| Stepping randomly (stuck).
 10638 | D:5      | 10638 ||| Stepping randomly (stuck).
 10640 | D:5      | 10640 ||| Stepping randomly (stuck).
 10642 | D:5      | 10642 ||| Stepping randomly (stuck).
 10644 | D:5      | 10644 ||| Stepping randomly (stuck).
 10646 | D:5      | 10646 ||| Stepping randomly (stuck).
 10648 | D:5      | 10648 ||| Stepping randomly (stuck).
 10650 | D:5      | 10650 ||| Stepping randomly (stuck).
 10652 | D:5      | 10652 ||| Stepping randomly (stuck).
 10654 | D:5      | 10654 ||| Stepping randomly (stuck).
 10656 | D:5      | 10656 ||| Stepping randomly (stuck).
 10658 | D:5      | 10658 ||| Stepping randomly (stuck).
 10660 | D:5      | 10660 ||| Stepping randomly (stuck).
 10662 | D:5      | 10662 ||| Stepping randomly (stuck).
 10664 | D:5      | 10664 ||| Stepping randomly (stuck).
 10666 | D:5      | 10666 ||| Stepping randomly (stuck).
 10668 | D:5      | 10668 ||| Stepping randomly (stuck).
 10670 | D:5      | 10670 ||| Stepping randomly (stuck).
 10672 | D:5      | 10672 ||| Stepping randomly (stuck).
 10674 | D:5      | 10674 ||| Stepping randomly (stuck).
 10676 | D:5      | 10676 ||| Stepping randomly (stuck).
 10678 | D:5      | 10678 ||| Stepping randomly (stuck).
 10680 | D:5      | 10680 ||| Stepping randomly (stuck).
 10682 | D:5      | 10682 ||| Stepping randomly (stuck).
 10684 | D:5      | 10684 ||| Stepping randomly (stuck).
 10686 | D:5      | 10686 ||| Stepping randomly (stuck).
 10688 | D:5      | 10688 ||| Stepping randomly (stuck).
 10690 | D:5      | 10690 ||| Stepping randomly (stuck).
 10692 | D:5      | 10692 ||| Stepping randomly (stuck).
 10694 | D:5      | 10694 ||| Stepping randomly (stuck).
 10696 | D:5      | 10696 ||| Stepping randomly (stuck).
 10698 | D:5      | 10698 ||| Stepping randomly (stuck).
 10700 | D:5      | 10700 ||| Stepping randomly (stuck).
 10702 | D:5      | 10702 ||| Stepping randomly (stuck).
 10704 | D:5      | 10704 ||| Stepping randomly (stuck).
 10706 | D:5      | 10706 ||| Stepping randomly (stuck).
 10708 | D:5      | 10708 ||| Stepping randomly (stuck).
 10710 | D:5      | 10710 ||| Stepping randomly (stuck).
 10712 | D:5      | 10712 ||| Stepping randomly (stuck).
 10714 | D:5      | 10714 ||| Stepping randomly (stuck).
 10716 | D:5      | 10716 ||| Stepping randomly (stuck).
 10718 | D:5      | 10718 ||| Stepping randomly (stuck).
 10720 | D:5      | 10720 ||| Stepping randomly (stuck).
 10722 | D:5      | 10722 ||| Stepping randomly (stuck).
 10724 | D:5      | 10724 ||| Stepping randomly (stuck).
 10726 | D:5      | 10726 ||| Stepping randomly (stuck).
 10728 | D:5      | 10728 ||| Stepping randomly (stuck).
 10730 | D:5      | 10730 ||| Stepping randomly (stuck).
 10732 | D:5      | 10732 ||| Stepping randomly (stuck).
 10734 | D:5      | 10734 ||| Stepping randomly (stuck).
 10736 | D:5      | 10736 ||| Stepping randomly (stuck).
 10738 | D:5      | 10738 ||| Stepping randomly (stuck).
 10740 | D:5      | 10740 ||| Stepping randomly (stuck).
 10742 | D:5      | 10742 ||| Stepping randomly (stuck).
 10744 | D:5      | 10744 ||| Stepping randomly (stuck).
 10746 | D:5      | 10746 ||| Stepping randomly (stuck).
 10748 | D:5      | 10748 ||| Stepping randomly (stuck).
 10750 | D:5      | 10750 ||| Stepping randomly (stuck).
 10752 | D:5      | 10752 ||| Stepping randomly (stuck).
 10754 | D:5      | 10754 ||| Stepping randomly (stuck).
 10756 | D:5      | 10756 ||| Stepping randomly (stuck).
 10758 | D:5      | 10758 ||| Stepping randomly (stuck).
 10760 | D:5      | 10760 ||| Stepping randomly (stuck).
 10762 | D:5      | 10762 ||| Stepping randomly (stuck).
 10764 | D:5      | 10764 ||| Stepping randomly (stuck).
 10766 | D:5      | 10766 ||| Stepping randomly (stuck).
 10768 | D:5      | 10768 ||| Stepping randomly (stuck).
 10770 | D:5      | 10770 ||| Stepping randomly (stuck).
 10772 | D:5      | 10772 ||| Stepping randomly (stuck).
 10774 | D:5      | 10774 ||| Stepping randomly (stuck).
 10776 | D:5      | 10776 ||| Stepping randomly (stuck).
 10778 | D:5      | 10778 ||| Stepping randomly (stuck).
 10780 | D:5      | 10780 ||| Stepping randomly (stuck).
 10782 | D:5      | 10782 ||| Stepping randomly (stuck).
 10784 | D:5      | 10784 ||| Stepping randomly (stuck).
 10786 | D:5      | 10786 ||| Stepping randomly (stuck).
 10788 | D:5      | 10788 ||| Stepping randomly (stuck).
 10790 | D:5      | 10790 ||| Stepping randomly (stuck).
 10792 | D:5      | 10792 ||| Stepping randomly (stuck).
 10794 | D:5      | 10794 ||| Stepping randomly (stuck).
 10796 | D:5      | 10796 ||| Stepping randomly (stuck).
 10798 | D:5      | 10798 ||| Stepping randomly (stuck).
 10800 | D:5      | 10800 ||| Stepping randomly (stuck).
 10802 | D:5      | 10802 ||| Stepping randomly (stuck).
 10804 | D:5      | 10804 ||| Stepping randomly (stuck).
 10806 | D:5      | 10806 ||| Stepping randomly (stuck).
 10808 | D:5      | 10808 ||| Stepping randomly (stuck).
 10810 | D:5      | 10810 ||| Stepping randomly (stuck).
 10812 | D:5      | 10812 ||| Stepping randomly (stuck).
 10814 | D:5      | 10814 ||| Stepping randomly (stuck).
 10816 | D:5      | 10816 ||| Stepping randomly (stuck).
 10818 | D:5      | 10818 ||| Stepping randomly (stuck).
 10820 | D:5      | 10820 ||| Stepping randomly (stuck).
 10822 | D:5      | 10822 ||| Stepping randomly (stuck).
 10824 | D:5      | 10824 ||| Stepping randomly (stuck).
 10826 | D:5      | 10826 ||| Stepping randomly (stuck).
 10828 | D:5      | 10828 ||| Stepping randomly (stuck).
 10830 | D:5      | 10830 ||| Stepping randomly (stuck).
 10832 | D:5      | 10832 ||| Stepping randomly (stuck).
 10834 | D:5      | 10834 ||| Stepping randomly (stuck).
 10836 | D:5      | 10836 ||| Stepping randomly (stuck).
 10838 | D:5      | 10838 ||| Stepping randomly (stuck).
 10840 | D:5      | 10840 ||| Stepping randomly (stuck).
 10842 | D:5      | 10842 ||| Stepping randomly (stuck).
 10844 | D:5      | 10844 ||| Stepping randomly (stuck).
 10846 | D:5      | 10846 ||| Stepping randomly (stuck).
 10848 | D:5      | 10848 ||| Stepping randomly (stuck).
 10850 | D:5      | 10850 ||| Stepping randomly (stuck).
 10852 | D:5      | 10852 ||| Stepping randomly (stuck).
 10854 | D:5      | 10854 ||| Stepping randomly (stuck).
 10856 | D:5      | 10856 ||| Stepping randomly (stuck).
 10858 | D:5      | 10858 ||| Stepping randomly (stuck).
 10860 | D:5      | 10860 ||| Stepping randomly (stuck).
 10862 | D:5      | 10862 ||| Stepping randomly (stuck).
 10864 | D:5      | 10864 ||| Stepping randomly (stuck).
 10866 | D:5      | 10866 ||| Stepping randomly (stuck).
 10868 | D:5      | 10868 ||| Stepping randomly (stuck).
 10870 | D:5      | 10870 ||| Stepping randomly (stuck).
 10872 | D:5      | 10872 ||| Stepping randomly (stuck).
 10874 | D:5      | 10874 ||| Stepping randomly (stuck).
 10876 | D:5      | 10876 ||| Stepping randomly (stuck).
 10878 | D:5      | 10878 ||| Stepping randomly (stuck).
 10880 | D:5      | 10880 ||| Stepping randomly (stuck).
 10882 | D:5      | 10882 ||| Stepping randomly (stuck).
 10884 | D:5      | 10884 ||| Stepping randomly (stuck).
 10886 | D:5      | 10886 ||| Stepping randomly (stuck).
 10888 | D:5      | 10888 ||| Stepping randomly (stuck).
 10890 | D:5      | 10890 ||| Stepping randomly (stuck).
 10892 | D:5      | 10892 ||| Stepping randomly (stuck).
 10894 | D:5      | 10894 ||| Stepping randomly (stuck).
 10896 | D:5      | 10896 ||| Stepping randomly (stuck).
 10898 | D:5      | 10898 ||| Stepping randomly (stuck).
 10900 | D:5      | 10900 ||| Stepping randomly (stuck).
 10902 | D:5      | 10902 ||| Stepping randomly (stuck).
 10904 | D:5      | 10904 ||| Stepping randomly (stuck).
 10906 | D:5      | 10906 ||| Stepping randomly (stuck).
 10908 | D:5      | 10908 ||| Stepping randomly (stuck).
 10910 | D:5      | 10910 ||| Stepping randomly (stuck).
 10912 | D:5      | 10912 ||| Stepping randomly (stuck).
 10914 | D:5      | 10914 ||| Stepping randomly (stuck).
 10916 | D:5      | 10916 ||| Stepping randomly (stuck).
 10918 | D:5      | 10918 ||| Stepping randomly (stuck).
 10920 | D:5      | 10920 ||| Stepping randomly (stuck).
 10922 | D:5      | 10922 ||| Stepping randomly (stuck).
 10924 | D:5      | 10924 ||| Stepping randomly (stuck).
 10926 | D:5      | 10926 ||| Stepping randomly (stuck).
 10928 | D:5      | 10928 ||| Stepping randomly (stuck).
 10930 | D:5      | 10930 ||| Stepping randomly (stuck).
 10932 | D:5      | 10932 ||| Stepping randomly (stuck).
 10934 | D:5      | 10934 ||| Stepping randomly (stuck).
 10936 | D:5      | 10936 ||| Stepping randomly (stuck).
 10938 | D:5      | 10938 ||| Stepping randomly (stuck).
 10940 | D:5      | 10940 ||| Stepping randomly (stuck).
 10942 | D:5      | 10942 ||| Stepping randomly (stuck).
 10944 | D:5      | 10944 ||| Stepping randomly (stuck).
 10946 | D:5      | 10946 ||| Stepping randomly (stuck).
 10948 | D:5      | 10948 ||| Stepping randomly (stuck).
 10950 | D:5      | 10950 ||| Stepping randomly (stuck).
 10952 | D:5      | 10952 ||| Stepping randomly (stuck).
 10954 | D:5      | 10954 ||| Stepping randomly (stuck).
 10956 | D:5      | 10956 ||| Stepping randomly (stuck).
 10958 | D:5      | 10958 ||| Stepping randomly (stuck).
 10960 | D:5      | 10960 ||| Stepping randomly (stuck).
 10962 | D:5      | 10962 ||| Stepping randomly (stuck).
 10964 | D:5      | 10964 ||| Stepping randomly (stuck).
 10966 | D:5      | 10966 ||| Stepping randomly (stuck).
 10968 | D:5      | 10968 ||| Stepping randomly (stuck).
 10970 | D:5      | 10970 ||| Stepping randomly (stuck).
 10972 | D:5      | 10972 ||| Stepping randomly (stuck).
 10974 | D:5      | 10974 ||| Stepping randomly (stuck).
 10976 | D:5      | 10976 ||| Stepping randomly (stuck).
 10978 | D:5      | 10978 ||| Stepping randomly (stuck).
 10980 | D:5      | 10980 ||| Stepping randomly (stuck).
 10982 | D:5      | 10982 ||| Stepping randomly (stuck).
 10984 | D:5      | 10984 ||| Stepping randomly (stuck).
 10986 | D:5      | 10986 ||| Stepping randomly (stuck).
 10988 | D:5      | 10988 ||| Stepping randomly (stuck).
 10990 | D:5      | 10990 ||| Stepping randomly (stuck).
 10992 | D:5      | 10992 ||| Stepping randomly (stuck).
 10994 | D:5      | 10994 ||| Stepping randomly (stuck).
 10996 | D:5      | 10996 ||| Stepping randomly (stuck).
 10998 | D:5      | 10998 ||| Stepping randomly (stuck).
 11000 | D:5      | 11000 ||| Stepping randomly (stuck).
 11002 | D:5      | 11002 ||| Stepping randomly (stuck).
 11004 | D:5      | 11004 ||| Stepping randomly (stuck).
 11006 | D:5      | 11006 ||| Stepping randomly (stuck).
 11008 | D:5      | 11008 ||| Stepping randomly (stuck).
 11010 | D:5      | 11010 ||| Stepping randomly (stuck).
 11012 | D:5      | 11012 ||| Stepping randomly (stuck).
 11014 | D:5      | 11014 ||| Stepping randomly (stuck).
 11016 | D:5      | 11016 ||| Stepping randomly (stuck).
 11018 | D:5      | 11018 ||| Stepping randomly (stuck).
 11020 | D:5      | 11020 ||| Stepping randomly (stuck).
 11022 | D:5      | 11022 ||| Stepping randomly (stuck).
 11024 | D:5      | 11024 ||| Stepping randomly (stuck).
 11026 | D:5      | 11026 ||| Stepping randomly (stuck).
 11028 | D:5      | 11028 ||| Stepping randomly (stuck).
 11030 | D:5      | 11030 ||| Stepping randomly (stuck).
 11032 | D:5      | 11032 ||| Stepping randomly (stuck).
 11034 | D:5      | 11034 ||| Stepping randomly (stuck).
 11036 | D:5      | 11036 ||| Stepping randomly (stuck).
 11038 | D:5      | 11038 ||| Stepping randomly (stuck).
 11040 | D:5      | 11040 ||| Stepping randomly (stuck).
 11042 | D:5      | 11042 ||| Stepping randomly (stuck).
 11044 | D:5      | 11044 ||| Stepping randomly (stuck).
 11046 | D:5      | 11046 ||| Stepping randomly (stuck).
 11048 | D:5      | 11048 ||| Stepping randomly (stuck).
 11050 | D:5      | 11050 ||| Stepping randomly (stuck).
 11052 | D:5      | 11052 ||| Stepping randomly (stuck).
 11054 | D:5      | 11054 ||| Stepping randomly (stuck).
 11056 | D:5      | 11056 ||| Stepping randomly (stuck).
 11058 | D:5      | 11058 ||| Stepping randomly (stuck).
 11060 | D:5      | 11060 ||| Stepping randomly (stuck).
 11062 | D:5      | 11062 ||| Stepping randomly (stuck).
 11064 | D:5      | 11064 ||| Stepping randomly (stuck).
 11066 | D:5      | 11066 ||| Stepping randomly (stuck).
 11068 | D:5      | 11068 ||| Stepping randomly (stuck).
 11070 | D:5      | 11070 ||| Stepping randomly (stuck).
 11072 | D:5      | 11072 ||| Stepping randomly (stuck).
 11074 | D:5      | 11074 ||| Stepping randomly (stuck).
 11076 | D:5      | 11076 ||| Stepping randomly (stuck).
 11078 | D:5      | 11078 ||| Stepping randomly (stuck).
 11080 | D:5      | 11080 ||| Stepping randomly (stuck).
 11082 | D:5      | 11082 ||| Stepping randomly (stuck).
 11084 | D:5      | 11084 ||| Stepping randomly (stuck).
 11086 | D:5      | 11086 ||| Stepping randomly (stuck).
 11088 | D:5      | 11088 ||| Stepping randomly (stuck).
 11090 | D:5      | 11090 ||| Stepping randomly (stuck).
 11092 | D:5      | 11092 ||| Stepping randomly (stuck).
 11094 | D:5      | 11094 ||| Stepping randomly (stuck).
 11096 | D:5      | 11096 ||| Stepping randomly (stuck).
 11098 | D:5      | 11098 ||| Stepping randomly (stuck).
 11100 | D:5      | 11100 ||| Stepping randomly (stuck).
 11102 | D:5      | 11102 ||| Stepping randomly (stuck).
 11104 | D:5      | 11104 ||| Stepping randomly (stuck).
 11106 | D:5      | 11106 ||| Stepping randomly (stuck).
 11108 | D:5      | 11108 ||| Stepping randomly (stuck).
 11110 | D:5      | 11110 ||| Stepping randomly (stuck).
 11112 | D:5      | 11112 ||| Stepping randomly (stuck).
 11114 | D:5      | 11114 ||| Stepping randomly (stuck).
 11116 | D:5      | 11116 ||| Stepping randomly (stuck).
 11118 | D:5      | 11118 ||| Stepping randomly (stuck).
 11120 | D:5      | 11120 ||| Stepping randomly (stuck).
 11122 | D:5      | 11122 ||| Stepping randomly (stuck).
 11124 | D:5      | 11124 ||| Stepping randomly (stuck).
 11126 | D:5      | 11126 ||| Stepping randomly (stuck).
 11128 | D:5      | 11128 ||| Stepping randomly (stuck).
 11130 | D:5      | 11130 ||| Stepping randomly (stuck).
 11132 | D:5      | 11132 ||| Stepping randomly (stuck).
 11134 | D:5      | 11134 ||| Stepping randomly (stuck).
 11136 | D:5      | 11136 ||| Stepping randomly (stuck).
 11138 | D:5      | 11138 ||| Stepping randomly (stuck).
 11140 | D:5      | 11140 ||| Stepping randomly (stuck).
 11142 | D:5      | 11142 ||| Stepping randomly (stuck).
 11144 | D:5      | 11144 ||| Stepping randomly (stuck).
 11146 | D:5      | 11146 ||| Stepping randomly (stuck).
 11148 | D:5      | 11148 ||| Stepping randomly (stuck).
 11150 | D:5      | 11150 ||| Stepping randomly (stuck).
 11152 | D:5      | 11152 ||| Stepping randomly (stuck).
 11154 | D:5      | 11154 ||| Stepping randomly (stuck).
 11156 | D:5      | 11156 ||| Stepping randomly (stuck).
 11158 | D:5      | 11158 ||| Stepping randomly (stuck).
 11160 | D:5      | 11160 ||| Stepping randomly (stuck).
 11162 | D:5      | 11162 ||| Stepping randomly (stuck).
 11164 | D:5      | 11164 ||| Stepping randomly (stuck).
 11166 | D:5      | 11166 ||| Stepping randomly (stuck).
 11168 | D:5      | 11168 ||| Stepping randomly (stuck).
 11170 | D:5      | 11170 ||| Stepping randomly (stuck).
 11172 | D:5      | 11172 ||| Stepping randomly (stuck).
 11174 | D:5      | 11174 ||| Stepping randomly (stuck).
 11176 | D:5      | 11176 ||| Stepping randomly (stuck).
 11178 | D:5      | 11178 ||| Stepping randomly (stuck).
 11180 | D:5      | 11180 ||| Stepping randomly (stuck).
 11182 | D:5      | 11182 ||| Stepping randomly (stuck).
 11184 | D:5      | 11184 ||| Stepping randomly (stuck).
 11186 | D:5      | 11186 ||| Stepping randomly (stuck).
 11188 | D:5      | 11188 ||| Stepping randomly (stuck).
 11190 | D:5      | 11190 ||| Stepping randomly (stuck).
 11192 | D:5      | 11192 ||| Stepping randomly (stuck).
 11194 | D:5      | 11194 ||| Stepping randomly (stuck).
 11196 | D:5      | 11196 ||| Stepping randomly (stuck).
 11198 | D:5      | 11198 ||| Stepping randomly (stuck).
 11200 | D:5      | 11200 ||| Stepping randomly (stuck).
 11202 | D:5      | 11202 ||| Stepping randomly (stuck).
 11204 | D:5      | 11204 ||| Stepping randomly (stuck).
 11206 | D:5      | 11206 ||| Stepping randomly (stuck).
 11208 | D:5      | 11208 ||| Stepping randomly (stuck).
 11210 | D:5      | 11210 ||| Stepping randomly (stuck).
 11212 | D:5      | 11212 ||| Stepping randomly (stuck).
 11214 | D:5      | 11214 ||| Stepping randomly (stuck).
 11216 | D:5      | 11216 ||| Stepping randomly (stuck).
 11218 | D:5      | 11218 ||| Stepping randomly (stuck).
 11220 | D:5      | 11220 ||| Stepping randomly (stuck).
 11222 | D:5      | 11222 ||| Stepping randomly (stuck).
 11224 | D:5      | 11224 ||| Stepping randomly (stuck).
 11226 | D:5      | 11226 ||| Stepping randomly (stuck).
 11228 | D:5      | 11228 ||| Stepping randomly (stuck).
 11230 | D:5      | 11230 ||| Stepping randomly (stuck).
 11232 | D:5      | 11232 ||| Stepping randomly (stuck).
 11234 | D:5      | 11234 ||| Stepping randomly (stuck).
 11236 | D:5      | 11236 ||| Stepping randomly (stuck).
 11238 | D:5      | 11238 ||| Stepping randomly (stuck).
 11240 | D:5      | 11240 ||| Stepping randomly (stuck).
 11242 | D:5      | 11242 ||| Stepping randomly (stuck).
 11244 | D:5      | 11244 ||| Stepping randomly (stuck).
 11246 | D:5      | 11246 ||| Stepping randomly (stuck).
 11248 | D:5      | 11248 ||| Stepping randomly (stuck).
 11250 | D:5      | 11250 ||| Stepping randomly (stuck).
 11252 | D:5      | 11252 ||| Stepping randomly (stuck).
 11254 | D:5      | 11254 ||| Stepping randomly (stuck).
 11256 | D:5      | 11256 ||| Stepping randomly (stuck).
 11258 | D:5      | 11258 ||| Stepping randomly (stuck).
 11260 | D:5      | 11260 ||| Stepping randomly (stuck).
 11262 | D:5      | 11262 ||| Stepping randomly (stuck).
 11264 | D:5      | 11264 ||| Stepping randomly (stuck).
 11266 | D:5      | 11266 ||| Stepping randomly (stuck).
 11268 | D:5      | 11268 ||| Stepping randomly (stuck).
 11270 | D:5      | 11270 ||| Stepping randomly (stuck).
 11272 | D:5      | 11272 ||| Stepping randomly (stuck).
 11274 | D:5      | 11274 ||| Stepping randomly (stuck).
 11276 | D:5      | 11276 ||| Stepping randomly (stuck).
 11278 | D:5      | 11278 ||| Stepping randomly (stuck).
 11280 | D:5      | 11280 ||| Stepping randomly (stuck).
 11282 | D:5      | 11282 ||| Stepping randomly (stuck).
 11284 | D:5      | 11284 ||| Stepping randomly (stuck).
 11286 | D:5      | 11286 ||| Stepping randomly (stuck).
 11288 | D:5      | 11288 ||| Stepping randomly (stuck).
 11290 | D:5      | 11290 ||| Stepping randomly (stuck).
 11292 | D:5      | 11292 ||| Stepping randomly (stuck).
 11294 | D:5      | 11294 ||| Stepping randomly (stuck).
 11296 | D:5      | 11296 ||| Stepping randomly (stuck).
 11298 | D:5      | 11298 ||| Stepping randomly (stuck).
 11300 | D:5      | 11300 ||| Stepping randomly (stuck).
 11302 | D:5      | 11302 ||| Stepping randomly (stuck).
 11304 | D:5      | 11304 ||| Stepping randomly (stuck).
 11306 | D:5      | 11306 ||| Stepping randomly (stuck).
 11308 | D:5      | 11308 ||| Stepping randomly (stuck).
 11310 | D:5      | 11310 ||| Stepping randomly (stuck).
 11312 | D:5      | 11312 ||| Stepping randomly (stuck).
 11314 | D:5      | 11314 ||| Stepping randomly (stuck).
 11316 | D:5      | 11316 ||| Stepping randomly (stuck).
 11318 | D:5      | 11318 ||| Stepping randomly (stuck).
 11320 | D:5      | 11320 ||| Stepping randomly (stuck).
 11322 | D:5      | 11322 ||| Stepping randomly (stuck).
 11324 | D:5      | 11324 ||| Stepping randomly (stuck).
 11326 | D:5      | 11326 ||| Stepping randomly (stuck).
 11328 | D:5      | 11328 ||| Stepping randomly (stuck).
 11330 | D:5      | 11330 ||| Stepping randomly (stuck).
 11332 | D:5      | 11332 ||| Stepping randomly (stuck).
 11334 | D:5      | 11334 ||| Stepping randomly (stuck).
 11336 | D:5      | 11336 ||| Stepping randomly (stuck).
 11338 | D:5      | 11338 ||| Stepping randomly (stuck).
 11340 | D:5      | 11340 ||| Stepping randomly (stuck).
 11342 | D:5      | 11342 ||| Stepping randomly (stuck).
 11344 | D:5      | 11344 ||| Stepping randomly (stuck).
 11346 | D:5      | 11346 ||| Stepping randomly (stuck).
 11348 | D:5      | 11348 ||| Stepping randomly (stuck).
 11350 | D:5      | 11350 ||| Stepping randomly (stuck).
 11352 | D:5      | 11352 ||| Stepping randomly (stuck).
 11354 | D:5      | 11354 ||| Stepping randomly (stuck).
 11356 | D:5      | 11356 ||| Stepping randomly (stuck).
 11358 | D:5      | 11358 ||| Stepping randomly (stuck).
 11360 | D:5      | 11360 ||| Stepping randomly (stuck).
 11362 | D:5      | 11362 ||| Stepping randomly (stuck).
 11364 | D:5      | 11364 ||| Stepping randomly (stuck).
 11366 | D:5      | 11366 ||| Stepping randomly (stuck).
 11368 | D:5      | 11368 ||| Stepping randomly (stuck).
 11370 | D:5      | 11370 ||| Stepping randomly (stuck).
 11372 | D:5      | 11372 ||| Stepping randomly (stuck).
 11374 | D:5      | 11374 ||| Stepping randomly (stuck).
 11376 | D:5      | 11376 ||| Stepping randomly (stuck).
 11378 | D:5      | 11378 ||| Stepping randomly (stuck).
 11380 | D:5      | 11380 ||| Stepping randomly (stuck).
 11382 | D:5      | 11382 ||| Stepping randomly (stuck).
 11384 | D:5      | 11384 ||| Stepping randomly (stuck).
 11386 | D:5      | 11386 ||| Stepping randomly (stuck).
 11388 | D:5      | 11388 ||| Stepping randomly (stuck).
 11390 | D:5      | 11390 ||| Stepping randomly (stuck).
 11392 | D:5      | 11392 ||| Stepping randomly (stuck).
 11394 | D:5      | 11394 ||| Stepping randomly (stuck).
 11396 | D:5      | 11396 ||| Stepping randomly (stuck).
 11398 | D:5      | 11398 ||| Stepping randomly (stuck).
 11400 | D:5      | 11400 ||| Stepping randomly (stuck).
 11402 | D:5      | 11402 ||| Stepping randomly (stuck).
 11404 | D:5      | 11404 ||| Stepping randomly (stuck).
 11406 | D:5      | 11406 ||| Stepping randomly (stuck).
 11408 | D:5      | 11408 ||| Stepping randomly (stuck).
 11410 | D:5      | 11410 ||| Stepping randomly (stuck).
 11412 | D:5      | 11412 ||| Stepping randomly (stuck).
 11414 | D:5      | 11414 ||| Stepping randomly (stuck).
 11416 | D:5      | 11416 ||| Stepping randomly (stuck).
 11418 | D:5      | 11418 ||| Stepping randomly (stuck).
 11420 | D:5      | 11420 ||| Stepping randomly (stuck).
 11422 | D:5      | 11422 ||| Stepping randomly (stuck).
 11424 | D:5      | 11424 ||| Stepping randomly (stuck).
 11426 | D:5      | 11426 ||| Stepping randomly (stuck).
 11428 | D:5      | 11428 ||| Stepping randomly (stuck).
 11430 | D:5      | 11430 ||| Stepping randomly (stuck).
 11432 | D:5      | 11432 ||| Stepping randomly (stuck).
 11434 | D:5      | 11434 ||| Stepping randomly (stuck).
 11436 | D:5      | 11436 ||| Stepping randomly (stuck).
 11438 | D:5      | 11438 ||| Stepping randomly (stuck).
 11440 | D:5      | 11440 ||| Stepping randomly (stuck).
 11442 | D:5      | 11442 ||| Stepping randomly (stuck).
 11444 | D:5      | 11444 ||| Stepping randomly (stuck).
 11446 | D:5      | 11446 ||| Stepping randomly (stuck).
 11448 | D:5      | 11448 ||| Stepping randomly (stuck).
 11450 | D:5      | 11450 ||| Stepping randomly (stuck).
 11452 | D:5      | 11452 ||| Stepping randomly (stuck).
 11454 | D:5      | 11454 ||| Stepping randomly (stuck).
 11456 | D:5      | 11456 ||| Stepping randomly (stuck).
 11458 | D:5      | 11458 ||| Stepping randomly (stuck).
 11460 | D:5      | 11460 ||| Stepping randomly (stuck).
 11462 | D:5      | 11462 ||| Stepping randomly (stuck).
 11464 | D:5      | 11464 ||| Stepping randomly (stuck).
 11466 | D:5      | 11466 ||| Stepping randomly (stuck).
 11468 | D:5      | 11468 ||| Stepping randomly (stuck).
 11470 | D:5      | 11470 ||| Stepping randomly (stuck).
 11472 | D:5      | 11472 ||| Stepping randomly (stuck).
 11474 | D:5      | 11474 ||| Stepping randomly (stuck).
 11476 | D:5      | 11476 ||| Stepping randomly (stuck).
 11478 | D:5      | 11478 ||| Stepping randomly (stuck).
 11480 | D:5      | 11480 ||| Stepping randomly (stuck).
 11482 | D:5      | 11482 ||| Stepping randomly (stuck).
 11484 | D:5      | 11484 ||| Stepping randomly (stuck).
 11486 | D:5      | 11486 ||| Stepping randomly (stuck).
 11488 | D:5      | 11488 ||| Stepping randomly (stuck).
 11490 | D:5      | 11490 ||| Stepping randomly (stuck).
 11492 | D:5      | 11492 ||| Stepping randomly (stuck).
 11494 | D:5      | 11494 ||| Stepping randomly (stuck).
 11496 | D:5      | 11496 ||| Stepping randomly (stuck).
 11498 | D:5      | 11498 ||| Stepping randomly (stuck).
 11500 | D:5      | 11500 ||| Stepping randomly (stuck).
 11502 | D:5      | 11502 ||| Stepping randomly (stuck).
 11504 | D:5      | 11504 ||| Stepping randomly (stuck).
 11506 | D:5      | 11506 ||| Stepping randomly (stuck).
 11508 | D:5      | 11508 ||| Stepping randomly (stuck).
 11510 | D:5      | 11510 ||| Stepping randomly (stuck).
 11512 | D:5      | 11512 ||| Stepping randomly (stuck).
 11514 | D:5      | 11514 ||| Stepping randomly (stuck).
 11516 | D:5      | 11516 ||| Stepping randomly (stuck).
 11518 | D:5      | 11518 ||| Stepping randomly (stuck).
 11520 | D:5      | 11520 ||| Stepping randomly (stuck).
 11522 | D:5      | 11522 ||| Stepping randomly (stuck).
 11524 | D:5      | 11524 ||| Stepping randomly (stuck).
 11526 | D:5      | 11526 ||| Stepping randomly (stuck).
 11528 | D:5      | 11528 ||| Stepping randomly (stuck).
 11530 | D:5      | 11530 ||| Stepping randomly (stuck).
 11532 | D:5      | 11532 ||| Stepping randomly (stuck).
 11534 | D:5      | 11534 ||| Stepping randomly (stuck).
 11536 | D:5      | 11536 ||| Stepping randomly (stuck).
 11538 | D:5      | 11538 ||| Stepping randomly (stuck).
 11540 | D:5      | 11540 ||| Stepping randomly (stuck).
 11542 | D:5      | 11542 ||| Stepping randomly (stuck).
 11544 | D:5      | 11544 ||| Stepping randomly (stuck).
 11546 | D:5      | 11546 ||| Stepping randomly (stuck).
 11548 | D:5      | 11548 ||| Stepping randomly (stuck).
 11550 | D:5      | 11550 ||| Stepping randomly (stuck).
 11552 | D:5      | 11552 ||| Stepping randomly (stuck).
 11554 | D:5      | 11554 ||| Stepping randomly (stuck).
 11556 | D:5      | 11556 ||| Stepping randomly (stuck).
 11558 | D:5      | 11558 ||| Stepping randomly (stuck).
 11560 | D:5      | 11560 ||| Stepping randomly (stuck).
 11562 | D:5      | 11562 ||| Stepping randomly (stuck).
 11564 | D:5      | 11564 ||| Stepping randomly (stuck).
 11566 | D:5      | 11566 ||| Stepping randomly (stuck).
 11568 | D:5      | 11568 ||| Stepping randomly (stuck).
 11570 | D:5      | 11570 ||| Stepping randomly (stuck).
 11572 | D:5      | 11572 ||| Stepping randomly (stuck).
 11574 | D:5      | 11574 ||| Stepping randomly (stuck).
 11576 | D:5      | 11576 ||| Stepping randomly (stuck).
 11578 | D:5      | 11578 ||| Stepping randomly (stuck).
 11580 | D:5      | 11580 ||| Stepping randomly (stuck).
 11582 | D:5      | 11582 ||| Stepping randomly (stuck).
 11584 | D:5      | 11584 ||| Stepping randomly (stuck).
 11586 | D:5      | 11586 ||| Stepping randomly (stuck).
 11588 | D:5      | 11588 ||| Stepping randomly (stuck).
 11590 | D:5      | 11590 ||| Stepping randomly (stuck).
 11592 | D:5      | 11592 ||| Stepping randomly (stuck).
 11594 | D:5      | 11594 ||| Stepping randomly (stuck).
 11596 | D:5      | 11596 ||| Stepping randomly (stuck).
 11598 | D:5      | 11598 ||| Stepping randomly (stuck).
 11600 | D:5      | 11600 ||| Stepping randomly (stuck).
 11602 | D:5      | 11602 ||| Stepping randomly (stuck).
 11604 | D:5      | 11604 ||| Stepping randomly (stuck).
 11606 | D:5      | 11606 ||| Stepping randomly (stuck).
 11608 | D:5      | 11608 ||| Stepping randomly (stuck).
 11610 | D:5      | 11610 ||| Stepping randomly (stuck).
 11612 | D:5      | 11612 ||| Stepping randomly (stuck).
 11614 | D:5      | 11614 ||| Stepping randomly (stuck).
 11616 | D:5      | 11616 ||| Stepping randomly (stuck).
 11618 | D:5      | 11618 ||| Stepping randomly (stuck).
 11620 | D:5      | 11620 ||| Stepping randomly (stuck).
 11622 | D:5      | 11622 ||| Stepping randomly (stuck).
 11624 | D:5      | 11624 ||| Stepping randomly (stuck).
 11626 | D:5      | 11626 ||| Stepping randomly (stuck).
 11628 | D:5      | 11628 ||| Stepping randomly (stuck).
 11630 | D:5      | 11630 ||| Stepping randomly (stuck).
 11632 | D:5      | 11632 ||| Stepping randomly (stuck).
 11634 | D:5      | 11634 ||| Stepping randomly (stuck).
 11636 | D:5      | 11636 ||| Stepping randomly (stuck).
 11638 | D:5      | 11638 ||| Stepping randomly (stuck).
 11640 | D:5      | 11640 ||| Stepping randomly (stuck).
 11642 | D:5      | 11642 ||| Stepping randomly (stuck).
 11644 | D:5      | 11644 ||| Stepping randomly (stuck).
 11646 | D:5      | 11646 ||| Stepping randomly (stuck).
 11648 | D:5      | 11648 ||| Stepping randomly (stuck).
 11650 | D:5      | 11650 ||| Stepping randomly (stuck).
 11652 | D:5      | 11652 ||| Stepping randomly (stuck).
 11654 | D:5      | 11654 ||| Stepping randomly (stuck).
 11656 | D:5      | 11656 ||| Stepping randomly (stuck).
 11658 | D:5      | 11658 ||| Stepping randomly (stuck).
 11660 | D:5      | 11660 ||| Stepping randomly (stuck).
 11662 | D:5      | 11662 ||| Stepping randomly (stuck).
 11664 | D:5      | 11664 ||| Stepping randomly (stuck).
 11666 | D:5      | 11666 ||| Stepping randomly (stuck).
 11668 | D:5      | 11668 ||| Stepping randomly (stuck).
 11670 | D:5      | 11670 ||| Stepping randomly (stuck).
 11672 | D:5      | 11672 ||| Stepping randomly (stuck).
 11674 | D:5      | 11674 ||| Stepping randomly (stuck).
 11676 | D:5      | 11676 ||| Stepping randomly (stuck).
 11678 | D:5      | 11678 ||| Stepping randomly (stuck).
 11680 | D:5      | 11680 ||| Stepping randomly (stuck).
 11682 | D:5      | 11682 ||| Stepping randomly (stuck).
 11684 | D:5      | 11684 ||| Stepping randomly (stuck).
 11686 | D:5      | 11686 ||| Stepping randomly (stuck).
 11688 | D:5      | 11688 ||| Stepping randomly (stuck).
 11690 | D:5      | 11690 ||| Stepping randomly (stuck).
 11692 | D:5      | 11692 ||| Stepping randomly (stuck).
 11694 | D:5      | 11694 ||| Stepping randomly (stuck).
 11696 | D:5      | 11696 ||| Stepping randomly (stuck).
 11698 | D:5      | 11698 ||| Stepping randomly (stuck).
 11700 | D:5      | 11700 ||| Stepping randomly (stuck).
 11702 | D:5      | 11702 ||| Stepping randomly (stuck).
 11704 | D:5      | 11704 ||| Stepping randomly (stuck).
 11706 | D:5      | 11706 ||| Stepping randomly (stuck).
 11708 | D:5      | 11708 ||| Stepping randomly (stuck).
 11710 | D:5      | 11710 ||| Stepping randomly (stuck).
 11712 | D:5      | 11712 ||| Stepping randomly (stuck).
 11714 | D:5      | 11714 ||| Stepping randomly (stuck).
 11716 | D:5      | 11716 ||| Stepping randomly (stuck).
 11718 | D:5      | 11718 ||| Stepping randomly (stuck).
 11720 | D:5      | 11720 ||| Stepping randomly (stuck).
 11722 | D:5      | 11722 ||| Stepping randomly (stuck).
 11724 | D:5      | 11724 ||| Stepping randomly (stuck).
 11726 | D:5      | 11726 ||| Stepping randomly (stuck).
 11728 | D:5      | 11728 ||| Stepping randomly (stuck).
 11730 | D:5      | 11730 ||| Stepping randomly (stuck).
 11732 | D:5      | 11732 ||| Stepping randomly (stuck).
 11734 | D:5      | 11734 ||| Stepping randomly (stuck).
 11736 | D:5      | 11736 ||| Stepping randomly (stuck).
 11738 | D:5      | 11738 ||| Stepping randomly (stuck).
 11740 | D:5      | 11740 ||| Stepping randomly (stuck).
 11742 | D:5      | 11742 ||| Stepping randomly (stuck).
 11744 | D:5      | 11744 ||| Stepping randomly (stuck).
 11746 | D:5      | 11746 ||| Stepping randomly (stuck).
 11748 | D:5      | 11748 ||| Stepping randomly (stuck).
 11750 | D:5      | 11750 ||| Stepping randomly (stuck).
 11752 | D:5      | 11752 ||| Stepping randomly (stuck).
 11754 | D:5      | 11754 ||| Stepping randomly (stuck).
 11756 | D:5      | 11756 ||| Stepping randomly (stuck).
 11758 | D:5      | 11758 ||| Stepping randomly (stuck).
 11760 | D:5      | 11760 ||| Stepping randomly (stuck).
 11762 | D:5      | 11762 ||| Stepping randomly (stuck).
 11764 | D:5      | 11764 ||| Stepping randomly (stuck).
 11766 | D:5      | 11766 ||| Stepping randomly (stuck).
 11768 | D:5      | 11768 ||| Stepping randomly (stuck).
 11770 | D:5      | 11770 ||| Stepping randomly (stuck).
 11772 | D:5      | 11772 ||| Stepping randomly (stuck).
 11774 | D:5      | 11774 ||| Stepping randomly (stuck).
 11776 | D:5      | 11776 ||| Stepping randomly (stuck).
 11778 | D:5      | 11778 ||| Stepping randomly (stuck).
 11780 | D:5      | 11780 ||| Stepping randomly (stuck).
 11782 | D:5      | 11782 ||| Stepping randomly (stuck).
 11784 | D:5      | 11784 ||| Stepping randomly (stuck).
 11786 | D:5      | 11786 ||| Stepping randomly (stuck).
 11788 | D:5      | 11788 ||| Stepping randomly (stuck).
 11790 | D:5      | 11790 ||| Stepping randomly (stuck).
 11792 | D:5      | 11792 ||| Stepping randomly (stuck).
 11794 | D:5      | 11794 ||| Stepping randomly (stuck).
 11796 | D:5      | 11796 ||| Stepping randomly (stuck).
 11798 | D:5      | 11798 ||| Stepping randomly (stuck).
 11800 | D:5      | 11800 ||| Stepping randomly (stuck).
 11802 | D:5      | 11802 ||| Stepping randomly (stuck).
 11804 | D:5      | 11804 ||| Stepping randomly (stuck).
 11806 | D:5      | 11806 ||| Stepping randomly (stuck).
 11808 | D:5      | 11808 ||| Stepping randomly (stuck).
 11810 | D:5      | 11810 ||| Stepping randomly (stuck).
 11812 | D:5      | 11812 ||| Stepping randomly (stuck).
 11814 | D:5      | 11814 ||| Stepping randomly (stuck).
 11816 | D:5      | 11816 ||| Stepping randomly (stuck).
 11818 | D:5      | 11818 ||| Stepping randomly (stuck).
 11820 | D:5      | 11820 ||| Stepping randomly (stuck).
 11822 | D:5      | 11822 ||| Stepping randomly (stuck).
 11824 | D:5      | 11824 ||| Stepping randomly (stuck).
 11826 | D:5      | 11826 ||| Stepping randomly (stuck).
 11828 | D:5      | 11828 ||| Stepping randomly (stuck).
 11830 | D:5      | 11830 ||| Stepping randomly (stuck).
 11832 | D:5      | 11832 ||| Stepping randomly (stuck).
 11834 | D:5      | 11834 ||| Stepping randomly (stuck).
 11836 | D:5      | 11836 ||| Stepping randomly (stuck).
 11838 | D:5      | 11838 ||| Stepping randomly (stuck).
 11840 | D:5      | 11840 ||| Stepping randomly (stuck).
 11842 | D:5      | 11842 ||| Stepping randomly (stuck).
 11844 | D:5      | 11844 ||| Stepping randomly (stuck).
 11846 | D:5      | 11846 ||| Stepping randomly (stuck).
 11848 | D:5      | 11848 ||| Stepping randomly (stuck).
 11850 | D:5      | 11850 ||| Stepping randomly (stuck).
 11852 | D:5      | 11852 ||| Stepping randomly (stuck).
 11854 | D:5      | 11854 ||| Stepping randomly (stuck).
 11856 | D:5      | 11856 ||| Stepping randomly (stuck).
 11858 | D:5      | 11858 ||| Stepping randomly (stuck).
 11860 | D:5      | 11860 ||| Stepping randomly (stuck).
 11862 | D:5      | 11862 ||| Stepping randomly (stuck).
 11864 | D:5      | 11864 ||| Stepping randomly (stuck).
 11866 | D:5      | 11866 ||| Stepping randomly (stuck).
 11868 | D:5      | 11868 ||| Stepping randomly (stuck).
 11870 | D:5      | 11870 ||| Stepping randomly (stuck).
 11872 | D:5      | 11872 ||| Stepping randomly (stuck).
 11874 | D:5      | 11874 ||| Stepping randomly (stuck).
 11876 | D:5      | 11876 ||| Stepping randomly (stuck).
 11878 | D:5      | 11878 ||| Stepping randomly (stuck).
 11880 | D:5      | 11880 ||| Stepping randomly (stuck).
 11882 | D:5      | 11882 ||| Stepping randomly (stuck).
 11884 | D:5      | 11884 ||| Stepping randomly (stuck).
 11886 | D:5      | 11886 ||| Stepping randomly (stuck).
 11888 | D:5      | 11888 ||| Stepping randomly (stuck).
 11890 | D:5      | 11890 ||| Stepping randomly (stuck).
 11892 | D:5      | 11892 ||| Stepping randomly (stuck).
 11894 | D:5      | 11894 ||| Stepping randomly (stuck).
 11896 | D:5      | 11896 ||| Stepping randomly (stuck).
 11898 | D:5      | 11898 ||| Stepping randomly (stuck).
 11900 | D:5      | 11900 ||| Stepping randomly (stuck).
 11902 | D:5      | 11902 ||| Stepping randomly (stuck).
 11904 | D:5      | 11904 ||| Stepping randomly (stuck).
 11906 | D:5      | 11906 ||| Stepping randomly (stuck).
 11908 | D:5      | 11908 ||| Stepping randomly (stuck).
 11910 | D:5      | 11910 ||| Stepping randomly (stuck).
 11912 | D:5      | 11912 ||| Stepping randomly (stuck).
 11914 | D:5      | 11914 ||| Stepping randomly (stuck).
 11916 | D:5      | 11916 ||| Stepping randomly (stuck).
 11918 | D:5      | 11918 ||| Stepping randomly (stuck).
 11920 | D:5      | 11920 ||| Stepping randomly (stuck).
 11922 | D:5      | 11922 ||| Stepping randomly (stuck).
 11924 | D:5      | 11924 ||| Stepping randomly (stuck).
 11926 | D:5      | 11926 ||| Stepping randomly (stuck).
 11928 | D:5      | 11928 ||| Stepping randomly (stuck).
 11930 | D:5      | 11930 ||| Stepping randomly (stuck).
 11932 | D:5      | 11932 ||| Stepping randomly (stuck).
 11934 | D:5      | 11934 ||| Stepping randomly (stuck).
 11936 | D:5      | 11936 ||| Stepping randomly (stuck).
 11938 | D:5      | 11938 ||| Stepping randomly (stuck).
 11940 | D:5      | 11940 ||| Stepping randomly (stuck).
 11942 | D:5      | 11942 ||| Stepping randomly (stuck).
 11944 | D:5      | 11944 ||| Stepping randomly (stuck).
 11946 | D:5      | 11946 ||| Stepping randomly (stuck).
 11948 | D:5      | 11948 ||| Stepping randomly (stuck).
 11950 | D:5      | 11950 ||| Stepping randomly (stuck).
 11952 | D:5      | 11952 ||| Stepping randomly (stuck).
 11954 | D:5      | 11954 ||| Stepping randomly (stuck).
 11956 | D:5      | 11956 ||| Stepping randomly (stuck).
 11958 | D:5      | 11958 ||| Stepping randomly (stuck).
 11960 | D:5      | 11960 ||| Stepping randomly (stuck).
 11962 | D:5      | 11962 ||| Stepping randomly (stuck).
 11964 | D:5      | 11964 ||| Stepping randomly (stuck).
 11966 | D:5      | 11966 ||| Stepping randomly (stuck).
 11968 | D:5      | 11968 ||| Stepping randomly (stuck).
 11970 | D:5      | 11970 ||| Stepping randomly (stuck).
 11972 | D:5      | 11972 ||| Stepping randomly (stuck).
 11974 | D:5      | 11974 ||| Stepping randomly (stuck).
 11976 | D:5      | 11976 ||| Stepping randomly (stuck).
 11978 | D:5      | 11978 ||| Stepping randomly (stuck).
 11980 | D:5      | 11980 ||| Stepping randomly (stuck).
 11982 | D:5      | 11982 ||| Stepping randomly (stuck).
 11984 | D:5      | 11984 ||| Stepping randomly (stuck).
 11986 | D:5      | 11986 ||| Stepping randomly (stuck).
 11988 | D:5      | 11988 ||| Stepping randomly (stuck).
 11990 | D:5      | 11990 ||| Stepping randomly (stuck).
 11992 | D:5      | 11992 ||| Stepping randomly (stuck).
 11994 | D:5      | 11994 ||| Stepping randomly (stuck).
 11996 | D:5      | 11996 ||| Stepping randomly (stuck).
 11998 | D:5      | 11998 ||| Stepping randomly (stuck).
 12000 | D:5      | 12000 ||| Stepping randomly (stuck).
 12002 | D:5      | 12002 ||| Stepping randomly (stuck).
 12004 | D:5      | 12004 ||| Stepping randomly (stuck).
 12006 | D:5      | 12006 ||| Stepping randomly (stuck).
 12008 | D:5      | 12008 ||| Stepping randomly (stuck).
 12010 | D:5      | 12010 ||| Stepping randomly (stuck).
 12012 | D:5      | 12012 ||| Stepping randomly (stuck).
 12014 | D:5      | 12014 ||| Stepping randomly (stuck).
 12016 | D:5      | 12016 ||| Stepping randomly (stuck).
 12018 | D:5      | 12018 ||| Stepping randomly (stuck).
 12020 | D:5      | 12020 ||| Stepping randomly (stuck).
 12022 | D:5      | 12022 ||| Stepping randomly (stuck).
 12024 | D:5      | 12024 ||| Stepping randomly (stuck).
 12026 | D:5      | 12026 ||| Stepping randomly (stuck).
 12028 | D:5      | 12028 ||| Stepping randomly (stuck).
 12030 | D:5      | 12030 ||| Stepping randomly (stuck).
 12032 | D:5      | 12032 ||| Stepping randomly (stuck).
 12034 | D:5      | 12034 ||| Stepping randomly (stuck).
 12036 | D:5      | 12036 ||| Stepping randomly (stuck).
 12038 | D:5      | 12038 ||| Stepping randomly (stuck).
 12040 | D:5      | 12040 ||| Stepping randomly (stuck).
 12042 | D:5      | 12042 ||| Stepping randomly (stuck).
 12044 | D:5      | 12044 ||| Stepping randomly (stuck).
 12046 | D:5      | 12046 ||| Stepping randomly (stuck).
 12048 | D:5      | 12048 ||| Stepping randomly (stuck).
 12050 | D:5      | 12050 ||| Stepping randomly (stuck).
 12052 | D:5      | 12052 ||| Stepping randomly (stuck).
 12054 | D:5      | 12054 ||| Stepping randomly (stuck).
 12056 | D:5      | 12056 ||| Stepping randomly (stuck).
 12058 | D:5      | 12058 ||| Stepping randomly (stuck).
 12060 | D:5      | 12060 ||| Stepping randomly (stuck).
 12062 | D:5      | 12062 ||| Stepping randomly (stuck).
 12064 | D:5      | 12064 ||| Stepping randomly (stuck).
 12066 | D:5      | 12066 ||| Stepping randomly (stuck).
 12068 | D:5      | 12068 ||| Stepping randomly (stuck).
 12070 | D:5      | 12070 ||| Stepping randomly (stuck).
 12072 | D:5      | 12072 ||| Stepping randomly (stuck).
 12074 | D:5      | 12074 ||| Stepping randomly (stuck).
 12076 | D:5      | 12076 ||| Stepping randomly (stuck).
 12078 | D:5      | 12078 ||| Stepping randomly (stuck).
 12080 | D:5      | 12080 ||| Stepping randomly (stuck).
 12082 | D:5      | 12082 ||| Stepping randomly (stuck).
 12084 | D:5      | 12084 ||| Stepping randomly (stuck).
 12086 | D:5      | 12086 ||| Stepping randomly (stuck).
 12088 | D:5      | 12088 ||| Stepping randomly (stuck).
 12090 | D:5      | 12090 ||| Stepping randomly (stuck).
 12092 | D:5      | 12092 ||| Stepping randomly (stuck).
 12094 | D:5      | 12094 ||| Stepping randomly (stuck).
 12096 | D:5      | 12096 ||| Stepping randomly (stuck).
 12098 | D:5      | 12098 ||| Stepping randomly (stuck).
 12100 | D:5      | 12100 ||| Stepping randomly (stuck).
 12102 | D:5      | 12102 ||| Stepping randomly (stuck).
 12104 | D:5      | 12104 ||| Stepping randomly (stuck).
 12106 | D:5      | 12106 ||| Stepping randomly (stuck).
 12108 | D:5      | 12108 ||| Stepping randomly (stuck).
 12110 | D:5      | 12110 ||| Stepping randomly (stuck).
 12112 | D:5      | 12112 ||| Stepping randomly (stuck).
 12114 | D:5      | 12114 ||| Stepping randomly (stuck).
 12116 | D:5      | 12116 ||| Stepping randomly (stuck).
 12118 | D:5      | 12118 ||| Stepping randomly (stuck).
 12120 | D:5      | 12120 ||| Stepping randomly (stuck).
 12122 | D:5      | 12122 ||| Stepping randomly (stuck).
 12124 | D:5      | 12124 ||| Stepping randomly (stuck).
 12126 | D:5      | 12126 ||| Stepping randomly (stuck).
 12128 | D:5      | 12128 ||| Stepping randomly (stuck).
 12130 | D:5      | 12130 ||| Stepping randomly (stuck).
 12132 | D:5      | 12132 ||| Stepping randomly (stuck).
 12134 | D:5      | 12134 ||| Stepping randomly (stuck).
 12136 | D:5      | 12136 ||| Stepping randomly (stuck).
 12138 | D:5      | 12138 ||| Stepping randomly (stuck).
 12140 | D:5      | 12140 ||| Stepping randomly (stuck).
 12142 | D:5      | 12142 ||| Stepping randomly (stuck).
 12144 | D:5      | 12144 ||| Stepping randomly (stuck).
 12146 | D:5      | 12146 ||| Stepping randomly (stuck).
 12148 | D:5      | 12148 ||| Stepping randomly (stuck).
 12150 | D:5      | 12150 ||| Stepping randomly (stuck).
 12152 | D:5      | 12152 ||| Stepping randomly (stuck).
 12154 | D:5      | 12154 ||| Stepping randomly (stuck).
 12156 | D:5      | 12156 ||| Stepping randomly (stuck).
 12158 | D:5      | 12158 ||| Stepping randomly (stuck).
 12160 | D:5      | 12160 ||| Stepping randomly (stuck).
 12161 | D:5      | Fell from the grace of Okawaru
 12162 | D:5      | 12162 ||| RIP SEWER
 12162 | D:5      | 12162 ||| QUITTING!
 12162 | D:5      | Quit the game

Levels and vault maps discovered:
D:1:      lemuel_arrival_rhombus, layout_basic, serial_shops, shop,
          minmay_domino_4
D:2:      layout_loops_corners, nicolae_elevator_lobby_plus
D:3:      layout_loops_ring, chequers_ecumenical_altar_simple_redux
D:4:      layout_loops_corners, chequers_temple_overflow_statue_of_worship,
          minmay_temple_entry_wispy, minmay_small_thing
D:5:      layout_basic, gup_sewer_entry_spiral, due_unseen_surprise
Temple:   mainiacjoe_temple_cubbyholes

Skill      XL: |  1  2  3  4  5  6  7  8 |
---------------+-------------------------+-----
Ranged Weapons | 3 4 5 6 7 9 |  9.0
Fighting       | 2 4 5 |  5.0
Armour         | 1 2 |  2.0
Dodging        | 3 |  3.0
Spellcasting   | |  1.0
Hexes          | |  2.0
Invocations    | |  0.1

Action                     |  1- 3 |  4- 6 |  7- 9 || total
---------------------------+-------+-------+-------++-------
   Fire: Sling             |    73 |    20 |       ||    93
         Shortbow          |       |    85 |    97 ||   182
 Invoke: Heroism           |       |       |     1 ||     1
    Use: Scroll            |     6 |     7 |     4 ||    17
         Potion            |       |     2 |       ||     2
 Armour: Robe              |     4 |       |       ||     4
         Ring mail         |     3 |     7 |    10 ||    20
  Dodge: Dodged            |    31 |    20 |    24 ||    75

Table legend:
 A = Non-vault XP
 B = Vault XP
 C = Vault XP percentage of total XP
 D = Non-vault monster count
 E = Vault monster count
 F = Vault count percentage of total count
                 A         B        C        D         E       F
            +---------+---------+-------+---------+---------+-------
      Total |    1232 |     293 |  19.2 |      82 |      11 |  11.8
            +---------+---------+-------+---------+---------+-------
        D:1 |      28 |       4 |  12.5 |      17 |       2 |  10.5
        D:2 |      99 |       0 |   0.0 |      13 |       0 |   0.0
        D:3 |     113 |       0 |   0.0 |      17 |       0 |   0.0
        D:4 |     587 |     265 |  31.1 |      23 |       2 |   8.0
        D:5 |     405 |      24 |   5.6 |      12 |       7 |  36.8
            +---------+---------+-------+---------+---------+-------
